Workbook
Name agricola: Reactivos!$B:$C
Name dani: #REF!
Name EURO: 'LP Elementos'!$B$15
Name TRM: 'LP Elementos'!$B$14

Sheet Reactivos
A1: Ítem | B1: Descripción técnica | C1: Marca | D1: Presentación | E1: 1.03 | F1: Información 2018 | H1: Información 2019 | J1: Información 2020 | L1: PROMEDIO 2018 - 2020 + IPC | N1: Quimicos y Reactivos S.A.S | T1: ARC ANÁLISIS | Z1: LMV S.A.S | AF1: DISPROQUILAB LIMITADA | AL1: Elementos Quimicos | AR1: Clinicos Isla S.A.S | AX1: LABBRANDS | BD1: QUIMIOLAB | BJ1: DISTRIBUIDORA Y COMERCIALIZADORA DIZAR LTDA | BP1: SANITAS S.A.S | BV1: AVANTIKA COLOMBIA SAS | CB1: Inversiones Jimsa Ltda | CH1: MYC LAB S.A.S | CN1: INSOLAB | CT1: QUIMITRÓNICA | CZ1: Purificación y Análisis PAF | FH1: SUMA TOTAL | FI1: Cantidad de cotizaciones | FJ1: PROMEDIO
E2: Cantidad TOTAL | F2: Valor unitario con IVA | G2: ADJUDICACIÓN VR. UNIT. | H2: Valor unitario promedio | I2: ADJUDICACIÓN VR. UNIT. | J2: Valor unitario con IVA | K2: ADJUDICACIÓN VR. UNIT. | L2: Valor unitario con IVA | M2: ADJUDICACIÓN VR. UNIT. | N2: Vlr. Unitario Sin IVA | O2: IVA | P2: Valor unitario con IVA | Q2: Presentación | R2: Marca | S2: Observaciones | T2: Vlr. Unitario Sin IVA | U2: IVA | V2: Valor unitario con IVA | W2: Presentación | X2: Marca | Y2: Observaciones | Z2: Vlr. Unitario Sin IVA | AA2: IVA | AB2: Valor unitario con IVA | AC2: Presentación | AD2: Marca | AE2: Observaciones | AF2: Vlr. Unitario Sin IVA | AG2: IVA | AH2: Valor unitario con IVA | AI2: Presentación | AJ2: Marca | AK2: Observaciones | AL2: Vlr. Unitario Sin IVA | AM2: IVA | AN2: Valor unitario con IVA | AO2: Presentación | AP2: Marca | AQ2: Observaciones | AR2: Vlr. Unitario Sin IVA | AS2: IVA | AT2: Valor unitario con IVA | AU2: Presentación | AV2: Marca | AW2: Observaciones | AX2: Vlr. Unitario Sin IVA | AY2: IVA | AZ2: Valor unitario con IVA | BA2: Presentación | BB2: Marca | BC2: Observaciones | BD2: Vlr. Unitario Sin IVA | BE2: IVA | BF2: Valor unitario con IVA | BG2: Presentación | BH2: Marca | BI2: Observaciones | BJ2: Vlr. Unitario Sin IVA | BK2: IVA | BL2: Valor unitario con IVA | BM2: Presentación | BN2: Marca | BO2: Observaciones | BP2: Vlr. Unitario Sin IVA | BQ2: IVA | BR2: Valor unitario con IVA | BS2: Presentación | BT2: Marca | BU2: Observaciones | BV2: Vlr. Unitario Sin IVA | BW2: IVA | BX2: Valor unitario con IVA | BY2: Presentación | BZ2: Marca | CA2: Observaciones | CB2: Vlr. Unitario Sin IVA | CC2: IVA | CD2: Valor unitario con IVA | CE2: Presentación | CF2: Marca | CG2: Observaciones | CH2: Vlr. Unitario Sin IVA | CI2: IVA | CJ2: Valor unitario con IVA | CK2: Presentación | CL2: Marca | CM2: Observaciones | CN2: Vlr. Unitario Sin IVA | CO2: IVA | CP2: Valor unitario con IVA | CQ2: Presentación | CR2: Marca | CS2: Observaciones | CT2: Vlr. Unitario Sin IVA | CU2: IVA | CV2: Valor unitario con IVA | CW2: Presentación | CX2: Marca | CY2: Observaciones | CZ2: Vlr. Unitario Sin IVA | DA2: IVA | DB2: Valor unitario con IVA | DC2: Presentación | DD2: Marca | DE2: Observaciones | DF2: Vlr. Unitario Sin IVA | DG2: IVA | DH2: Valor unitario con IVA | DI2: Presentación | DJ2: Marca | DK2: Observaciones | DL2: Vlr. Unitario Sin IVA | DM2: IVA | DN2: Valor unitario con IVA | DO2: Presentación | DP2: Marca | DQ2: Observaciones | DR2: Vlr. Unitario Sin IVA | DS2: IVA | DT2: Valor unitario con IVA | DU2: Presentación | DV2: Marca | DW2: Observaciones | DX2: Vlr. Unitario Sin IVA | DY2: IVA | DZ2: Valor unitario con IVA | EA2: Presentación | EB2: Marca | EC2: Observaciones | ED2: Vlr. Unitario Sin IVA | EE2: IVA | EF2: Valor unitario con IVA | EG2: Presentación | EH2: Marca | EI2: Observaciones | EJ2: Vlr. Unitario Sin IVA | EK2: IVA | EL2: Valor unitario con IVA | EM2: Presentación | EN2: Marca | EO2: Observaciones | EP2: Vlr. Unitario Sin IVA | EQ2: IVA | ER2: Valor unitario con IVA | ES2: Presentación | ET2: Marca | EU2: Observaciones | EV2: Vlr. Unitario Sin IVA | EW2: IVA | EX2: Valor unitario con IVA | EY2: Presentación | EZ2: Marca | FA2: Observaciones | FB2: Vlr. Unitario Sin IVA | FC2: IVA | FD2: Valor unitario con IVA | FE2: Presentación | FF2: Marca | FG2: Observaciones
A3: =#REF! -> #REF! | B3: =#REF! -> #REF! | C3: =#REF! -> #REF! | D3: =#REF! -> #REF! | E3: 1 | F3: 148298.1 | G3: 148274 | H3: 174809.95 | I3: 0 | J3: 225477.23 | K3: 195160 | L3: =AVERAGE(F3,H3,J3) -> 182861.76 | M3: =AVERAGE(G3,K3)*1.03 -> 176868.51 | AR3: 345600 | AS3: =+AR3*0.19 -> 65664 | AT3: =+AR3+AS3 -> 411264 | AU3: Frasco x 25g | AV3: Santa Cruz Biotechnology | BV3: 394800 | BW3: =BV3*19% -> 75012 | BX3: =+BV3+BW3 -> 469812 | BY3: frasco x 2 gr | BZ3: SIGMA | CH3: 402696 | CI3: =+CH3*0.19 -> 76512.24 | CJ3: =+CH3+CI3 -> 479208.24 | CK3: frasco x 2 gr | CL3: SIGMA | CT3: 117500 | CU3: 22325 | CV3: =+CT3+CU3 -> 139825 | FH3: =SUM(M3,P3,V3,AB3,AH3,AN3,AT3,AZ3,BF3,BL3,BR3,BX3,CD3,CJ3,CP3,CV3,DB3,DH3,DN3,DT3,DZ3,EF3,EL3,ER3,EX3,FD3) -> 1676977.8 | FI3: =COUNTA(M3,N3,T3,Z3,AF3,AL3,AR3,AX3,BD3,BJ3,BP3,BV3,CB3,CH3,CN3,CT3,CZ3,DF3,DL3,DR3,DX3,ED3,EJ3,EP3,EV3,FB3) -> 5 | FJ3: =IFERROR(FH3/FI3," ") -> 335395.55
A4: =#REF! -> #REF! | B4: =#REF! -> #REF! | C4: =#REF! -> #REF! | D4: =#REF! -> #REF! | E4: 1 | F4: 0 | G4: 0 | H4: 0 | I4: 0 | J4: 514080 | K4: 0 | L4: =J4 -> 514080 | BV4: 5019000 | BW4: =BV4*19% -> 953610 | BX4: =+BV4+BW4 -> 5972610 | BY4: frasco x 25und | BZ4: SIGMA | CI4: =+CH4*0.19 -> 0 | CJ4: =+CH4+CI4 -> 0 | CT4: 2688750 | CU4: 510862.5 | CV4: =+CT4+CU4 -> 3199612.5 | FH4: =SUM(M4,P4,V4,AB4,AH4,AN4,AT4,AZ4,BF4,BL4,BR4,BX4,CD4,CJ4,CP4,CV4,DB4,DH4,DN4,DT4,DZ4,EF4,EL4,ER4,EX4,FD4) -> 9172222.5 | FI4: =COUNTA(M4,N4,T4,Z4,AF4,AL4,AR4,AX4,BD4,BJ4,BP4,BV4,CB4,CH4,CN4,CT4,CZ4,DF4,DL4,DR4,DX4,ED4,EJ4,EP4,EV4,FB4) -> 2 | FJ4: =IFERROR(FH4/FI4," ") -> 4586111.2
A5: =#REF! -> #REF! | B5: =#REF! -> #REF! | C5: =#REF! -> #REF! | D5: =#REF! -> #REF! | E5: 1 | F5: 205513 | G5: 202419 | H5: 292987.37 | I5: 0 | J5: 406149.97 | K5: 0 | L5: =AVERAGE(F5,H5,J5) -> 301550.11 | M5: =G5*1.03 -> 208491.57 | AF5: 250000 | AG5: =AF5*19% -> 47500 | AH5: =+AF5+AG5 -> 297500 | AR5: 504000 | AS5: =+AR5*0.19 -> 95760 | AT5: =+AR5+AS5 -> 599760 | AU5: Frasco x 100 ml | AV5: Santa Cruz Biotechnology | BV5: 311100 | BW5: =BV5*19% -> 59109 | BX5: =+BV5+BW5 -> 370209 | BY5: frasco x 250 ml | BZ5: ENTHOS | CB5: 365000 | CC5: =+CB5*19% -> 69350 | CD5: =+CC5+CB5 -> 434350 | CH5: 329766 | CI5: =+CH5*0.19 -> 62655.54 | CJ5: =+CH5+CI5 -> 392421.54 | CK5: frasco x 250 ml | CL5: ENTHOS | FH5: =SUM(M5,P5,V5,AB5,AH5,AN5,AT5,AZ5,BF5,BL5,BR5,BX5,CD5,CJ5,CP5,CV5,DB5,DH5,DN5,DT5,DZ5,EF5,EL5,ER5,EX5,FD5) -> 2302732.1 | FI5: =COUNTA(M5,N5,T5,Z5,AF5,AL5,AR5,AX5,BD5,BJ5,BP5,BV5,CB5,CH5,CN5,CT5,CZ5,DF5,DL5,DR5,DX5,ED5,EJ5,EP5,EV5,FB5) -> 6 | FJ5: =IFERROR(FH5/FI5," ") -> 383788.68
A6: =#REF! -> #REF! | B6: =#REF! -> #REF! | C6: =#REF! -> #REF! | D6: =#REF! -> #REF! | E6: 1 | F6: 173504.38 | G6: 37485 | H6: 105576.91 | I6: 80325 | J6: 111045.19 | K6: 114716 | L6: =AVERAGE(F6,H6,J6) -> 130042.16 | M6: =AVERAGE(G6,I6,K6)*1.03 -> 79833.927 | N6: 100500 | O6: =+N6*0.19 -> 19095 | P6: =+N6+O6 -> 119595 | Q6: Frasco x 100 ml. | R6: CARLO ERBA | AF6: 120000 | AG6: =AF6*19% -> 22800 | AH6: =+AF6+AG6 -> 142800 | AL6: 124000 | AM6: =+AL6*0.19 -> 23560 | AN6: =+AL6+AM6 -> 147560 | AO6: Frasco x 100ml | AP6: PANREAC | AR6: 122668 | AS6: =+AR6*0.19 -> 23306.92 | AT6: =+AR6+AS6 -> 145974.92 | AU6: Frasco x 100 ml | AV6: Panreac | BV6: 85700 | BW6: =BV6*19% -> 16283 | BX6: =+BV6+BW6 -> 101983 | BY6: frasco x 100 ml | BZ6: BIOQUIGEN | CB6: 45200 | CC6: =+CB6*19% -> 8588 | CD6: =+CC6+CB6 -> 53788 | CH6: 86557 | CI6: =+CH6*0.19 -> 16445.83 | CJ6: =+CH6+CI6 -> 103002.83 | CK6: frasco x 100 ml | CL6: BIOQUIGEN | FH6: =SUM(M6,P6,V6,AB6,AH6,AN6,AT6,AZ6,BF6,BL6,BR6,BX6,CD6,CJ6,CP6,CV6,DB6,DH6,DN6,DT6,DZ6,EF6,EL6,ER6,EX6,FD6) -> 894537.68 | FI6: =COUNTA(M6,N6,T6,Z6,AF6,AL6,AR6,AX6,BD6,BJ6,BP6,BV6,CB6,CH6,CN6,CT6,CZ6,DF6,DL6,DR6,DX6,ED6,EJ6,EP6,EV6,FB6) -> 8 | FJ6: =IFERROR(FH6/FI6," ") -> 111817.21
A7: =#REF! -> #REF! | B7: =#REF! -> #REF! | C7: =#REF! -> #REF! | D7: =#REF! -> #REF! | E7: 1 | F7: 0 | G7: 0 | H7: 24253.39 | I7: 0 | J7: 26775 | K7: 26180 | L7: =AVERAGE(H7,J7) -> 25514.195 | M7: =K7*1.03 -> 26965.4 | AF7: 22000 | AG7: =AF7*19% -> 4180 | AH7: =+AF7+AG7 -> 26180 | AL7: =35000/20 -> 1750 | AM7: =+AL7*0.19 -> 332.5 | AN7: =+AL7+AM7 -> 2082.5 | AO7: Frasco x 1 litro | AP7: CHEMI | AR7: 144000 | AS7: =+AR7*0.19 -> 27360 | AT7: =+AR7+AS7 -> 171360 | AU7: Frasco x 5 ml | AV7: Santa Cruz Biotechnology | BV7: 21800 | BW7: =BV7*19% -> 4142 | BX7: =+BV7+BW7 -> 25942 | BY7: frasco x 50 ml | BZ7: JULIAO | CB7: 15500 | CC7: =+CB7*19% -> 2945 | CD7: =+CC7+CB7 -> 18445 | CH7: 23108 | CI7: =+CH7*0.19 -> 4390.52 | CJ7: =+CH7+CI7 -> 27498.52 | CK7: frasco x 50 ml | CL7: JULIAO | CT7: 288750 | CU7: =+CT7*0 -> 0 | CV7: =+CT7+CU7 -> 288750 | FH7: =SUM(M7,P7,V7,AB7,AH7,AN7,AT7,AZ7,BF7,BL7,BR7,BX7,CD7,CJ7,CP7,CV7,DB7,DH7,DN7,DT7,DZ7,EF7,EL7,ER7,EX7,FD7) -> 587223.42 | FI7: =COUNTA(M7,N7,T7,Z7,AF7,AL7,AR7,AX7,BD7,BJ7,BP7,BV7,CB7,CH7,CN7,CT7,CZ7,DF7,DL7,DR7,DX7,ED7,EJ7,EP7,EV7,FB7) -> 8 | FJ7: =IFERROR(FH7/FI7," ") -> 73402.928
A8: =#REF! -> #REF! | B8: =#REF! -> #REF! | C8: =#REF! -> #REF! | D8: =#REF! -> #REF! | E8: 1 | F8: 2006533.4 | G8: 2006459 | H8: 1361631.6 | I8: 0 | J8: 1338434.7 | K8: 0 | L8: =AVERAGE(F8,H8,J8) -> 1568866.6 | M8: =G8*1.03 -> 2066652.8 | AR8: 136800 | AS8: =+AR8*0.19 -> 25992 | AT8: =+AR8+AS8 -> 162792 | AU8: Frasco x 100g | AV8: Santa Cruz Biotechnology | AW8: sc-203818 | BV8: 3507000 | BW8: =BV8*19% -> 666330 | BX8: =+BV8+BW8 -> 4173330 | BY8: frasco x 100 gr | BZ8: SIGMA | CT8: 175000 | CU8: 33250 | CV8: =+CT8+CU8 -> 208250 | CZ8: 2928300 | DA8: =+CZ8*0.19 -> 556377 | DB8: =+CZ8+DA8 -> 3484677 | DC8: 100g | DD8: Merck | DE8: 73594100GF | FH8: =SUM(M8,P8,V8,AB8,AH8,AN8,AT8,AZ8,BF8,BL8,BR8,BX8,CD8,CJ8,CP8,CV8,DB8,DH8,DN8,DT8,DZ8,EF8,EL8,ER8,EX8,FD8) -> 10095702 | FI8: =COUNTA(M8,N8,T8,Z8,AF8,AL8,AR8,AX8,BD8,BJ8,BP8,BV8,CB8,CH8,CN8,CT8,CZ8,DF8,DL8,DR8,DX8,ED8,EJ8,EP8,EV8,FB8) -> 5 | FJ8: =IFERROR(FH8/FI8," ") -> 2019140.4
A9: =#REF! -> #REF! | B9: =#REF! -> #REF! | C9: =#REF! -> #REF! | D9: =#REF! -> #REF! | E9: 1 | F9: 0 | G9: 0 | H9: 214053.71 | I9: 75565 | J9: 0 | K9: 0 | L9: =H9 -> 214053.71 | M9: =I9*1.03 -> 77831.95 | AL9: 205000 | AM9: =+AL9*0.19 -> 38950 | AN9: =+AL9+AM9 -> 243950 | AO9: Frasco x 500g | AP9: PANREAC | AR9: 259200 | AS9: =+AR9*0.19 -> 49248 | AT9: =+AR9+AS9 -> 308448 | AU9: Frasco x 500g | AV9: Santa Cruz Biotechnology | AW9: sc-203818A | BV9: 262100 | BW9: =BV9*19% -> 49799 | BX9: =+BV9+BW9 -> 311899 | BY9: frasco x 500 gr | BZ9: JT BAKER | CH9: 275205 | CI9: =+CH9*0.19 -> 52288.95 | CJ9: =+CH9+CI9 -> 327493.95 | CK9: frasco x 500 gr | CL9: JT BAKER | CZ9: 145655 | DA9: =+CZ9*0.19 -> 27674.45 | DB9: =+CZ9+DA9 -> 173329.45 | DC9: 500 GR | DD9: Merck | DE9: 1011160500 | FH9: =SUM(M9,P9,V9,AB9,AH9,AN9,AT9,AZ9,BF9,BL9,BR9,BX9,CD9,CJ9,CP9,CV9,DB9,DH9,DN9,DT9,DZ9,EF9,EL9,ER9,EX9,FD9) -> 1442952.3 | FI9: =COUNTA(M9,N9,T9,Z9,AF9,AL9,AR9,AX9,BD9,BJ9,BP9,BV9,CB9,CH9,CN9,CT9,CZ9,DF9,DL9,DR9,DX9,ED9,EJ9,EP9,EV9,FB9) -> 6 | FJ9: =IFERROR(FH9/FI9," ") -> 240492.06
A10: =#REF! -> #REF! | B10: =#REF! -> #REF! | C10: =#REF! -> #REF! | D10: =#REF! -> #REF! | E10: 1 | F10: 0 | G10: 0 | H10: 351635.2 | I10: 0 | J10: 608328 | K10: 0 | L10: =AVERAGE(H10,J10) -> 479981.6 | AR10: 511200 | AS10: =+AR10*0.19 -> 97128 | AT10: =+AR10+AS10 -> 608328 | AU10: Frasco x 1 litro | AV10: Santa Cruz Biotechnology | BV10: 400300 | BW10: =BV10*19% -> 76057 | BX10: =+BV10+BW10 -> 476357 | BY10: frasco x 1 litro | BZ10: JT BAKER | CH10: 428321 | CI10: =+CH10*0.19 -> 81380.99 | CJ10: =+CH10+CI10 -> 509701.99 | CK10: frasco x 1 litro | CL10: JT BAKER | CZ10: 168276 | DA10: =+CZ10*0.19 -> 31972.44 | DB10: =+CZ10+DA10 -> 200248.44 | DC10: 1 LT | DD10: Merck | DE10: CTRM1008681000 | FH10: =SUM(M10,P10,V10,AB10,AH10,AN10,AT10,AZ10,BF10,BL10,BR10,BX10,CD10,CJ10,CP10,CV10,DB10,DH10,DN10,DT10,DZ10,EF10,EL10,ER10,EX10,FD10) -> 1794635.4 | FI10: =COUNTA(M10,N10,T10,Z10,AF10,AL10,AR10,AX10,BD10,BJ10,BP10,BV10,CB10,CH10,CN10,CT10,CZ10,DF10,DL10,DR10,DX10,ED10,EJ10,EP10,EV10,FB10) -> 4 | FJ10: =IFERROR(FH10/FI10," ") -> 448658.86
A11: =#REF! -> #REF! | B11: =#REF! -> #REF! | C11: =#REF! -> #REF! | D11: =#REF! -> #REF! | E11: 1 | F11: 542283 | G11: 525980 | H11: 550966.13 | I11: 550851 | J11: 484389.5 | K11: 490875 | L11: =AVERAGE(F11,H11,J11) -> 525879.54 | M11: =AVERAGE(G11,I11,K11)*1.03 -> 538245.73 | AX11: 438013.43 | AY11: =+AX11*0.19 -> 83222.551 | AZ11: =+AX11+AY11 -> 521235.98 | BA11: Frasco x 4 litros | BB11: JT Baker | BV11: 1068000 | BW11: =BV11*19% -> 202920 | BX11: =+BV11+BW11 -> 1270920 | BY11: frasco x 4 litros | BZ11: ACROS ORGANICS | CH11: 1100040 | CI11: =+CH11*0.19 -> 209007.6 | CJ11: =+CH11+CI11 -> 1309047.6 | CK11: frasco x 4 litros | CL11: ACROS ORGANICS | CZ11: 444690 | DA11: =+CZ11*0.19 -> 84491.1 | DB11: =+CZ11+DA11 -> 529181.1 | DC11: 4 LT | DD11: Merck | DE11: CTR1096234000 | FH11: =SUM(M11,P11,V11,AB11,AH11,AN11,AT11,AZ11,BF11,BL11,BR11,BX11,CD11,CJ11,CP11,CV11,DB11,DH11,DN11,DT11,DZ11,EF11,EL11,ER11,EX11,FD11) -> 4168630.4 | FI11: =COUNTA(M11,N11,T11,Z11,AF11,AL11,AR11,AX11,BD11,BJ11,BP11,BV11,CB11,CH11,CN11,CT11,CZ11,DF11,DL11,DR11,DX11,ED11,EJ11,EP11,EV11,FB11) -> 5 | FJ11: =IFERROR(FH11/FI11," ") -> 833726.08
A12: =#REF! -> #REF! | B12: =#REF! -> #REF! | C12: =#REF! -> #REF! | D12: =#REF! -> #REF! | E12: 1 | F12: 247573.55 | G12: 0 | H12: 509377.15 | I12: 0 | J12: 0 | K12: 0 | L12: =AVERAGE(F12,H12) -> 378475.35 | AL12: 230000 | AM12: =+AL12*0.19 -> 43700 | AN12: =+AL12+AM12 -> 273700 | AO12: Frasco x 500g | AP12: PANREAC | AR12: 288000 | AS12: =+AR12*0.19 -> 54720 | AT12: =+AR12+AS12 -> 342720 | AU12: Frasco x 500g | AV12: Santa Cruz Biotechnology | BV12: 644000 | BW12: =BV12*19% -> 122360 | BX12: =+BV12+BW12 -> 766360 | BY12: frasco x 500 gr | BZ12: PANREAC | CH12: 676200 | CI12: =+CH12*0.19 -> 128478 | CJ12: =+CH12+CI12 -> 804678 | CK12: frasco x 500 gr | CL12: PANREAC | CT12: 678333.33 | CU12: 128883.33 | CV12: =+CT12+CU12 -> 807216.67 | CZ12: 255172 | DA12: =+CZ12*0.19 -> 48482.68 | DB12: =+CZ12+DA12 -> 303654.68 | DC12: 500g | DD12: Merck | DE12: P236497500G | FH12: =SUM(M12,P12,V12,AB12,AH12,AN12,AT12,AZ12,BF12,BL12,BR12,BX12,CD12,CJ12,CP12,CV12,DB12,DH12,DN12,DT12,DZ12,EF12,EL12,ER12,EX12,FD12) -> 3298329.3 | FI12: =COUNTA(M12,N12,T12,Z12,AF12,AL12,AR12,AX12,BD12,BJ12,BP12,BV12,CB12,CH12,CN12,CT12,CZ12,DF12,DL12,DR12,DX12,ED12,EJ12,EP12,EV12,FB12) -> 6 | FJ12: =IFERROR(FH12/FI12," ") -> 549721.56
A13: =#REF! -> #REF! | B13: =#REF! -> #REF! | C13: =#REF! -> #REF! | D13: =#REF! -> #REF! | E13: 1 | F13: 275083.29 | G13: 261324 | H13: 288452.07 | I13: 128520 | J13: 326718.27 | K13: 329511 | L13: =AVERAGE(F13,H13,J13) -> 296751.21 | M13: =AVERAGE(G13,I13,K13)*1.03 -> 246978.55 | AF13: 300000 | AG13: =AF13*19% -> 57000 | AH13: =+AF13+AG13 -> 357000 | AL13: 254000 | AM13: =+AL13*0.19 -> 48260 | AN13: =+AL13+AM13 -> 302260 | AO13: Frasco x 500g | AP13: PANREAC | AR13: =201600*2 -> 403200 | AS13: =+AR13*0.19 -> 76608 | AT13: =+AR13+AS13 -> 479808 | AU13: Frasco x 250g | AV13: Santa Cruz Biotechnology | AX13: 153293.76 | AY13: =+AX13*0.19 -> 29125.814 | AZ13: =+AX13+AY13 -> 182419.57 | BA13: Frasco x 500g | BB13: JT Baker | BV13: 347600 | BW13: =BV13*19% -> 66044 | BX13: =+BV13+BW13 -> 413644 | BY13: frasco x 500 gr | BZ13: JT BAKER | CB13: 206000 | CC13: =+CB13*19% -> 39140 | CD13: =+CC13+CB13 -> 245140 | CH13: 364980 | CI13: =+CH13*0.19 -> 69346.2 | CJ13: =+CH13+CI13 -> 434326.2 | CK13: frasco x 500 gr | CL13: JT BAKER | CT13: 136000 | CU13: 25840 | CV13: =+CT13+CU13 -> 161840 | FH13: =SUM(M13,P13,V13,AB13,AH13,AN13,AT13,AZ13,BF13,BL13,BR13,BX13,CD13,CJ13,CP13,CV13,DB13,DH13,DN13,DT13,DZ13,EF13,EL13,ER13,EX13,FD13) -> 2823416.3 | FI13: =COUNTA(M13,N13,T13,Z13,AF13,AL13,AR13,AX13,BD13,BJ13,BP13,BV13,CB13,CH13,CN13,CT13,CZ13,DF13,DL13,DR13,DX13,ED13,EJ13,EP13,EV13,FB13) -> 9 | FJ13: =IFERROR(FH13/FI13," ") -> 313712.92
A14: =#REF! -> #REF! | B14: =#REF! -> #REF! | C14: =#REF! -> #REF! | D14: =#REF! -> #REF! | E14: 1 | F14: 0 | G14: 0 | H14: 0 | I14: 0 | J14: 359383.97 | K14: 335342 | L14: =J14 -> 359383.97 | M14: =K14*1.03 -> 345402.26 | AL14: =298000/2 -> 149000 | AM14: =+AL14*0.19 -> 28310 | AN14: =+AL14+AM14 -> 177310 | AO14: Frasco x 500g | AP14: PANREAC | BV14: 382600 | BW14: =BV14*19% -> 72694 | BX14: =+BV14+BW14 -> 455294 | BY14: frasco x 250 gr | BZ14: JT BAKER | CB14: 236000 | CC14: =+CB14*19% -> 44840 | CD14: =+CC14+CB14 -> 280840 | CH14: 401730 | CI14: =+CH14*0.19 -> 76328.7 | CJ14: =+CH14+CI14 -> 478058.7 | CK14: frasco x 250 gr | CL14: JT BAKER | CT14: 338000 | CU14: 64220 | CV14: =+CT14+CU14 -> 402220 | CZ14: 110897 | DA14: =+CZ14*0.19 -> 21070.43 | DB14: =+CZ14+DA14 -> 131967.43 | DC14: 250 G | DD14: Merck | DE14: 1088020250 | FH14: =SUM(M14,P14,V14,AB14,AH14,AN14,AT14,AZ14,BF14,BL14,BR14,BX14,CD14,CJ14,CP14,CV14,DB14,DH14,DN14,DT14,DZ14,EF14,EL14,ER14,EX14,FD14) -> 2271092.4 | FI14: =COUNTA(M14,N14,T14,Z14,AF14,AL14,AR14,AX14,BD14,BJ14,BP14,BV14,CB14,CH14,CN14,CT14,CZ14,DF14,DL14,DR14,DX14,ED14,EJ14,EP14,EV14,FB14) -> 7 | FJ14: =IFERROR(FH14/FI14," ") -> 324441.77
A15: =#REF! -> #REF! | B15: =#REF! -> #REF! | C15: =#REF! -> #REF! | D15: =#REF! -> #REF! | E15: 1 | F15: 248276.5 | G15: 239547 | H15: 292904.21 | I15: 292859 | J15: 294171.98 | K15: 325465 | L15: =AVERAGE(F15,H15,J15) -> 278450.9 | M15: =AVERAGE(G15,I15,K15)*1.03 -> 294535.71 | AL15: 265000 | AM15: =+AL15*0.19 -> 50350 | AN15: =+AL15+AM15 -> 315350 | AO15: Frasco x 5 litro | AP15: PANREAC | AX15: 373837.68 | AY15: =+AX15*0.19 -> 71029.159 | AZ15: =+AX15+AY15 -> 444866.84 | BA15: Frasco x 4 litros | BB15: JT Baker | BV15: 281400 | BW15: =BV15*19% -> 53466 | BX15: =+BV15+BW15 -> 334866 | BY15: frasco x 4 litros | BZ15: JT BAKER | CH15: 295470 | CI15: =+CH15*0.19 -> 56139.3 | CJ15: =+CH15+CI15 -> 351609.3 | CK15: frasco x 4 litros | CL15: JT BAKER | CT15: 538000 | CU15: 102220 | CV15: =+CT15+CU15 -> 640220 | CZ15: 153931 | DA15: =+CZ15*0.19 -> 29246.89 | DB15: =+CZ15+DA15 -> 183177.89 | DC15: 4LT | DD15: Merck | DE15: CTRM1000144000 | FH15: =SUM(M15,P15,V15,AB15,AH15,AN15,AT15,AZ15,BF15,BL15,BR15,BX15,CD15,CJ15,CP15,CV15,DB15,DH15,DN15,DT15,DZ15,EF15,EL15,ER15,EX15,FD15) -> 2564625.7 | FI15: =COUNTA(M15,N15,T15,Z15,AF15,AL15,AR15,AX15,BD15,BJ15,BP15,BV15,CB15,CH15,CN15,CT15,CZ15,DF15,DL15,DR15,DX15,ED15,EJ15,EP15,EV15,FB15) -> 7 | FJ15: =IFERROR(FH15/FI15," ") -> 366375.11
A16: =#REF! -> #REF! | B16: =#REF! -> #REF! | C16: =#REF! -> #REF! | D16: =#REF! -> #REF! | E16: 1 | F16: 0 | G16: 0 | H16: 0 | I16: 0 | J16: 0 | K16: 0 | AF16: 725000 | AG16: =AF16*19% -> 137750 | AH16: =+AF16+AG16 -> 862750 | AL16: 590000 | AM16: =+AL16*0.19 -> 112100 | AN16: =+AL16+AM16 -> 702100 | AO16: Frasco x 4 litro | AP16: PANREAC | AX16: 823237.47 | AY16: =+AX16*0.19 -> 156415.12 | AZ16: =+AX16+AY16 -> 979652.59 | BA16: Frasco x 4 litros | BB16: JT Baker | BV16: 726600 | BW16: =BV16*19% -> 138054 | BX16: =+BV16+BW16 -> 864654 | BY16: frasco x 4 litros | BZ16: JT BAKER | CH16: 733866 | CI16: =+CH16*0.19 -> 139434.54 | CJ16: =+CH16+CI16 -> 873300.54 | CK16: frasco x 4 litros | CL16: JT BAKER | CT16: 305000 | CU16: 57950 | CV16: =+CT16+CU16 -> 362950 | CZ16: 414344 | DA16: =+CZ16*0.19 -> 78725.36 | DB16: =+CZ16+DA16 -> 493069.36 | DC16: 4 Lts | DD16: Merck | DE16: CTRM1000204000 | FH16: =SUM(M16,P16,V16,AB16,AH16,AN16,AT16,AZ16,BF16,BL16,BR16,BX16,CD16,CJ16,CP16,CV16,DB16,DH16,DN16,DT16,DZ16,EF16,EL16,ER16,EX16,FD16) -> 5138476.5 | FI16: =COUNTA(M16,N16,T16,Z16,AF16,AL16,AR16,AX16,BD16,BJ16,BP16,BV16,CB16,CH16,CN16,CT16,CZ16,DF16,DL16,DR16,DX16,ED16,EJ16,EP16,EV16,FB16) -> 7 | FJ16: =IFERROR(FH16/FI16," ") -> 734068.07
A17: =#REF! -> #REF! | B17: =#REF! -> #REF! | C17: =#REF! -> #REF! | D17: =#REF! -> #REF! | E17: 1 | F17: 0 | G17: 0 | H17: 0 | I17: 0 | J17: 0 | K17: 0 | AF17: 290000 | AG17: =AF17*19% -> 55100 | AH17: =+AF17+AG17 -> 345100 | AL17: 297000 | AM17: =+AL17*0.19 -> 56430 | AN17: =+AL17+AM17 -> 353430 | AO17: Frasco x 4 litro | AP17: PANREAC | AR17: 281534 | AS17: =+AR17*0.19 -> 53491.46 | AT17: =+AR17+AS17 -> 335025.46 | AU17: Frasco x 4 litros | AV17: PANREAC | BV17: 349400 | BW17: =BV17*19% -> 66386 | BX17: =+BV17+BW17 -> 415786 | BY17: frasco x 4 litros | BZ17: JT BAKER | CB17: 199800 | CC17: =+CB17*19% -> 37962 | CD17: =+CC17+CB17 -> 237762 | CH17: 370364 | CI17: =+CH17*0.19 -> 70369.16 | CJ17: =+CH17+CI17 -> 440733.16 | CK17: frasco x 4 litros | CL17: JT BAKER | CT17: 444000 | CU17: =+CT17*0 -> 0 | CV17: =+CT17+CU17 -> 444000 | CZ17: 312828 | DA17: =+CZ17*0.19 -> 59437.32 | DB17: =+CZ17+DA17 -> 372265.32 | DC17: 4 LT | DD17: Merck | DE17: 1000304000 | FH17: =SUM(M17,P17,V17,AB17,AH17,AN17,AT17,AZ17,BF17,BL17,BR17,BX17,CD17,CJ17,CP17,CV17,DB17,DH17,DN17,DT17,DZ17,EF17,EL17,ER17,EX17,FD17) -> 2944101.9 | FI17: =COUNTA(M17,N17,T17,Z17,AF17,AL17,AR17,AX17,BD17,BJ17,BP17,BV17,CB17,CH17,CN17,CT17,CZ17,DF17,DL17,DR17,DX17,ED17,EJ17,EP17,EV17,FB17) -> 8 | FJ17: =IFERROR(FH17/FI17," ") -> 368012.74
A18: =#REF! -> #REF! | B18: =#REF! -> #REF! | C18: =#REF! -> #REF! | D18: =#REF! -> #REF! | E18: 1 | F18: 0 | G18: 0 | H18: 0 | I18: 0 | J18: 0 | K18: 0 | AF18: 398000 | AG18: =AF18*19% -> 75620 | AH18: =+AF18+AG18 -> 473620 | BV18: 800500 | BW18: =BV18*19% -> 152095 | BX18: =+BV18+BW18 -> 952595 | BY18: frasco x 4 litros | BZ18: JT BAKER | CT18: 842500 | CU18: =+CT18*0 -> 0 | CV18: =+CT18+CU18 -> 842500 | CZ18: 228966 | DA18: =+CZ18*0.19 -> 43503.54 | DB18: =+CZ18+DA18 -> 272469.54 | DC18: 4LT | DD18: Merck | DE18: 1000034000 | FH18: =SUM(M18,P18,V18,AB18,AH18,AN18,AT18,AZ18,BF18,BL18,BR18,BX18,CD18,CJ18,CP18,CV18,DB18,DH18,DN18,DT18,DZ18,EF18,EL18,ER18,EX18,FD18) -> 2541184.5 | FI18: =COUNTA(M18,N18,T18,Z18,AF18,AL18,AR18,AX18,BD18,BJ18,BP18,BV18,CB18,CH18,CN18,CT18,CZ18,DF18,DL18,DR18,DX18,ED18,EJ18,EP18,EV18,FB18) -> 4 | FJ18: =IFERROR(FH18/FI18," ") -> 635296.14
A19: =#REF! -> #REF! | B19: =#REF! -> #REF! | C19: =#REF! -> #REF! | D19: =#REF! -> #REF! | E19: 1 | F19: 0 | G19: 0 | H19: 0 | I19: 0 | J19: 0 | K19: 0 | BV19: 1920000 | BW19: =BV19*19% -> 364800 | BX19: =+BV19+BW19 -> 2284800 | BY19: frasco x 2.5 litros | BZ19: MERCK | CT19: 175000 | CU19: 8750 | CV19: =+CT19+CU19 -> 183750 | CZ19: 410483 | DA19: =+CZ19*0.19 -> 77991.77 | DB19: =+CZ19+DA19 -> 488474.77 | DC19: 2.5 L | DD19: Merck | DE19: 1000292500 | FH19: =SUM(M19,P19,V19,AB19,AH19,AN19,AT19,AZ19,BF19,BL19,BR19,BX19,CD19,CJ19,CP19,CV19,DB19,DH19,DN19,DT19,DZ19,EF19,EL19,ER19,EX19,FD19) -> 2957024.8 | FI19: =COUNTA(M19,N19,T19,Z19,AF19,AL19,AR19,AX19,BD19,BJ19,BP19,BV19,CB19,CH19,CN19,CT19,CZ19,DF19,DL19,DR19,DX19,ED19,EJ19,EP19,EV19,FB19) -> 3 | FJ19: =IFERROR(FH19/FI19," ") -> 985674.92
A20: =#REF! -> #REF! | B20: =#REF! -> #REF! | C20: =#REF! -> #REF! | D20: =#REF! -> #REF! | E20: 1 | F20: 0 | G20: 0 | H20: 0 | I20: 0 | J20: 0 | K20: 0 | CT20: 112500 | CU20: 21375 | CV20: =+CT20+CU20 -> 133875 | FH20: =SUM(M20,P20,V20,AB20,AH20,AN20,AT20,AZ20,BF20,BL20,BR20,BX20,CD20,CJ20,CP20,CV20,DB20,DH20,DN20,DT20,DZ20,EF20,EL20,ER20,EX20,FD20) -> 133875 | FI20: =COUNTA(M20,N20,T20,Z20,AF20,AL20,AR20,AX20,BD20,BJ20,BP20,BV20,CB20,CH20,CN20,CT20,CZ20,DF20,DL20,DR20,DX20,ED20,EJ20,EP20,EV20,FB20) -> 1 | FJ20: =IFERROR(FH20/FI20," ") -> 133875
A21: =#REF! -> #REF! | B21: =#REF! -> #REF! | C21: =#REF! -> #REF! | D21: =#REF! -> #REF! | E21: 1 | F21: 191114 | G21: 183379 | H21: 277191.14 | I21: 277151 | J21: 203348.42 | K21: 198254 | L21: =AVERAGE(F21,H21,J21) -> 223884.52 | M21: =AVERAGE(G21,I21,K21)*1.03 -> 226182.51 | AF21: 190000 | AG21: =AF21*19% -> 36100 | AH21: =+AF21+AG21 -> 226100 | AL21: 189000 | AM21: =+AL21*0.19 -> 35910 | AN21: =+AL21+AM21 -> 224910 | AO21: Frasco x 2,5 litro | AP21: PANREAC | AR21: 179980 | AS21: =+AR21*0.19 -> 34196.2 | AT21: =+AR21+AS21 -> 214176.2 | AU21: Frasco x 2,5 litro | AV21: PANREAC | AX21: 260576.73 | AY21: =+AX21*0.19 -> 49509.579 | AZ21: =+AX21+AY21 -> 310086.31 | BA21: Frasco x 2,5 litros | BB21: JT Baker | BV21: 296800 | BW21: =BV21*19% -> 56392 | BX21: =+BV21+BW21 -> 353192 | BY21: frasco x 2.5 litros | BZ21: MERCK | CB21: 128250 | CC21: =+CB21*19% -> 24367.5 | CD21: =+CC21+CB21 -> 152617.5 | CH21: 317576 | CI21: =+CH21*0.19 -> 60339.44 | CJ21: =+CH21+CI21 -> 377915.44 | CK21: frasco x 2.5 litros | CL21: MERCK | CT21: 416666.67 | CU21: 79166.667 | CV21: =+CT21+CU21 -> 495833.33 | CZ21: 142345 | DA21: =+CZ21*0.19 -> 27045.55 | DB21: =+CZ21+DA21 -> 169390.55 | DC21: 2.5 L | DD21: Merck | DE21: 1000622500 | FH21: =SUM(M21,P21,V21,AB21,AH21,AN21,AT21,AZ21,BF21,BL21,BR21,BX21,CD21,CJ21,CP21,CV21,DB21,DH21,DN21,DT21,DZ21,EF21,EL21,ER21,EX21,FD21) -> 2750403.8 | FI21: =COUNTA(M21,N21,T21,Z21,AF21,AL21,AR21,AX21,BD21,BJ21,BP21,BV21,CB21,CH21,CN21,CT21,CZ21,DF21,DL21,DR21,DX21,ED21,EJ21,EP21,EV21,FB21) -> 10 | FJ21: =IFERROR(FH21/FI21," ") -> 275040.38
A22: =#REF! -> #REF! | B22: =#REF! -> #REF! | C22: =#REF! -> #REF! | D22: =#REF! -> #REF! | E22: 1 | F22: 288646.43 | G22: 75300 | H22: 228376.64 | I22: 228361 | J22: 0 | K22: 0 | L22: =AVERAGE(F22,H22) -> 258511.53 | M22: =AVERAGE(G22,I22)*1.03 -> 156385.42 | AF22: 130000 | AG22: =AF22*19% -> 24700 | AH22: =+AF22+AG22 -> 154700 | AL22: 121000 | AM22: =+AL22*0 -> 0 | AN22: =+AL22+AM22 -> 121000 | AO22: Frasco x 100g | AP22: PANREAC | AR22: 273600 | AS22: =+AR22*0.19 -> 51984 | AT22: =+AR22+AS22 -> 325584 | AU22: Frasco x 100g | AV22: Santa Cruz Biotechnology | AX22: =711203.61/5 -> 142240.72 | AY22: =+AX22*0.19 -> 27025.737 | AZ22: =+AX22+AY22 -> 169266.46 | BA22: Frasco x 500g | BB22: JT Baker | BV22: 1135200 | BW22: =BV22*19% -> 215688 | BX22: =+BV22+BW22 -> 1350888 | BY22: frasco x 100 gr | BZ22: MACRON | CH22: 1146552 | CI22: =+CH22*0.19 -> 217844.88 | CJ22: =+CH22+CI22 -> 1364396.9 | CK22: frasco x 100 gr | CL22: MACRON | CT22: 1049920 | CU22: 199484.8 | CV22: =+CT22+CU22 -> 1249404.8 | CZ22: 83862 | DA22: 0 | DB22: 83862 | DC22: 100g | DD22: Merck | DE22: 1004680100 | FH22: =SUM(M22,P22,V22,AB22,AH22,AN22,AT22,AZ22,BF22,BL22,BR22,BX22,CD22,CJ22,CP22,CV22,DB22,DH22,DN22,DT22,DZ22,EF22,EL22,ER22,EX22,FD22) -> 4975487.6 | FI22: =COUNTA(M22,N22,T22,Z22,AF22,AL22,AR22,AX22,BD22,BJ22,BP22,BV22,CB22,CH22,CN22,CT22,CZ22,DF22,DL22,DR22,DX22,ED22,EJ22,EP22,EV22,FB22) -> 9 | FJ22: =IFERROR(FH22/FI22," ") -> 552831.95
A23: =#REF! -> #REF! | B23: =#REF! -> #REF! | C23: =#REF! -> #REF! | D23: =#REF! -> #REF! | E23: 1 | F23: 277448.5 | G23: 273224 | H23: 265023.19 | I23: 265013 | J23: 324258.88 | K23: 311780 | L23: =AVERAGE(F23,H23,J23) -> 288910.19 | M23: =AVERAGE(G23,I23,K23)*1.03 -> 291839.17 | AF23: 250000 | AG23: =AF23*19% -> 47500 | AH23: =+AF23+AG23 -> 297500 | AL23: 260000 | AM23: =+AL23*0.19 -> 49400 | AN23: =+AL23+AM23 -> 309400 | AO23: Frasco x 1Kg | AP23: PANREAC | AR23: 468000 | AS23: =+AR23*0.19 -> 88920 | AT23: =+AR23+AS23 -> 556920 | AU23: Frasco x 500g | AV23: Santa Cruz Biotechnology | BV23: 297600 | BW23: =BV23*19% -> 56544 | BX23: =+BV23+BW23 -> 354144 | BY23: frasco x 1kg | BZ23: JT BAKER | CB23: 188000 | CC23: =+CB23*19% -> 35720 | CD23: =+CC23+CB23 -> 223720 | CH23: 300576 | CI23: =+CH23*0.19 -> 57109.44 | CJ23: =+CH23+CI23 -> 357685.44 | CK23: frasco x 1kg | CL23: JT BAKER | CT23: 995520 | CU23: 189148.8 | CV23: =+CT23+CU23 -> 1184668.8 | CZ23: 179310 | DA23: =+CZ23*0.19 -> 34068.9 | DB23: =+CZ23+DA23 -> 213378.9 | DC23: 100g | DD23: Merck | DE23: 1004680100 | FH23: =SUM(M23,P23,V23,AB23,AH23,AN23,AT23,AZ23,BF23,BL23,BR23,BX23,CD23,CJ23,CP23,CV23,DB23,DH23,DN23,DT23,DZ23,EF23,EL23,ER23,EX23,FD23) -> 3789256.3 | FI23: =COUNTA(M23,N23,T23,Z23,AF23,AL23,AR23,AX23,BD23,BJ23,BP23,BV23,CB23,CH23,CN23,CT23,CZ23,DF23,DL23,DR23,DX23,ED23,EJ23,EP23,EV23,FB23) -> 9 | FJ23: =IFERROR(FH23/FI23," ") -> 421028.48
A24: =#REF! -> #REF! | B24: =#REF! -> #REF! | C24: =#REF! -> #REF! | D24: =#REF! -> #REF! | E24: 1 | F24: 384951.91 | G24: 371399 | H24: 374396.3 | I24: 374374 | J24: 307766.34 | K24: 357000 | L24: =AVERAGE(F24,H24,J24) -> 355704.85 | M24: =AVERAGE(G24,I24,K24)*1.03 -> 378618.73 | AF24: 400000 | AG24: =AF24*19% -> 76000 | AH24: =+AF24+AG24 -> 476000 | AL24: 321000 | AM24: =+AL24*0.19 -> 60990 | AN24: =+AL24+AM24 -> 381990 | AO24: Frasco x 1Kg | AP24: PANREAC | AR24: 273600 | AS24: =+AR24*0.19 -> 51984 | AT24: =+AR24+AS24 -> 325584 | AU24: Frasco x 500g | AV24: Santa Cruz Biotechnology | AX24: 184944.69 | AY24: =+AX24*0.19 -> 35139.491 | AZ24: =+AX24+AY24 -> 220084.18 | BA24: Frasco x 1kg | BB24: JT Baker | BV24: 480000 | BW24: =BV24*19% -> 91200 | BX24: =+BV24+BW24 -> 571200 | BY24: frasco x 1kg | BZ24: MERCK | CH24: 508800 | CI24: =+CH24*0.19 -> 96672 | CJ24: =+CH24+CI24 -> 605472 | CK24: frasco x 1kg | CL24: MERCK | CT24: 995520 | CU24: 189148.8 | CV24: =+CT24+CU24 -> 1184668.8 | CZ24: 229517 | DA24: =+CZ24*0.19 -> 43608.23 | DB24: =+CZ24+DA24 -> 273125.23 | DC24: 1 Kg | DD24: Merck | DE24: 1002441000 | FH24: =SUM(M24,P24,V24,AB24,AH24,AN24,AT24,AZ24,BF24,BL24,BR24,BX24,CD24,CJ24,CP24,CV24,DB24,DH24,DN24,DT24,DZ24,EF24,EL24,ER24,EX24,FD24) -> 4416742.9 | FI24: =COUNTA(M24,N24,T24,Z24,AF24,AL24,AR24,AX24,BD24,BJ24,BP24,BV24,CB24,CH24,CN24,CT24,CZ24,DF24,DL24,DR24,DX24,ED24,EJ24,EP24,EV24,FB24) -> 9 | FJ24: =IFERROR(FH24/FI24," ") -> 490749.22
A25: =#REF! -> #REF! | B25: =#REF! -> #REF! | C25: =#REF! -> #REF! | D25: =#REF! -> #REF! | E25: 1 | F25: 175229.2 | G25: 174930 | H25: 159205.28 | I25: 0 | J25: 211073.67 | K25: 190876 | L25: =AVERAGE(F25,H25,J25) -> 181836.05 | M25: =AVERAGE(G25,K25)*1.03 -> 188390.09 | AF25: 138000 | AG25: =AF25*19% -> 26220 | AH25: =+AF25+AG25 -> 164220 | AL25: 149000 | AM25: =+AL25*0.19 -> 28310 | AN25: =+AL25+AM25 -> 177310 | AO25: Frasco x 2,5 litro | AP25: PANREAC | BV25: 130500 | BW25: =BV25*19% -> 24795 | BX25: =+BV25+BW25 -> 155295 | BY25: frasco x 2.5 litros | BZ25: JT BAKER | CH25: 138330 | CI25: =+CH25*0.19 -> 26282.7 | CJ25: =+CH25+CI25 -> 164612.7 | CK25: frasco x 2.5 litros | CL25: JT BAKER | CT25: 250240 | CU25: 47545.6 | CV25: =+CT25+CU25 -> 297785.6 | CZ25: 99862 | DA25: =+CZ25*0.19 -> 18973.78 | DB25: =+CZ25+DA25 -> 118835.78 | DC25: 2.5 l | DD25: Merck | DE25: CTR1003172500 | FH25: =SUM(M25,P25,V25,AB25,AH25,AN25,AT25,AZ25,BF25,BL25,BR25,BX25,CD25,CJ25,CP25,CV25,DB25,DH25,DN25,DT25,DZ25,EF25,EL25,ER25,EX25,FD25) -> 1266449.2 | FI25: =COUNTA(M25,N25,T25,Z25,AF25,AL25,AR25,AX25,BD25,BJ25,BP25,BV25,CB25,CH25,CN25,CT25,CZ25,DF25,DL25,DR25,DX25,ED25,EJ25,EP25,EV25,FB25) -> 7 | FJ25: =IFERROR(FH25/FI25," ") -> 180921.31
A26: =#REF! -> #REF! | B26: =#REF! -> #REF! | C26: =#REF! -> #REF! | D26: =#REF! -> #REF! | E26: 1 | F26: 0 | G26: 0 | H26: 812403 | I26: 0 | J26: 0 | K26: 0 | L26: =H26 -> 812403 | AR26: =1728000/4 -> 432000 | AS26: =+AR26*0.19 -> 82080 | AT26: =+AR26+AS26 -> 514080 | AU26: Frasco x 100mg | AV26: Santa Cruz Biotechnology | BV26: 1414000 | BW26: =BV26*19% -> 268660 | BX26: =+BV26+BW26 -> 1682660 | BY26: frasco x 25 gr | BZ26: SIGMA | CH26: 1470560 | CI26: =+CH26*0.19 -> 279406.4 | CJ26: =+CH26+CI26 -> 1749966.4 | CK26: frasco x 25 gr | CL26: SIGMA | CT26: 233920 | CU26: 44444.8 | CV26: =+CT26+CU26 -> 278364.8 | CZ26: 1123762 | DA26: =+CZ26*0.19 -> 213514.78 | DB26: =+CZ26+DA26 -> 1337276.8 | DC26: 25g | DD26: Sigma aldrich | DE26: 31811625G | FH26: =SUM(M26,P26,V26,AB26,AH26,AN26,AT26,AZ26,BF26,BL26,BR26,BX26,CD26,CJ26,CP26,CV26,DB26,DH26,DN26,DT26,DZ26,EF26,EL26,ER26,EX26,FD26) -> 5562348 | FI26: =COUNTA(M26,N26,T26,Z26,AF26,AL26,AR26,AX26,BD26,BJ26,BP26,BV26,CB26,CH26,CN26,CT26,CZ26,DF26,DL26,DR26,DX26,ED26,EJ26,EP26,EV26,FB26) -> 5 | FJ26: =IFERROR(FH26/FI26," ") -> 1112469.6
A27: =#REF! -> #REF! | B27: =#REF! -> #REF! | C27: =#REF! -> #REF! | D27: =#REF! -> #REF! | E27: 1 | F27: 0 | G27: 0 | H27: 1120997.6 | I27: 197540 | J27: 333332.91 | K27: 315350 | L27: =AVERAGE(H27,J27) -> 727165.23 | M27: =AVERAGE(I27,K27)*1.03 -> 264138.35 | AF27: 260000 | AG27: =AF27*19% -> 49400 | AH27: =+AF27+AG27 -> 309400 | AL27: 276000 | AM27: =+AL27*0.19 -> 52440 | AN27: =+AL27+AM27 -> 328440 | AO27: Frasco x 2,5 litro | AP27: PANREAC | AR27: 271479 | AS27: =+AR27*0.19 -> 51581.01 | AT27: =+AR27+AS27 -> 323060.01 | AU27: Frasco x 2,5 litros | AV27: PANREAC | BV27: 404200 | BW27: =BV27*19% -> 76798 | BX27: =+BV27+BW27 -> 480998 | BY27: frasco x 2.5 litros | BZ27: MERCK | CH27: 416326 | CI27: =+CH27*0.19 -> 79101.94 | CJ27: =+CH27+CI27 -> 495427.94 | CK27: frasco x 2.5 litros | CL27: MERCK | CT27: 244800 | CU27: 46512 | CV27: =+CT27+CU27 -> 291312 | FH27: =SUM(M27,P27,V27,AB27,AH27,AN27,AT27,AZ27,BF27,BL27,BR27,BX27,CD27,CJ27,CP27,CV27,DB27,DH27,DN27,DT27,DZ27,EF27,EL27,ER27,EX27,FD27) -> 2492776.3 | FI27: =COUNTA(M27,N27,T27,Z27,AF27,AL27,AR27,AX27,BD27,BJ27,BP27,BV27,CB27,CH27,CN27,CT27,CZ27,DF27,DL27,DR27,DX27,ED27,EJ27,EP27,EV27,FB27) -> 7 | FJ27: =IFERROR(FH27/FI27," ") -> 356110.9
A28: =#REF! -> #REF! | B28: =#REF! -> #REF! | C28: =#REF! -> #REF! | D28: =#REF! -> #REF! | E28: 1 | F28: 0 | G28: 0 | H28: 0 | I28: 0 | J28: 0 | K28: 0 | AX28: 553735.82 | AY28: =+AX28*0.19 -> 105209.81 | AZ28: =+AX28+AY28 -> 658945.63 | BA28: Frasco x 2,5 litros | BB28: JT Baker | BV28: 454100 | BW28: =BV28*19% -> 86279 | BX28: =+BV28+BW28 -> 540379 | BY28: frasco 50 ml | BZ28: MERCK | CH28: 463182 | CI28: =+CH28*0.19 -> 88004.58 | CJ28: =+CH28+CI28 -> 551186.58 | CK28: frasco 50 ml | CL28: MERCK | CT28: 342720 | CU28: 65116.8 | CV28: =+CT28+CU28 -> 407836.8 | FH28: =SUM(M28,P28,V28,AB28,AH28,AN28,AT28,AZ28,BF28,BL28,BR28,BX28,CD28,CJ28,CP28,CV28,DB28,DH28,DN28,DT28,DZ28,EF28,EL28,ER28,EX28,FD28) -> 2158348 | FI28: =COUNTA(M28,N28,T28,Z28,AF28,AL28,AR28,AX28,BD28,BJ28,BP28,BV28,CB28,CH28,CN28,CT28,CZ28,DF28,DL28,DR28,DX28,ED28,EJ28,EP28,EV28,FB28) -> 4 | FJ28: =IFERROR(FH28/FI28," ") -> 539587
A29: =#REF! -> #REF! | B29: =#REF! -> #REF! | C29: =#REF! -> #REF! | D29: =#REF! -> #REF! | E29: 1 | F29: 0 | G29: 0 | H29: 1372129.5 | I29: 0 | J29: 1374436.9 | K29: 0 | L29: =AVERAGE(H29,J29) -> 1373283.2 | AL29: 1250000 | AM29: =+AL29*0.19 -> 237500 | AN29: =+AL29+AM29 -> 1487500 | AO29: Frasco x 100g | AP29: PANREAC | AR29: =893871/4 -> 223467.75 | AS29: =+AR29*0.19 -> 42458.872 | AT29: =+AR29+AS29 -> 265926.62 | AU29: Frasco x 100g | AV29: PANREAC | BV29: 3194800 | BW29: =BV29*19% -> 607012 | BX29: =+BV29+BW29 -> 3801812 | BY29: frasco x 25 gr | BZ29: JT BAKER | CT29: 369920 | CU29: 70284.8 | CV29: =+CT29+CU29 -> 440204.8 | CZ29: 342621 | DA29: =+CZ29*0.19 -> 65097.99 | DB29: =+CZ29+DA29 -> 407718.99 | DC29: BOTELLA/25g | DD29: Merck | DE29: 1005320025 | FH29: =SUM(M29,P29,V29,AB29,AH29,AN29,AT29,AZ29,BF29,BL29,BR29,BX29,CD29,CJ29,CP29,CV29,DB29,DH29,DN29,DT29,DZ29,EF29,EL29,ER29,EX29,FD29) -> 6403162.4 | FI29: =COUNTA(M29,N29,T29,Z29,AF29,AL29,AR29,AX29,BD29,BJ29,BP29,BV29,CB29,CH29,CN29,CT29,CZ29,DF29,DL29,DR29,DX29,ED29,EJ29,EP29,EV29,FB29) -> 5 | FJ29: =IFERROR(FH29/FI29," ") -> 1280632.5
A30: =#REF! -> #REF! | B30: =#REF! -> #REF! | C30: =#REF! -> #REF! | D30: =#REF! -> #REF! | E30: 1 | F30: 0 | G30: 0 | H30: 661045 | I30: 0 | J30: 0 | K30: 0 | L30: =H30 -> 661045 | BV30: 1151600 | BW30: =BV30*19% -> 218804 | BX30: =+BV30+BW30 -> 1370404 | BY30: frasco x 25gr | BZ30: JT BAKER | CH30: 1220696 | CI30: =+CH30*0.19 -> 231932.24 | CJ30: =+CH30+CI30 -> 1452628.2 | CK30: frasco x 25gr | CL30: JT BAKER | CT30: 183000 | CU30: 34770 | CV30: =+CT30+CU30 -> 217770 | FH30: =SUM(M30,P30,V30,AB30,AH30,AN30,AT30,AZ30,BF30,BL30,BR30,BX30,CD30,CJ30,CP30,CV30,DB30,DH30,DN30,DT30,DZ30,EF30,EL30,ER30,EX30,FD30) -> 3040802.2 | FI30: =COUNTA(M30,N30,T30,Z30,AF30,AL30,AR30,AX30,BD30,BJ30,BP30,BV30,CB30,CH30,CN30,CT30,CZ30,DF30,DL30,DR30,DX30,ED30,EJ30,EP30,EV30,FB30) -> 3 | FJ30: =IFERROR(FH30/FI30," ") -> 1013600.7
A31: =#REF! -> #REF! | B31: =#REF! -> #REF! | C31: =#REF! -> #REF! | D31: =#REF! -> #REF! | E31: 1 | F31: 1375838.3 | G31: 1341368 | H31: 682189.06 | I31: 514080 | J31: 0 | K31: 0 | L31: =AVERAGE(F31,H31) -> 1029013.7 | M31: =AVERAGE(G31,I31)*1.03 -> 955555.72 | AF31: 950000 | AG31: =AF31*19% -> 180500 | AH31: =+AF31+AG31 -> 1130500 | AL31: 759000 | AM31: =+AL31*0.19 -> 144210 | AN31: =+AL31+AM31 -> 903210 | AO31: Frasco x 5g | AP31: PANREAC | AR31: 964800 | AS31: =+AR31*0.19 -> 183312 | AT31: =+AR31+AS31 -> 1148112 | AU31: Frasco x 5g | AV31: Santa Cruz Biotechnology | BV31: 4452000 | BW31: =BV31*19% -> 845880 | BX31: =+BV31+BW31 -> 5297880 | BY31: frasco x 5 gr | BZ31: PANREAC | CT31: 250240 | CU31: 47545.6 | CV31: =+CT31+CU31 -> 297785.6 | FH31: =SUM(M31,P31,V31,AB31,AH31,AN31,AT31,AZ31,BF31,BL31,BR31,BX31,CD31,CJ31,CP31,CV31,DB31,DH31,DN31,DT31,DZ31,EF31,EL31,ER31,EX31,FD31) -> 9733043.3 | FI31: =COUNTA(M31,N31,T31,Z31,AF31,AL31,AR31,AX31,BD31,BJ31,BP31,BV31,CB31,CH31,CN31,CT31,CZ31,DF31,DL31,DR31,DX31,ED31,EJ31,EP31,EV31,FB31) -> 6 | FJ31: =IFERROR(FH31/FI31," ") -> 1622173.9
A32: =#REF! -> #REF! | B32: =#REF! -> #REF! | C32: =#REF! -> #REF! | D32: =#REF! -> #REF! | E32: 1 | F32: 0 | G32: 0 | H32: 0 | I32: 0 | J32: 0 | K32: 0 | AL32: 146000 | AM32: =+AL32*0.19 -> 27740 | AN32: =+AL32+AM32 -> 173740 | AO32: Frasco x 250g | AP32: PANREAC | AR32: 3960000 | AS32: =+AR32*0.19 -> 752400 | AT32: =+AR32+AS32 -> 4712400 | AU32: Frasco x 100g | AV32: Santa Cruz Biotechnology | BV32: 354700 | BW32: =BV32*19% -> 67393 | BX32: =+BV32+BW32 -> 422093 | BY32: frasco x 100 gr | BZ32: SIGMA | CH32: 358247 | CI32: =+CH32*0.19 -> 68066.93 | CJ32: =+CH32+CI32 -> 426313.93 | CK32: frasco x 100 gr | CL32: SIGMA | CT32: 168000 | CU32: 31920 | CV32: =+CT32+CU32 -> 199920 | CZ32: 184571 | DA32: =+CZ32*0.19 -> 35068.49 | DB32: =+CZ32+DA32 -> 219639.49 | DC32: 100g | DD32: Sigma | DE32: 49449100G | FH32: =SUM(M32,P32,V32,AB32,AH32,AN32,AT32,AZ32,BF32,BL32,BR32,BX32,CD32,CJ32,CP32,CV32,DB32,DH32,DN32,DT32,DZ32,EF32,EL32,ER32,EX32,FD32) -> 6154106.4 | FI32: =COUNTA(M32,N32,T32,Z32,AF32,AL32,AR32,AX32,BD32,BJ32,BP32,BV32,CB32,CH32,CN32,CT32,CZ32,DF32,DL32,DR32,DX32,ED32,EJ32,EP32,EV32,FB32) -> 6 | FJ32: =IFERROR(FH32/FI32," ") -> 1025684.4
A33: =#REF! -> #REF! | B33: =#REF! -> #REF! | C33: =#REF! -> #REF! | D33: =#REF! -> #REF! | E33: 1 | F33: 331752.17 | G33: 185521 | H33: 489978.88 | I33: 0 | J33: 404479.02 | K33: 0 | L33: =AVERAGE(F33,H33,J33) -> 408736.69 | M33: =G33*1.03 -> 191086.63 | AL33: =280000/4 -> 70000 | AM33: =+AL33*0.19 -> 13300 | AN33: =+AL33+AM33 -> 83300 | AO33: Frasco x 1 litro | AP33: PANREAC | AR33: =576000/4 -> 144000 | AS33: =+AR33*0.19 -> 27360 | AT33: =+AR33+AS33 -> 171360 | AU33: Frasco x 1 litro | AV33: Santa Cruz Biotechnology | BV33: 784000 | BW33: =BV33*19% -> 148960 | BX33: =+BV33+BW33 -> 932960 | BY33: frasco x 250 ml | BZ33: PANREAC | CH33: 791840 | CI33: =+CH33*0.19 -> 150449.6 | CJ33: =+CH33+CI33 -> 942289.6 | CK33: frasco x 250 ml | CL33: PANREAC | CT33: 209000 | CU33: 39710 | CV33: =+CT33+CU33 -> 248710 | FH33: =SUM(M33,P33,V33,AB33,AH33,AN33,AT33,AZ33,BF33,BL33,BR33,BX33,CD33,CJ33,CP33,CV33,DB33,DH33,DN33,DT33,DZ33,EF33,EL33,ER33,EX33,FD33) -> 2569706.2 | FI33: =COUNTA(M33,N33,T33,Z33,AF33,AL33,AR33,AX33,BD33,BJ33,BP33,BV33,CB33,CH33,CN33,CT33,CZ33,DF33,DL33,DR33,DX33,ED33,EJ33,EP33,EV33,FB33) -> 6 | FJ33: =IFERROR(FH33/FI33," ") -> 428284.37
A34: =#REF! -> #REF! | B34: =#REF! -> #REF! | C34: =#REF! -> #REF! | D34: =#REF! -> #REF! | E34: 1 | F34: 0 | G34: 0 | H34: 0 | I34: 0 | J34: 0 | K34: 0 | AF34: 296000 | AG34: =AF34*19% -> 56240 | AH34: =+AF34+AG34 -> 352240 | AL34: 359000 | AM34: =+AL34*0.19 -> 68210 | AN34: =+AL34+AM34 -> 427210 | AO34: Frasco x 2.5 litros | AP34: PANREAC | AR34: =+(179980/1000)*2500 -> 449950 | AS34: =+AR34*0.19 -> 85490.5 | AT34: =+AR34+AS34 -> 535440.5 | AU34: Frasco x 1 litro | AV34: PANREAC | BV34: 347800 | BW34: =BV34*19% -> 66082 | BX34: =+BV34+BW34 -> 413882 | BY34: frasco x 2.5 litros | BZ34: JT BAKER | CH34: 372146 | CI34: =+CH34*0.19 -> 70707.74 | CJ34: =+CH34+CI34 -> 442853.74 | CK34: frasco x 2.5 litros | CL34: JT BAKER | CT34: 527680 | CU34: 100259.2 | CV34: =+CT34+CU34 -> 627939.2 | CZ34: 311172 | DA34: =+CZ34*0.19 -> 59122.68 | DB34: =+CZ34+DA34 -> 370294.68 | DC34: 2.5 L | DD34: Merck | DE34: 1017992500 | FH34: =SUM(M34,P34,V34,AB34,AH34,AN34,AT34,AZ34,BF34,BL34,BR34,BX34,CD34,CJ34,CP34,CV34,DB34,DH34,DN34,DT34,DZ34,EF34,EL34,ER34,EX34,FD34) -> 3169860.1 | FI34: =COUNTA(M34,N34,T34,Z34,AF34,AL34,AR34,AX34,BD34,BJ34,BP34,BV34,CB34,CH34,CN34,CT34,CZ34,DF34,DL34,DR34,DX34,ED34,EJ34,EP34,EV34,FB34) -> 7 | FJ34: =IFERROR(FH34/FI34," ") -> 452837.16
A35: =#REF! -> #REF! | B35: =#REF! -> #REF! | C35: =#REF! -> #REF! | D35: =#REF! -> #REF! | E35: 1 | F35: 0 | G35: 0 | H35: 0 | I35: 0 | J35: 0 | K35: 0 | AF35: 190000 | AG35: =AF35*19% -> 36100 | AH35: =+AF35+AG35 -> 226100 | AL35: 340000 | AM35: =+AL35*0.19 -> 64600 | AN35: =+AL35+AM35 -> 404600 | AO35: Frasco x 1kg | AP35: PANREAC | AR35: 341863 | AS35: =+AR35*0.19 -> 64953.97 | AT35: =+AR35+AS35 -> 406816.97 | AU35: Frasco x 1kg | AV35: PANREAC | BV35: 1687400 | BW35: =BV35*19% -> 320606 | BX35: =+BV35+BW35 -> 2008006 | BY35: frasco x 1kg | BZ35: JT BAKER | CT35: 209000 | CU35: 39710 | CV35: =+CT35+CU35 -> 248710 | FH35: =SUM(M35,P35,V35,AB35,AH35,AN35,AT35,AZ35,BF35,BL35,BR35,BX35,CD35,CJ35,CP35,CV35,DB35,DH35,DN35,DT35,DZ35,EF35,EL35,ER35,EX35,FD35) -> 3294233 | FI35: =COUNTA(M35,N35,T35,Z35,AF35,AL35,AR35,AX35,BD35,BJ35,BP35,BV35,CB35,CH35,CN35,CT35,CZ35,DF35,DL35,DR35,DX35,ED35,EJ35,EP35,EV35,FB35) -> 5 | FJ35: =IFERROR(FH35/FI35," ") -> 658846.59
A36: =#REF! -> #REF! | B36: =#REF! -> #REF! | C36: =#REF! -> #REF! | D36: =#REF! -> #REF! | E36: 1 | F36: 0 | G36: 0 | H36: 1561698.4 | I36: 1561637 | J36: 1676184.4 | K36: 1634227 | L36: =AVERAGE(H36,J36) -> 1618941.4 | M36: =AVERAGE(I36,K36)*1.03 -> 1645870 | AF36: 1800000 | AG36: =AF36*19% -> 342000 | AH36: =+AF36+AG36 -> 2142000 | AL36: 1330000 | AM36: =+AL36*0.19 -> 252700 | AN36: =+AL36+AM36 -> 1582700 | AO36: Frasco x 2,5 litro | AP36: PANREAC | AR36: 1322206 | AS36: =+AR36*0.19 -> 251219.14 | AT36: =+AR36+AS36 -> 1573425.1 | AU36: Frasco x 2,5 litros | AV36: PANREAC | BV36: 1411900 | BW36: =BV36*19% -> 268261 | BX36: =+BV36+BW36 -> 1680161 | BY36: frasco x 2.5 litros | BZ36: MACRON | CT36: 209000 | CU36: 39710 | CV36: =+CT36+CU36 -> 248710 | FH36: =SUM(M36,P36,V36,AB36,AH36,AN36,AT36,AZ36,BF36,BL36,BR36,BX36,CD36,CJ36,CP36,CV36,DB36,DH36,DN36,DT36,DZ36,EF36,EL36,ER36,EX36,FD36) -> 8872866.1 | FI36: =COUNTA(M36,N36,T36,Z36,AF36,AL36,AR36,AX36,BD36,BJ36,BP36,BV36,CB36,CH36,CN36,CT36,CZ36,DF36,DL36,DR36,DX36,ED36,EJ36,EP36,EV36,FB36) -> 6 | FJ36: =IFERROR(FH36/FI36," ") -> 1478811
A37: =#REF! -> #REF! | B37: =#REF! -> #REF! | C37: =#REF! -> #REF! | D37: =#REF! -> #REF! | E37: 1 | F37: 0 | G37: 0 | H37: 776234.83 | I37: 0 | J37: 0 | K37: 0 | L37: =H37 -> 776234.83 | AF37: 850000 | AG37: =AF37*19% -> 161500 | AH37: =+AF37+AG37 -> 1011500 | AL37: 543000 | AM37: =+AL37*0.19 -> 103170 | AN37: =+AL37+AM37 -> 646170 | AO37: Frasco x 100g | AP37: PANREAC | AR37: =573123/4 -> 143280.75 | AS37: =+AR37*0.19 -> 27223.342 | AT37: =+AR37+AS37 -> 170504.09 | AU37: Frasco x 100g | AV37: PANREAC | BV37: 1874100 | BW37: =BV37*19% -> 356079 | BX37: =+BV37+BW37 -> 2230179 | BY37: frasco x 25 gr | BZ37: MERCK | CT37: 331840 | CU37: 63049.6 | CV37: =+CT37+CU37 -> 394889.6 | FH37: =SUM(M37,P37,V37,AB37,AH37,AN37,AT37,AZ37,BF37,BL37,BR37,BX37,CD37,CJ37,CP37,CV37,DB37,DH37,DN37,DT37,DZ37,EF37,EL37,ER37,EX37,FD37) -> 4453242.7 | FI37: =COUNTA(M37,N37,T37,Z37,AF37,AL37,AR37,AX37,BD37,BJ37,BP37,BV37,CB37,CH37,CN37,CT37,CZ37,DF37,DL37,DR37,DX37,ED37,EJ37,EP37,EV37,FB37) -> 5 | FJ37: =IFERROR(FH37/FI37," ") -> 890648.54
A38: =#REF! -> #REF! | B38: =#REF! -> #REF! | C38: =#REF! -> #REF! | D38: =#REF! -> #REF! | E38: 1 | F38: 0 | G38: 0 | H38: 775007.33 | I38: 0 | J38: 952221.94 | K38: 0 | L38: =AVERAGE(H38,J38) -> 863614.63 | AL38: 798000 | AM38: =+AL38*0.19 -> 151620 | AN38: =+AL38+AM38 -> 949620 | AO38: Frasco x 500g | AP38: PANREAC | AR38: 802373 | AS38: =+AR38*0.19 -> 152450.87 | AT38: =+AR38+AS38 -> 954823.87 | AU38: Frasco x 500g | AV38: PANREAC | BV38: 1345500 | BW38: =BV38*19% -> 255645 | BX38: =+BV38+BW38 -> 1601145 | BY38: frasco x 25 gr | BZ38: SIGMA | CT38: 212160 | CU38: 40310.4 | CV38: =+CT38+CU38 -> 252470.4 | FH38: =SUM(M38,P38,V38,AB38,AH38,AN38,AT38,AZ38,BF38,BL38,BR38,BX38,CD38,CJ38,CP38,CV38,DB38,DH38,DN38,DT38,DZ38,EF38,EL38,ER38,EX38,FD38) -> 3758059.3 | FI38: =COUNTA(M38,N38,T38,Z38,AF38,AL38,AR38,AX38,BD38,BJ38,BP38,BV38,CB38,CH38,CN38,CT38,CZ38,DF38,DL38,DR38,DX38,ED38,EJ38,EP38,EV38,FB38) -> 4 | FJ38: =IFERROR(FH38/FI38," ") -> 939514.82
A39: =#REF! -> #REF! | B39: =#REF! -> #REF! | C39: =#REF! -> #REF! | D39: =#REF! -> #REF! | E39: 1 | F39: 0 | G39: 0 | H39: 0 | I39: 0 | J39: 0 | K39: 0 | AF39: 175000 | AG39: =AF39*19% -> 33250 | AH39: =+AF39+AG39 -> 208250 | AL39: 192000 | AM39: =+AL39*0.19 -> 36480 | AN39: =+AL39+AM39 -> 228480 | AO39: Frasco x 2,5 litros | AP39: PANREAC | BV39: 202500 | BW39: =BV39*19% -> 38475 | BX39: =+BV39+BW39 -> 240975 | BY39: frasco x 2.5 litros | BZ39: JT BAKER | CH39: 206550 | CI39: =+CH39*0.19 -> 39244.5 | CJ39: =+CH39+CI39 -> 245794.5 | CK39: frasco x 2.5 litros | CL39: JT BAKER | CT39: 250240 | CU39: 47545.6 | CV39: =+CT39+CU39 -> 297785.6 | CZ39: 208000 | DA39: =+CZ39*0.19 -> 39520 | DB39: =+CZ39+DA39 -> 247520 | DC39: 2.5 LTS. | DD39: Merck | DE39: CTRM1120802500 | FH39: =SUM(M39,P39,V39,AB39,AH39,AN39,AT39,AZ39,BF39,BL39,BR39,BX39,CD39,CJ39,CP39,CV39,DB39,DH39,DN39,DT39,DZ39,EF39,EL39,ER39,EX39,FD39) -> 1468805.1 | FI39: =COUNTA(M39,N39,T39,Z39,AF39,AL39,AR39,AX39,BD39,BJ39,BP39,BV39,CB39,CH39,CN39,CT39,CZ39,DF39,DL39,DR39,DX39,ED39,EJ39,EP39,EV39,FB39) -> 6 | FJ39: =IFERROR(FH39/FI39," ") -> 244800.85
A40: =#REF! -> #REF! | B40: =#REF! -> #REF! | C40: =#REF! -> #REF! | D40: =#REF! -> #REF! | E40: 1 | F40: 329630 | G40: 321300 | H40: 284563.19 | I40: 0 | J40: 252869.45 | K40: 247758 | L40: =AVERAGE(F40,H40,J40) -> 289020.88 | M40: =AVERAGE(G40,K40)*1.03 -> 293064.87 | AF40: 300000 | AG40: =AF40*19% -> 57000 | AH40: =+AF40+AG40 -> 357000 | AL40: 173000 | AM40: =+AL40*0.19 -> 32870 | AN40: =+AL40+AM40 -> 205870 | AO40: Frasco x 250g | AP40: PANREAC | AR40: 180986 | AS40: =+AR40*0.19 -> 34387.34 | AT40: =+AR40+AS40 -> 215373.34 | AU40: Frasco x 500g | AV40: PANREAC | BV40: 349200 | BW40: =BV40*19% -> 66348 | BX40: =+BV40+BW40 -> 415548 | BY40: frasco x 250 gr | BZ40: MERCK | CH40: 356184 | CI40: =+CH40*0.19 -> 67674.96 | CJ40: =+CH40+CI40 -> 423858.96 | CK40: frasco x 250 gr | CL40: MERCK | CT40: 1408960 | CU40: 267702.4 | CV40: =+CT40+CU40 -> 1676662.4 | CZ40: 172690 | DA40: =+CZ40*0.19 -> 32811.1 | DB40: =+CZ40+DA40 -> 205501.1 | DC40: 250 G | DD40: Merck | DE40: 1008070250 | FH40: =SUM(M40,P40,V40,AB40,AH40,AN40,AT40,AZ40,BF40,BL40,BR40,BX40,CD40,CJ40,CP40,CV40,DB40,DH40,DN40,DT40,DZ40,EF40,EL40,ER40,EX40,FD40) -> 3792878.7 | FI40: =COUNTA(M40,N40,T40,Z40,AF40,AL40,AR40,AX40,BD40,BJ40,BP40,BV40,CB40,CH40,CN40,CT40,CZ40,DF40,DL40,DR40,DX40,ED40,EJ40,EP40,EV40,FB40) -> 8 | FJ40: =IFERROR(FH40/FI40," ") -> 474109.83
A41: =#REF! -> #REF! | B41: =#REF! -> #REF! | C41: =#REF! -> #REF! | D41: =#REF! -> #REF! | E41: 1 | F41: 0 | G41: 0 | H41: 0 | I41: 0 | J41: 0 | K41: 0 | BJ41: 3297000 | BK41: =+BJ41*0.19 -> 626430 | BL41: =+BK41+BJ41 -> 3923430 | BV41: 1100000 | BW41: 0 | BX41: =+BV41+BW41 -> 1100000 | BY41: pack x 2 kwik stik | BZ41: MICROBIOLOGICS | CH41: 1166000 | CI41: =+CH41*0 -> 0 | CJ41: =+CH41+CI41 -> 1166000 | CK41: pack x 2 kwik stik | CL41: MICROBIOLOGICS | CT41: 3410880 | CU41: 648067.2 | CV41: =+CT41+CU41 -> 4058947.2 | FH41: =SUM(M41,P41,V41,AB41,AH41,AN41,AT41,AZ41,BF41,BL41,BR41,BX41,CD41,CJ41,CP41,CV41,DB41,DH41,DN41,DT41,DZ41,EF41,EL41,ER41,EX41,FD41) -> 10248377 | FI41: =COUNTA(M41,N41,T41,Z41,AF41,AL41,AR41,AX41,BD41,BJ41,BP41,BV41,CB41,CH41,CN41,CT41,CZ41,DF41,DL41,DR41,DX41,ED41,EJ41,EP41,EV41,FB41) -> 4 | FJ41: =IFERROR(FH41/FI41," ") -> 2562094.3
A42: =#REF! -> #REF! | B42: =#REF! -> #REF! | C42: =#REF! -> #REF! | D42: =#REF! -> #REF! | E42: 1 | F42: 0 | G42: 0 | H42: 0 | I42: 0 | J42: 0 | K42: 0 | AR42: 194400 | AS42: =+AR42*0.19 -> 36936 | AT42: =+AR42+AS42 -> 231336 | AU42: Frasco x 5g | AV42: Santa Cruz Biotechnology | BV42: 287000 | BW42: =BV42*19% -> 54530 | BX42: =+BV42+BW42 -> 341530 | BY42: frasco x 5 gr | BZ42: SIGMA | CH42: 304220 | CI42: =+CH42*0.19 -> 57801.8 | CJ42: =+CH42+CI42 -> 362021.8 | CK42: frasco x 5 gr | CL42: SIGMA | CT42: 3323840 | CU42: 631529.6 | CV42: =+CT42+CU42 -> 3955369.6 | FH42: =SUM(M42,P42,V42,AB42,AH42,AN42,AT42,AZ42,BF42,BL42,BR42,BX42,CD42,CJ42,CP42,CV42,DB42,DH42,DN42,DT42,DZ42,EF42,EL42,ER42,EX42,FD42) -> 4890257.4 | FI42: =COUNTA(M42,N42,T42,Z42,AF42,AL42,AR42,AX42,BD42,BJ42,BP42,BV42,CB42,CH42,CN42,CT42,CZ42,DF42,DL42,DR42,DX42,ED42,EJ42,EP42,EV42,FB42) -> 4 | FJ42: =IFERROR(FH42/FI42," ") -> 1222564.4
A43: =#REF! -> #REF! | B43: =#REF! -> #REF! | C43: =#REF! -> #REF! | D43: =#REF! -> #REF! | E43: 1 | F43: 532855.82 | G43: 0 | H43: 551132.77 | I43: 0 | J43: 0 | K43: 0 | L43: =AVERAGE(F43,H43) -> 541994.3 | AR43: 1645000 | AS43: =+AR43*0.19 -> 312550 | AT43: =+AR43+AS43 -> 1957550 | AU43: Frasco x 125ml | AV43: Abcam | BV43: 1045300 | BW43: =BV43*19% -> 198607 | BX43: =+BV43+BW43 -> 1243907 | BY43: frasco x 110 ml | BZ43: SIGMA | CH43: 1055753 | CI43: =+CH43*0.19 -> 200593.07 | CJ43: =+CH43+CI43 -> 1256346.1 | CK43: frasco x 110 ml | CL43: SIGMA | CT43: 326400 | CU43: 62016 | CV43: =+CT43+CU43 -> 388416 | FH43: =SUM(M43,P43,V43,AB43,AH43,AN43,AT43,AZ43,BF43,BL43,BR43,BX43,CD43,CJ43,CP43,CV43,DB43,DH43,DN43,DT43,DZ43,EF43,EL43,ER43,EX43,FD43) -> 4846219.1 | FI43: =COUNTA(M43,N43,T43,Z43,AF43,AL43,AR43,AX43,BD43,BJ43,BP43,BV43,CB43,CH43,CN43,CT43,CZ43,DF43,DL43,DR43,DX43,ED43,EJ43,EP43,EV43,FB43) -> 4 | FJ43: =IFERROR(FH43/FI43," ") -> 1211554.8
A44: =#REF! -> #REF! | B44: =#REF! -> #REF! | C44: =#REF! -> #REF! | D44: =#REF! -> #REF! | E44: 1 | F44: 0 | G44: 0 | H44: 0 | I44: 0 | J44: 0 | K44: 0 | BJ44: 425000 | BK44: =+BJ44*0.19 -> 80750 | BL44: =+BK44+BJ44 -> 505750 | BM44: LIOFILCHEM | BV44: 1038000 | BW44: =BV44*19% -> 197220 | BX44: =+BV44+BW44 -> 1235220 | BY44: frasco x 500 gr | BZ44: SCHARLAU | CB44: 506144 | CC44: =+CB44*19% -> 96167.36 | CD44: =+CC44+CB44 -> 602311.36 | CT44: 326400 | CU44: 62016 | CV44: =+CT44+CU44 -> 388416 | FH44: =SUM(M44,P44,V44,AB44,AH44,AN44,AT44,AZ44,BF44,BL44,BR44,BX44,CD44,CJ44,CP44,CV44,DB44,DH44,DN44,DT44,DZ44,EF44,EL44,ER44,EX44,FD44) -> 2731697.4 | FI44: =COUNTA(M44,N44,T44,Z44,AF44,AL44,AR44,AX44,BD44,BJ44,BP44,BV44,CB44,CH44,CN44,CT44,CZ44,DF44,DL44,DR44,DX44,ED44,EJ44,EP44,EV44,FB44) -> 4 | FJ44: =IFERROR(FH44/FI44," ") -> 682924.34
A45: =#REF! -> #REF! | B45: =#REF! -> #REF! | C45: =#REF! -> #REF! | D45: =#REF! -> #REF! | E45: 1 | F45: 0 | G45: 0 | H45: 0 | I45: 0 | J45: 797300 | K45: 773500 | L45: =J45 -> 797300 | M45: =K45*1.03 -> 796705 | N45: 795000 | O45: =+N45*0.19 -> 151050 | P45: =+O45+N45 -> 946050 | Q45: Frasco x 500 Gr | R45: OXOID | AL45: 498000 | AM45: =+AL45*0.19 -> 94620 | AN45: =+AL45+AM45 -> 592620 | AO45: Frasco 500g | AP45: PANREAC | AR45: 648000 | AS45: =+AR45*0.19 -> 123120 | AT45: =+AR45+AS45 -> 771120 | AU45: Frasco x 500g | AV45: Santa Cruz Biotechnology | BV45: 1872300 | BW45: =BV45*19% -> 355737 | BX45: =+BV45+BW45 -> 2228037 | BY45: frasco x 500 gr | BZ45: MERCK | CB45: 678500 | CC45: =+CB45*19% -> 128915 | CD45: =+CC45+CB45 -> 807415 | CT45: 225000 | CU45: 42750 | CV45: =+CT45+CU45 -> 267750 | CZ45: 1135359 | DA45: =+CZ45*0.19 -> 215718.21 | DB45: =+CZ45+DA45 -> 1351077.2 | DC45: 1 KG | DD45: Merck | DE45: 1016141000 | FH45: =SUM(M45,P45,V45,AB45,AH45,AN45,AT45,AZ45,BF45,BL45,BR45,BX45,CD45,CJ45,CP45,CV45,DB45,DH45,DN45,DT45,DZ45,EF45,EL45,ER45,EX45,FD45) -> 7760774.2 | FI45: =COUNTA(M45,N45,T45,Z45,AF45,AL45,AR45,AX45,BD45,BJ45,BP45,BV45,CB45,CH45,CN45,CT45,CZ45,DF45,DL45,DR45,DX45,ED45,EJ45,EP45,EV45,FB45) -> 8 | FJ45: =IFERROR(FH45/FI45," ") -> 970096.78
A46: =#REF! -> #REF! | B46: =#REF! -> #REF! | C46: =#REF! -> #REF! | D46: =#REF! -> #REF! | E46: 1 | F46: 757137.5 | G46: 0 | H46: 783107.32 | I46: 0 | J46: 1606500 | K46: 1583890 | L46: =AVERAGE(F46,H46,J46) -> 1048914.9 | M46: =K46*1.03 -> 1631406.7 | BV46: 2540000 | BW46: =BV46*19% -> 482600 | BX46: =+BV46+BW46 -> 3022600 | BY46: frasco x 500 gr | BZ46: BD | CT46: 238000 | CU46: 45220 | CV46: =+CT46+CU46 -> 283220 | CZ46: 734358 | DA46: =+CZ46*0.19 -> 139528.02 | DB46: =+CZ46+DA46 -> 873886.02 | DC46: 500 GR | DD46: Merck | DE46: 1039150500 | FH46: =SUM(M46,P46,V46,AB46,AH46,AN46,AT46,AZ46,BF46,BL46,BR46,BX46,CD46,CJ46,CP46,CV46,DB46,DH46,DN46,DT46,DZ46,EF46,EL46,ER46,EX46,FD46) -> 5811112.7 | FI46: =COUNTA(M46,N46,T46,Z46,AF46,AL46,AR46,AX46,BD46,BJ46,BP46,BV46,CB46,CH46,CN46,CT46,CZ46,DF46,DL46,DR46,DX46,ED46,EJ46,EP46,EV46,FB46) -> 4 | FJ46: =IFERROR(FH46/FI46," ") -> 1452778.2
A47: =#REF! -> #REF! | B47: =#REF! -> #REF! | C47: =#REF! -> #REF! | D47: =#REF! -> #REF! | E47: 1 | F47: 0 | G47: 0 | H47: 776701.1 | I47: 0 | J47: 869890 | K47: 0 | L47: =AVERAGE(H47,J47) -> 823295.55 | N47: 1413000 | O47: =+N47*0.19 -> 268470 | P47: =+O47+N47 -> 1681470 | Q47: Frasco x 500 Gr | R47: OXOID | BP47: 556235 | BQ47: =BP47*19% -> 105684.65 | BR47: =+BP47+BQ47 -> 661919.65 | BS47: Frasco x 500 g | BT47: GENEON Ref. CE169 | BU47: Yeast extract powder (Molecular Biology Grade) 500 g | BV47: 1997700 | BW47: =BV47*19% -> 379563 | BX47: =+BV47+BW47 -> 2377263 | BY47: frasco x 500 gr | BZ47: MERCK | CT47: 315520 | CU47: 59948.8 | CV47: =+CT47+CU47 -> 375468.8 | FH47: =SUM(M47,P47,V47,AB47,AH47,AN47,AT47,AZ47,BF47,BL47,BR47,BX47,CD47,CJ47,CP47,CV47,DB47,DH47,DN47,DT47,DZ47,EF47,EL47,ER47,EX47,FD47) -> 5096121.5 | FI47: =COUNTA(M47,N47,T47,Z47,AF47,AL47,AR47,AX47,BD47,BJ47,BP47,BV47,CB47,CH47,CN47,CT47,CZ47,DF47,DL47,DR47,DX47,ED47,EJ47,EP47,EV47,FB47) -> 4 | FJ47: =IFERROR(FH47/FI47," ") -> 1274030.4
A48: =#REF! -> #REF! | B48: =#REF! -> #REF! | C48: =#REF! -> #REF! | D48: =#REF! -> #REF! | E48: 1 | F48: 0 | G48: 0 | H48: 0 | I48: 0 | J48: 0 | K48: 0 | BV48: 2046900 | BW48: =BV48*19% -> 388911 | BX48: =+BV48+BW48 -> 2435811 | BY48: frasco x 500 gr | BZ48: MERCK | CT48: 293760 | CU48: 55814.4 | CV48: =+CT48+CU48 -> 349574.4 | FH48: =SUM(M48,P48,V48,AB48,AH48,AN48,AT48,AZ48,BF48,BL48,BR48,BX48,CD48,CJ48,CP48,CV48,DB48,DH48,DN48,DT48,DZ48,EF48,EL48,ER48,EX48,FD48) -> 2785385.4 | FI48: =COUNTA(M48,N48,T48,Z48,AF48,AL48,AR48,AX48,BD48,BJ48,BP48,BV48,CB48,CH48,CN48,CT48,CZ48,DF48,DL48,DR48,DX48,ED48,EJ48,EP48,EV48,FB48) -> 2 | FJ48: =IFERROR(FH48/FI48," ") -> 1392692.7
A49: =#REF! -> #REF! | B49: =#REF! -> #REF! | C49: =#REF! -> #REF! | D49: =#REF! -> #REF! | E49: 1 | F49: 0 | G49: 0 | H49: 0 | I49: 0 | J49: 587860 | K49: 493850 | L49: =J49 -> 587860 | M49: =K49*1.03 -> 508665.5 | AL49: 340000 | AM49: =+AL49*0.19 -> 64600 | AN49: =+AL49+AM49 -> 404600 | AO49: Frasco 500g | AP49: PANREAC | BV49: 545200 | BW49: =BV49*19% -> 103588 | BX49: =+BV49+BW49 -> 648788 | BY49: frasco x 500 gr | BZ49: MERCK | CB49: 315000 | CC49: =+CB49*19% -> 59850 | CD49: =+CC49+CB49 -> 374850 | CH49: 556104 | CI49: =+CH49*0.19 -> 105659.76 | CJ49: =+CH49+CI49 -> 661763.76 | CK49: frasco x 500 gr | CL49: MERCK | CT49: 505920 | CU49: 96124.8 | CV49: =+CT49+CU49 -> 602044.8 | CZ49: 305707 | DA49: =+CZ49*0.19 -> 58084.33 | DB49: =+CZ49+DA49 -> 363791.33 | DC49: 500 GR | DD49: Merck | DE49: 1054650500 | FH49: =SUM(M49,P49,V49,AB49,AH49,AN49,AT49,AZ49,BF49,BL49,BR49,BX49,CD49,CJ49,CP49,CV49,DB49,DH49,DN49,DT49,DZ49,EF49,EL49,ER49,EX49,FD49) -> 3564503.4 | FI49: =COUNTA(M49,N49,T49,Z49,AF49,AL49,AR49,AX49,BD49,BJ49,BP49,BV49,CB49,CH49,CN49,CT49,CZ49,DF49,DL49,DR49,DX49,ED49,EJ49,EP49,EV49,FB49) -> 7 | FJ49: =IFERROR(FH49/FI49," ") -> 509214.77
A50: =#REF! -> #REF! | B50: =#REF! -> #REF! | C50: =#REF! -> #REF! | D50: =#REF! -> #REF! | E50: 1 | F50: 710787 | G50: 685797 | H50: 0 | I50: 0 | J50: 522171.11 | K50: 515270 | L50: =AVERAGE(F50,J50) -> 616479.05 | M50: =AVERAGE(G50,K50)*1.03 -> 618549.51 | AL50: 398000 | AM50: =+AL50*0.19 -> 75620 | AN50: =+AL50+AM50 -> 473620 | AO50: Frasco 500g | AP50: PANREAC | AR50: 382082 | AS50: =+AR50*0.19 -> 72595.58 | AT50: =+AR50+AS50 -> 454677.58 | AU50: Frasco x 500g | AV50: PANREAC | BV50: 576000 | BW50: =BV50*19% -> 109440 | BX50: =+BV50+BW50 -> 685440 | BY50: frasco x 500 gr | BZ50: SCHARLAU | CH50: 593280 | CI50: =+CH50*0.19 -> 112723.2 | CJ50: =+CH50+CI50 -> 706003.2 | CK50: frasco x 500 gr | CL50: SCHARLAU | CT50: 320960 | CU50: 60982.4 | CV50: =+CT50+CU50 -> 381942.4 | CZ50: 446033 | DA50: =+CZ50*0.19 -> 84746.27 | DB50: =+CZ50+DA50 -> 530779.27 | DC50: 500 GR | DD50: Merck | DE50: 1054370500 | FH50: =SUM(M50,P50,V50,AB50,AH50,AN50,AT50,AZ50,BF50,BL50,BR50,BX50,CD50,CJ50,CP50,CV50,DB50,DH50,DN50,DT50,DZ50,EF50,EL50,ER50,EX50,FD50) -> 3851012 | FI50: =COUNTA(M50,N50,T50,Z50,AF50,AL50,AR50,AX50,BD50,BJ50,BP50,BV50,CB50,CH50,CN50,CT50,CZ50,DF50,DL50,DR50,DX50,ED50,EJ50,EP50,EV50,FB50) -> 7 | FJ50: =IFERROR(FH50/FI50," ") -> 550144.57
A51: =#REF! -> #REF! | B51: =#REF! -> #REF! | C51: =#REF! -> #REF! | D51: =#REF! -> #REF! | E51: 1 | F51: 0 | G51: 0 | H51: 0 | I51: 0 | J51: 365166.97 | K51: 360570 | L51: =J51 -> 365166.97 | M51: =K51*1.03 -> 371387.1 | N51: 258750 | O51: =+N51*0.19 -> 49162.5 | P51: =+O51+N51 -> 307912.5 | Q51: Frasco x 500 Gr | R51: OXOID | AL51: 335000 | AM51: =+AL51*0.19 -> 63650 | AN51: =+AL51+AM51 -> 398650 | AO51: Frasco 500g | AP51: PANREAC | AR51: 291589 | AS51: =+AR51*0.19 -> 55401.91 | AT51: =+AR51+AS51 -> 346990.91 | AU51: Frasco x 500g | AV51: PANREAC | BJ51: 138550 | BK51: =+BJ51*0.19 -> 26324.5 | BL51: =+BK51+BJ51 -> 164874.5 | BM51: LIOFILCHEM | BV51: 298000 | BW51: =BV51*19% -> 56620 | BX51: =+BV51+BW51 -> 354620 | BY51: frasco x 500 gr | BZ51: SCHARLAU | CB51: 212000 | CC51: =+CB51*19% -> 40280 | CD51: =+CC51+CB51 -> 252280 | CH51: 306940 | CI51: =+CH51*0.19 -> 58318.6 | CJ51: =+CH51+CI51 -> 365258.6 | CK51: frasco x 500 gr | CL51: SCHARLAU | CT51: 2197760 | CU51: 417574.4 | CV51: =+CT51+CU51 -> 2615334.4 | CZ51: 233202 | DA51: =+CZ51*0.19 -> 44308.38 | DB51: =+CZ51+DA51 -> 277510.38 | DC51: 500 GR | DD51: Merck | DE51: 1039150500 | FH51: =SUM(M51,P51,V51,AB51,AH51,AN51,AT51,AZ51,BF51,BL51,BR51,BX51,CD51,CJ51,CP51,CV51,DB51,DH51,DN51,DT51,DZ51,EF51,EL51,ER51,EX51,FD51) -> 5454818.4 | FI51: =COUNTA(M51,N51,T51,Z51,AF51,AL51,AR51,AX51,BD51,BJ51,BP51,BV51,CB51,CH51,CN51,CT51,CZ51,DF51,DL51,DR51,DX51,ED51,EJ51,EP51,EV51,FB51) -> 10 | FJ51: =IFERROR(FH51/FI51," ") -> 545481.84
A52: =#REF! -> #REF! | B52: =#REF! -> #REF! | C52: =#REF! -> #REF! | D52: =#REF! -> #REF! | E52: 1 | F52: 114240 | G52: 0 | H52: 449962.8 | I52: 0 | J52: 605325.15 | K52: 595000 | L52: =AVERAGE(F52,H52,J52) -> 389842.65 | M52: =K52*1.03 -> 612850 | N52: 396000 | O52: =+N52*0.19 -> 75240 | P52: =+O52+N52 -> 471240 | Q52: Frasco x 500 Gr | R52: OXOID | S52: Presentación ofrecida superior a la requerida | AF52: 650000 | AG52: =AF52*19% -> 123500 | AH52: =+AF52+AG52 -> 773500 | AL52: 280000 | AM52: =+AL52*0.19 -> 53200 | AN52: =+AL52+AM52 -> 333200 | AO52: Frasco 500g | AP52: PANREAC | AR52: 437383 | AS52: =+AR52*0.19 -> 83102.77 | AT52: =+AR52+AS52 -> 520485.77 | AU52: Frasco x 500g | AV52: PANREAC | BJ52: 68000 | BK52: =+BJ52*0.19 -> 12920 | BL52: =+BK52+BJ52 -> 80920 | BM52: LIOFILCHEM | BV52: 492000 | BW52: =BV52*19% -> 93480 | BX52: =+BV52+BW52 -> 585480 | BY52: frasco x 100 gr | BZ52: SCHARLAU | CH52: 496920 | CI52: =+CH52*0.19 -> 94414.8 | CJ52: =+CH52+CI52 -> 591334.8 | CK52: frasco x 100 gr | CL52: SCHARLAU | CT52: 391680 | CU52: 74419.2 | CV52: =+CT52+CU52 -> 466099.2 | FH52: =SUM(M52,P52,V52,AB52,AH52,AN52,AT52,AZ52,BF52,BL52,BR52,BX52,CD52,CJ52,CP52,CV52,DB52,DH52,DN52,DT52,DZ52,EF52,EL52,ER52,EX52,FD52) -> 4435109.8 | FI52: =COUNTA(M52,N52,T52,Z52,AF52,AL52,AR52,AX52,BD52,BJ52,BP52,BV52,CB52,CH52,CN52,CT52,CZ52,DF52,DL52,DR52,DX52,ED52,EJ52,EP52,EV52,FB52) -> 9 | FJ52: =IFERROR(FH52/FI52," ") -> 492789.97
A53: =#REF! -> #REF! | B53: =#REF! -> #REF! | C53: =#REF! -> #REF! | D53: =#REF! -> #REF! | E53: 1 | F53: 3099156.7 | G53: 3021648 | H53: 2500257.1 | I53: 979965 | J53: 2442685.7 | K53: 0 | L53: =AVERAGE(F53,H53,J53) -> 2680699.8 | M53: =AVERAGE(G53,I53)*1.03 -> 2060830.7 | T53: 3382000 | U53: =+T53*0.19 -> 642580 | V53: =+U53+T53 -> 4024580 | W53: Bolsa x 500g | X53: Invitrogen | AL53: =755000*2 -> 1510000 | AM53: =+AL53*0.19 -> 286900 | AN53: =+AL53+AM53 -> 1796900 | AO53: Frasco x 250g | AP53: PANREAC | AR53: =793323*2 -> 1586646 | AS53: =+AR53*0.19 -> 301462.74 | AT53: =+AR53+AS53 -> 1888108.7 | AU53: Frasco x 250g | AV53: PANREAC | BD53: 10187000 | BE53: =+BD53*0.19 -> 1935530 | BF53: =+BD53+BE53 -> 12122530 | BG53: Frasco x 500 g | BH53: MP Biomedicals | BP53: 1046664 | BQ53: =BP53*19% -> 198866.16 | BR53: =+BP53+BQ53 -> 1245530.2 | BS53: Frasco x 500 g | BT53: GENEON ref. 604-005 | BU53: Agarose Standard 50bp - 50.000 bp 1x500g | CT53: 734400 | CU53: 139536 | CV53: =+CT53+CU53 -> 873936 | CZ53: 3480000 | DA53: =+CZ53*0.19 -> 661200 | DB53: =+CZ53+DA53 -> 4141200 | DC53: 500 G | DD53: Merck | DE53: US1121853500GM | FH53: =SUM(M53,P53,V53,AB53,AH53,AN53,AT53,AZ53,BF53,BL53,BR53,BX53,CD53,CJ53,CP53,CV53,DB53,DH53,DN53,DT53,DZ53,EF53,EL53,ER53,EX53,FD53) -> 28153616 | FI53: =COUNTA(M53,N53,T53,Z53,AF53,AL53,AR53,AX53,BD53,BJ53,BP53,BV53,CB53,CH53,CN53,CT53,CZ53,DF53,DL53,DR53,DX53,ED53,EJ53,EP53,EV53,FB53) -> 8 | FJ53: =IFERROR(FH53/FI53," ") -> 3519201.9
A54: =#REF! -> #REF! | B54: =#REF! -> #REF! | C54: =#REF! -> #REF! | D54: =#REF! -> #REF! | E54: 1 | F54: 0 | G54: 0 | H54: 1454160 | I54: 0 | J54: 849322.5 | K54: 0 | L54: =AVERAGE(H54,J54) -> 1151741.2 | T54: 1144000 | U54: =+T54*0 -> 0 | V54: =+U54+T54 -> 1144000 | W54: kit x 100rxn | X54: Ambion | AR54: 1170288 | AS54: =+AR54*0.19 -> 222354.72 | AT54: =+AR54+AS54 -> 1392642.7 | AU54: kit x 200rxn | AV54: New England Biolabs | BP54: 2812229 | BQ54: =BP54*19% -> 534323.51 | BR54: =+BP54+BQ54 -> 3346552.5 | BT54: AGILENT ref. 600809 | BU54: Brilliant II QRT-PCR 1-Step Master Mix 25 µL/reaction. | CT54: 1185920 | CU54: 225324.8 | CV54: =+CT54+CU54 -> 1411244.8 | FH54: =SUM(M54,P54,V54,AB54,AH54,AN54,AT54,AZ54,BF54,BL54,BR54,BX54,CD54,CJ54,CP54,CV54,DB54,DH54,DN54,DT54,DZ54,EF54,EL54,ER54,EX54,FD54) -> 7294440 | FI54: =COUNTA(M54,N54,T54,Z54,AF54,AL54,AR54,AX54,BD54,BJ54,BP54,BV54,CB54,CH54,CN54,CT54,CZ54,DF54,DL54,DR54,DX54,ED54,EJ54,EP54,EV54,FB54) -> 4 | FJ54: =IFERROR(FH54/FI54," ") -> 1823610
A55: =#REF! -> #REF! | B55: =#REF! -> #REF! | C55: =#REF! -> #REF! | D55: =#REF! -> #REF! | E55: 1 | F55: 318673.27 | G55: 313803 | H55: 386214.5 | I55: 386155 | J55: 370994.14 | K55: 361760 | L55: =AVERAGE(F55,H55,J55) -> 358627.3 | M55: =AVERAGE(G55,I55,K55)*1.03 -> 364523.18 | T55: =140000*2 -> 280000 | U55: =+T55*0.19 -> 53200 | V55: =+U55+T55 -> 333200 | W55: Frasco x 500ml | X55: Invitrogen | BP55: 379054 | BQ55: =BP55*19% -> 72020.26 | BR55: =+BP55+BQ55 -> 451074.26 | BS55: Frasco x 1000 ml | BT55: HYCLONE ref. SH30538.03 COTIZAR LA DE 500 ML SH30538.02 | BU55: Water, Molecular Biology Grade, DNase, RNase, Protease free (no activity within assay detectability limits), Deionized, Distilled, 0.1 µm Sterile Filtered-1000 mL | BV55: 1098000 | BW55: =BV55*19% -> 208620 | BX55: =+BV55+BW55 -> 1306620 | BY55: frasco x 1 litro | BZ55: AMRESCO | CT55: 366000 | CU55: 69540 | CV55: =+CT55+CU55 -> 435540 | FH55: =SUM(M55,P55,V55,AB55,AH55,AN55,AT55,AZ55,BF55,BL55,BR55,BX55,CD55,CJ55,CP55,CV55,DB55,DH55,DN55,DT55,DZ55,EF55,EL55,ER55,EX55,FD55) -> 2890957.4 | FI55: =COUNTA(M55,N55,T55,Z55,AF55,AL55,AR55,AX55,BD55,BJ55,BP55,BV55,CB55,CH55,CN55,CT55,CZ55,DF55,DL55,DR55,DX55,ED55,EJ55,EP55,EV55,FB55) -> 5 | FJ55: =IFERROR(FH55/FI55," ") -> 578191.49
A56: =#REF! -> #REF! | B56: =#REF! -> #REF! | C56: =#REF! -> #REF! | D56: =#REF! -> #REF! | E56: 1 | F56: 0 | G56: 0 | H56: 0 | I56: 0 | J56: 308920.43 | K56: 0 | L56: =J56 -> 308920.43 | AF56: 15000 | AG56: 0 | AH56: =+AF56+AG56 -> 15000 | AR56: 219194 | AS56: =+AR56*0.19 -> 41646.86 | AT56: =+AR56+AS56 -> 260840.86 | AU56: Frasco x 1 litro | AV56: Panreac | BV56: 122200 | BW56: =BV56*19% -> 23218 | BX56: =+BV56+BW56 -> 145418 | BY56: botella x 500ml | BZ56: MOL LABS | CH56: 129532 | CI56: =+CH56*0.19 -> 24611.08 | CJ56: =+CH56+CI56 -> 154143.08 | CK56: botella x 500ml | CL56: MOL LABS | FH56: =SUM(M56,P56,V56,AB56,AH56,AN56,AT56,AZ56,BF56,BL56,BR56,BX56,CD56,CJ56,CP56,CV56,DB56,DH56,DN56,DT56,DZ56,EF56,EL56,ER56,EX56,FD56) -> 575401.94 | FI56: =COUNTA(M56,N56,T56,Z56,AF56,AL56,AR56,AX56,BD56,BJ56,BP56,BV56,CB56,CH56,CN56,CT56,CZ56,DF56,DL56,DR56,DX56,ED56,EJ56,EP56,EV56,FB56) -> 4 | FJ56: =IFERROR(FH56/FI56," ") -> 143850.48
A57: =#REF! -> #REF! | B57: =#REF! -> #REF! | C57: =#REF! -> #REF! | D57: =#REF! -> #REF! | E57: 1 | F57: 0 | G57: 0 | H57: 288559.71 | I57: 220150 | J57: 298782.42 | K57: 297500 | L57: =AVERAGE(H57,J57) -> 293671.07 | M57: =AVERAGE(I57,K57)*1.03 -> 266589.75 | AF57: 300000 | AG57: =AF57*19% -> 57000 | AH57: =+AF57+AG57 -> 357000 | AR57: 226233 | AS57: =+AR57*0.19 -> 42984.27 | AT57: =+AR57+AS57 -> 269217.27 | AU57: Frasco x 500g | AV57: Panreac | BJ57: 182750 | BK57: =+BJ57*0.19 -> 34722.5 | BL57: =+BK57+BJ57 -> 217472.5 | BM57: LIOFILCHEM | BV57: 747600 | BW57: =BV57*19% -> 142044 | BX57: =+BV57+BW57 -> 889644 | BY57: frasco x 500 gr | BZ57: PANREAC | CB57: 234000 | CC57: =+CB57*19% -> 44460 | CD57: =+CC57+CB57 -> 278460 | CT57: 125000 | CU57: 23750 | CV57: =+CT57+CU57 -> 148750 | CZ57: 194010 | DA57: =+CZ57*0.19 -> 36861.9 | DB57: =+CZ57+DA57 -> 230871.9 | DC57: 500 G | DD57: Merck | DE57: 1072280500 | FH57: =SUM(M57,P57,V57,AB57,AH57,AN57,AT57,AZ57,BF57,BL57,BR57,BX57,CD57,CJ57,CP57,CV57,DB57,DH57,DN57,DT57,DZ57,EF57,EL57,ER57,EX57,FD57) -> 2658005.4 | FI57: =COUNTA(M57,N57,T57,Z57,AF57,AL57,AR57,AX57,BD57,BJ57,BP57,BV57,CB57,CH57,CN57,CT57,CZ57,DF57,DL57,DR57,DX57,ED57,EJ57,EP57,EV57,FB57) -> 8 | FJ57: =IFERROR(FH57/FI57," ") -> 332250.68
A58: =#REF! -> #REF! | B58: =#REF! -> #REF! | C58: =#REF! -> #REF! | D58: =#REF! -> #REF! | E58: 1 | F58: 171524.7 | G58: 145180 | H58: 363457.5 | I58: 0 | J58: 0 | K58: 0 | L58: =AVERAGE(F58,H58) -> 267491.1 | M58: =G58*1.03 -> 149535.4 | AF58: 100000 | AG58: =AF58*19% -> 19000 | AH58: =+AF58+AG58 -> 119000 | BD58: 499000 | BE58: =+BD58*0.19 -> 94810 | BF58: =+BD58+BE58 -> 593810 | BG58: Frasco x 500 ml | BH58: MP Biomedicals | BP58: =379054/2 -> 189527 | BQ58: =BP58*19% -> 36010.13 | BR58: =+BP58+BQ58 -> 225537.13 | BS58: Frasco x 1000 ml | BT58: HYCLONE ref. SH30538.03 COTIZAR LA DE 500 ML SH30538.02 | BU58: Water, Molecular Biology Grade, DNase, RNase, Protease free (no activity within assay detectability limits), Deionized, Distilled, 0.1 µm Sterile Filtered-1000 mL | BV58: 313600 | BW58: =BV58*19% -> 59584 | BX58: =+BV58+BW58 -> 373184 | BY58: frasco x 500 ml | BZ58: GROWCELLS | CH58: 323008 | CI58: =+CH58*0.19 -> 61371.52 | CJ58: =+CH58+CI58 -> 384379.52 | CK58: frasco x 500 ml | CL58: GROWCELLS | CT58: 231000 | CU58: =+CT58*0 -> 0 | CV58: =+CT58+CU58 -> 231000 | FH58: =SUM(M58,P58,V58,AB58,AH58,AN58,AT58,AZ58,BF58,BL58,BR58,BX58,CD58,CJ58,CP58,CV58,DB58,DH58,DN58,DT58,DZ58,EF58,EL58,ER58,EX58,FD58) -> 2076446.1 | FI58: =COUNTA(M58,N58,T58,Z58,AF58,AL58,AR58,AX58,BD58,BJ58,BP58,BV58,CB58,CH58,CN58,CT58,CZ58,DF58,DL58,DR58,DX58,ED58,EJ58,EP58,EV58,FB58) -> 7 | FJ58: =IFERROR(FH58/FI58," ") -> 296635.15
A59: =#REF! -> #REF! | B59: =#REF! -> #REF! | C59: =#REF! -> #REF! | D59: =#REF! -> #REF! | E59: 1 | F59: 57857 | G59: 56100 | H59: 74729.071 | I59: 0 | J59: 61787.5 | K59: 49300 | L59: =AVERAGE(F59,H59,J59) -> 64791.19 | M59: =AVERAGE(G59,K59)*1.03 -> 54281 | AF59: 70000 | AG59: =AF59*19% -> 13300 | AH59: =+AF59+AG59 -> 83300 | BV59: 94300 | BW59: =BV59*19% -> 17917 | BX59: =+BV59+BW59 -> 112217 | BY59: frasco x 1 litro | BZ59: BIOQUIGEN | CB59: 162000 | CC59: =+CB59*19% -> 30780 | CD59: =+CC59+CB59 -> 192780 | CH59: 98072 | CI59: =+CH59*0.19 -> 18633.68 | CJ59: =+CH59+CI59 -> 116705.68 | CK59: frasco x 1 litro | CL59: BIOQUIGEN | CT59: 92000 | CU59: 17480 | CV59: =+CT59+CU59 -> 109480 | FH59: =SUM(M59,P59,V59,AB59,AH59,AN59,AT59,AZ59,BF59,BL59,BR59,BX59,CD59,CJ59,CP59,CV59,DB59,DH59,DN59,DT59,DZ59,EF59,EL59,ER59,EX59,FD59) -> 668763.68 | FI59: =COUNTA(M59,N59,T59,Z59,AF59,AL59,AR59,AX59,BD59,BJ59,BP59,BV59,CB59,CH59,CN59,CT59,CZ59,DF59,DL59,DR59,DX59,ED59,EJ59,EP59,EV59,FB59) -> 6 | FJ59: =IFERROR(FH59/FI59," ") -> 111460.61
A60: =#REF! -> #REF! | B60: =#REF! -> #REF! | C60: =#REF! -> #REF! | D60: =#REF! -> #REF! | E60: 1 | F60: 5018 | G60: 4900 | H60: 5942.4362 | I60: 0 | J60: 6222.25 | K60: 0 | L60: =AVERAGE(F60,H60,J60) -> 5727.5621 | M60: =G60*1.03 -> 5047 | AF60: 4500 | AG60: 0 | AH60: =+AF60+AG60 -> 4500 | AR60: 6000 | AS60: =+AR60*0.19 -> 1140 | AT60: =+AR60+AS60 -> 7140 | AU60: Frasco x 700ml | AV60: OSA | BV60: 7400 | BW60: =BV60*19% -> 1406 | BX60: =+BV60+BW60 -> 8806 | BY60: frasco x 700 o 750 ml | BZ60: OSA | CB60: 3000 | CD60: =+CB60 -> 3000 | CH60: 7696 | CI60: =+CH60*0.19 -> 1462.24 | CJ60: =+CH60+CI60 -> 9158.24 | CK60: frasco x 700 o 750 ml | CL60: OSA | FH60: =SUM(M60,P60,V60,AB60,AH60,AN60,AT60,AZ60,BF60,BL60,BR60,BX60,CD60,CJ60,CP60,CV60,DB60,DH60,DN60,DT60,DZ60,EF60,EL60,ER60,EX60,FD60) -> 37651.24 | FI60: =COUNTA(M60,N60,T60,Z60,AF60,AL60,AR60,AX60,BD60,BJ60,BP60,BV60,CB60,CH60,CN60,CT60,CZ60,DF60,DL60,DR60,DX60,ED60,EJ60,EP60,EV60,FB60) -> 6 | FJ60: =IFERROR(FH60/FI60," ") -> 6275.2067
A61: =#REF! -> #REF! | B61: =#REF! -> #REF! | C61: =#REF! -> #REF! | D61: =#REF! -> #REF! | E61: 1 | F61: 0 | G61: 0 | H61: 0 | I61: 0 | J61: 276801.93 | K61: 269892 | L61: =J61 -> 276801.93 | M61: =K61*1.03 -> 277988.76 | AL61: 158000 | AM61: =+AL61*0.19 -> 30020 | AN61: =+AL61+AM61 -> 188020 | AO61: Frasco x 1 litro | AP61: PANREAC | BV61: 579500 | BW61: =BV61*19% -> 110105 | BX61: =+BV61+BW61 -> 689605 | BY61: frasco x 1 l | BZ61: MERCK | CB61: 125000 | CC61: =+CB61*19% -> 23750 | CD61: =+CC61+CB61 -> 148750 | CH61: 585295 | CI61: =+CH61*0.19 -> 111206.05 | CJ61: =+CH61+CI61 -> 696501.05 | CK61: frasco x 1 l | CL61: MERCK | FH61: =SUM(M61,P61,V61,AB61,AH61,AN61,AT61,AZ61,BF61,BL61,BR61,BX61,CD61,CJ61,CP61,CV61,DB61,DH61,DN61,DT61,DZ61,EF61,EL61,ER61,EX61,FD61) -> 2000864.8 | FI61: =COUNTA(M61,N61,T61,Z61,AF61,AL61,AR61,AX61,BD61,BJ61,BP61,BV61,CB61,CH61,CN61,CT61,CZ61,DF61,DL61,DR61,DX61,ED61,EJ61,EP61,EV61,FB61) -> 5 | FJ61: =IFERROR(FH61/FI61," ") -> 400172.96
A62: =#REF! -> #REF! | B62: =#REF! -> #REF! | C62: =#REF! -> #REF! | D62: =#REF! -> #REF! | E62: 1 | F62: 0 | G62: 0 | H62: 0 | I62: 0 | J62: 152671.52 | K62: 145061 | L62: =J62 -> 152671.52 | M62: =K62*1.03 -> 149412.83 | AF62: 30000 | AG62: =AF62*19% -> 5700 | AH62: =+AF62+AG62 -> 35700 | AL62: 75000 | AM62: =+AL62*0.19 -> 14250 | AN62: =+AL62+AM62 -> 89250 | AO62: Frasco x 5 litro | AP62: CHEMI | AR62: 272490 | AS62: =+AR62*0.19 -> 51773.1 | AT62: =+AR62+AS62 -> 324263.1 | AU62: Frasco x 5 litro | AV62: PANREAC | BV62: 162900 | BW62: =BV62*19% -> 30951 | BX62: =+BV62+BW62 -> 193851 | BY62: frasco x 4 litros | BZ62: BIOQUIGEN | CB62: 45200 | CD62: =+CC62+CB62 -> 45200 | CH62: 174303 | CI62: =+CH62*0.19 -> 33117.57 | CJ62: =+CH62+CI62 -> 207420.57 | CK62: frasco x 4 litros | CL62: BIOQUIGEN | FH62: =SUM(M62,P62,V62,AB62,AH62,AN62,AT62,AZ62,BF62,BL62,BR62,BX62,CD62,CJ62,CP62,CV62,DB62,DH62,DN62,DT62,DZ62,EF62,EL62,ER62,EX62,FD62) -> 1045097.5 | FI62: =COUNTA(M62,N62,T62,Z62,AF62,AL62,AR62,AX62,BD62,BJ62,BP62,BV62,CB62,CH62,CN62,CT62,CZ62,DF62,DL62,DR62,DX62,ED62,EJ62,EP62,EV62,FB62) -> 7 | FJ62: =IFERROR(FH62/FI62," ") -> 149299.64
A63: =#REF! -> #REF! | B63: =#REF! -> #REF! | C63: =#REF! -> #REF! | D63: =#REF! -> #REF! | E63: 1 | F63: 32254.95 | G63: 14280 | H63: 38807.765 | I63: 13500 | J63: 50271.333 | K63: 47719 | L63: =AVERAGE(F63,H63,J63) -> 40444.683 | M63: =AVERAGE(G63,I63,K63)*1.03 -> 25921.323 | AF63: 10000 | AG63: =AF63*19% -> 1900 | AH63: =+AF63+AG63 -> 11900 | AL63: 75000 | AM63: =+AL63*0.19 -> 14250 | AN63: =+AL63+AM63 -> 89250 | AO63: Frasco x 5 litro | AP63: CHEMI | BV63: 38800 | BW63: =BV63*19% -> 7372 | BX63: =+BV63+BW63 -> 46172 | BY63: frasco x 1 litro | BZ63: NACIONAL | CB63: 18000 | CD63: =+CC63+CB63 -> 18000 | CH63: 39188 | CI63: =+CH63*0.19 -> 7445.72 | CJ63: =+CH63+CI63 -> 46633.72 | CK63: frasco x 1 litro | CL63: NACIONAL | FH63: =SUM(M63,P63,V63,AB63,AH63,AN63,AT63,AZ63,BF63,BL63,BR63,BX63,CD63,CJ63,CP63,CV63,DB63,DH63,DN63,DT63,DZ63,EF63,EL63,ER63,EX63,FD63) -> 237877.04 | FI63: =COUNTA(M63,N63,T63,Z63,AF63,AL63,AR63,AX63,BD63,BJ63,BP63,BV63,CB63,CH63,CN63,CT63,CZ63,DF63,DL63,DR63,DX63,ED63,EJ63,EP63,EV63,FB63) -> 6 | FJ63: =IFERROR(FH63/FI63," ") -> 39646.174
A64: =#REF! -> #REF! | B64: =#REF! -> #REF! | C64: =#REF! -> #REF! | D64: =#REF! -> #REF! | E64: 1 | F64: 168397.38 | G64: 89964 | H64: 403232.3 | I64: 403172 | J64: 238307.97 | K64: 232407 | L64: =AVERAGE(F64,H64,J64) -> 269979.22 | M64: =AVERAGE(G64,I64,K64)*1.03 -> 249103.1 | AL64: 480000 | AM64: =+AL64*0.19 -> 91200 | AN64: =+AL64+AM64 -> 571200 | AO64: Frasco x 1 litro | AP64: PANREAC | AR64: 140767 | AS64: =+AR64*0.19 -> 26745.73 | AT64: =+AR64+AS64 -> 167512.73 | AU64: Frasco x 1 litro | AV64: PANREAC | BV64: 337400 | BW64: =BV64*19% -> 64106 | BX64: =+BV64+BW64 -> 401506 | BY64: frasco x 500 ml | BZ64: JT BAKER | CB64: 113000 | CC64: =+CB64*19% -> 21470 | CD64: =+CC64+CB64 -> 134470 | CH64: 350896 | CI64: =+CH64*0.19 -> 66670.24 | CJ64: =+CH64+CI64 -> 417566.24 | CK64: frasco x 500 ml | CL64: JT BAKER | FH64: =SUM(M64,P64,V64,AB64,AH64,AN64,AT64,AZ64,BF64,BL64,BR64,BX64,CD64,CJ64,CP64,CV64,DB64,DH64,DN64,DT64,DZ64,EF64,EL64,ER64,EX64,FD64) -> 1941358.1 | FI64: =COUNTA(M64,N64,T64,Z64,AF64,AL64,AR64,AX64,BD64,BJ64,BP64,BV64,CB64,CH64,CN64,CT64,CZ64,DF64,DL64,DR64,DX64,ED64,EJ64,EP64,EV64,FB64) -> 6 | FJ64: =IFERROR(FH64/FI64," ") -> 323559.68
A65: =#REF! -> #REF! | B65: =#REF! -> #REF! | C65: =#REF! -> #REF! | D65: =#REF! -> #REF! | E65: 1 | F65: 347658.5 | G65: 342363 | H65: 257238.33 | I65: 0 | J65: 318953.72 | K65: 312613 | L65: =AVERAGE(F65,H65,J65) -> 307950.18 | M65: =AVERAGE(G65,K65)*1.03 -> 337312.64 | AF65: 270000 | AG65: =AF65*19% -> 51300 | AH65: =+AF65+AG65 -> 321300 | AR65: 676800 | AS65: =+AR65*0.19 -> 128592 | AT65: =+AR65+AS65 -> 805392 | AU65: Frasco x 100g | AV65: Santa Cruz Biotechnology | BV65: 447900 | BW65: =BV65*19% -> 85101 | BX65: =+BV65+BW65 -> 533001 | BY65: frasco x 100 gr | BZ65: MERCK | CH65: 456858 | CI65: =+CH65*0.19 -> 86803.02 | CJ65: =+CH65+CI65 -> 543661.02 | CK65: frasco x 100 gr | CL65: MERCK | CZ65: 185931 | DA65: =+CZ65*0.19 -> 35326.89 | DB65: =+CZ65+DA65 -> 221257.89 | DC65: 100g | DD65: Merck | DE65: 1142660100 | FH65: =SUM(M65,P65,V65,AB65,AH65,AN65,AT65,AZ65,BF65,BL65,BR65,BX65,CD65,CJ65,CP65,CV65,DB65,DH65,DN65,DT65,DZ65,EF65,EL65,ER65,EX65,FD65) -> 2761924.6 | FI65: =COUNTA(M65,N65,T65,Z65,AF65,AL65,AR65,AX65,BD65,BJ65,BP65,BV65,CB65,CH65,CN65,CT65,CZ65,DF65,DL65,DR65,DX65,ED65,EJ65,EP65,EV65,FB65) -> 6 | FJ65: =IFERROR(FH65/FI65," ") -> 460320.76
A66: =#REF! -> #REF! | B66: =#REF! -> #REF! | C66: =#REF! -> #REF! | D66: =#REF! -> #REF! | E66: 1 | F66: 171908.39 | G66: 167552 | H66: 326899.36 | I66: 297500 | J66: 309460.21 | K66: 301665 | L66: =AVERAGE(F66,H66,J66) -> 269422.65 | M66: =AVERAGE(G66,I66,K66)*1.03 -> 263239.5 | AF66: 300000 | AG66: =AF66*19% -> 57000 | AH66: =+AF66+AG66 -> 357000 | AL66: 224000 | AM66: =+AL66*0.19 -> 42560 | AN66: =+AL66+AM66 -> 266560 | AO66: Frasco x 500g | AP66: PANREAC | AR66: 151200 | AS66: =+AR66*0.19 -> 28728 | AT66: =+AR66+AS66 -> 179928 | AU66: Frasco x 100g | AV66: Santa Cruz Biotechnology | AX66: =649191.57/5 -> 129838.31 | AY66: =+AX66*0.19 -> 24669.28 | AZ66: =+AX66+AY66 -> 154507.59 | BA66: Frasco x 500g | BB66: JT Baker | BV66: 329700 | BW66: =BV66*19% -> 62643 | BX66: =+BV66+BW66 -> 392343 | BY66: frasco x 100 gr | BZ66: JT BAKER | CH66: 332997 | CI66: =+CH66*0.19 -> 63269.43 | CJ66: =+CH66+CI66 -> 396266.43 | CK66: frasco x 100 gr | CL66: JT BAKER | CT66: 1446250 | CU66: 274787.5 | CV66: =+CT66+CU66 -> 1721037.5 | FH66: =SUM(M66,P66,V66,AB66,AH66,AN66,AT66,AZ66,BF66,BL66,BR66,BX66,CD66,CJ66,CP66,CV66,DB66,DH66,DN66,DT66,DZ66,EF66,EL66,ER66,EX66,FD66) -> 3730882 | FI66: =COUNTA(M66,N66,T66,Z66,AF66,AL66,AR66,AX66,BD66,BJ66,BP66,BV66,CB66,CH66,CN66,CT66,CZ66,DF66,DL66,DR66,DX66,ED66,EJ66,EP66,EV66,FB66) -> 8 | FJ66: =IFERROR(FH66/FI66," ") -> 466360.25
A67: =#REF! -> #REF! | B67: =#REF! -> #REF! | C67: =#REF! -> #REF! | D67: =#REF! -> #REF! | E67: 1 | F67: 0 | G67: 0 | H67: 209440 | I67: 0 | J67: 175385 | K67: 0 | L67: =AVERAGE(H67,J67) -> 192412.5 | T67: 418000 | U67: =+T67*0.19 -> 79420 | V67: =+U67+T67 -> 497420 | W67: Frasco x 100ml | X67: Gibco | BV67: 297800 | BW67: =BV67*19% -> 56582 | BX67: =+BV67+BW67 -> 354382 | BY67: frasco x 100 ml | BZ67: SIGMA | CH67: 312690 | CI67: =+CH67*0.19 -> 59411.1 | CJ67: =+CH67+CI67 -> 372101.1 | CK67: frasco x 100 ml | CL67: SIGMA | FH67: =SUM(M67,P67,V67,AB67,AH67,AN67,AT67,AZ67,BF67,BL67,BR67,BX67,CD67,CJ67,CP67,CV67,DB67,DH67,DN67,DT67,DZ67,EF67,EL67,ER67,EX67,FD67) -> 1223903.1 | FI67: =COUNTA(M67,N67,T67,Z67,AF67,AL67,AR67,AX67,BD67,BJ67,BP67,BV67,CB67,CH67,CN67,CT67,CZ67,DF67,DL67,DR67,DX67,ED67,EJ67,EP67,EV67,FB67) -> 3 | FJ67: =IFERROR(FH67/FI67," ") -> 407967.7
A68: =#REF! -> #REF! | B68: =#REF! -> #REF! | C68: =#REF! -> #REF! | D68: =#REF! -> #REF! | E68: 1 | F68: 0 | G68: 0 | H68: 0 | I68: 0 | J68: 0 | K68: 0 | AF68: 110000 | AG68: =AF68*19% -> 20900 | AH68: =+AF68+AG68 -> 130900 | AL68: 109000 | AM68: =+AL68*0.19 -> 20710 | AN68: =+AL68+AM68 -> 129710 | AO68: Frasco x 1 litro | AP68: PANREAC | BV68: 305200 | BW68: =BV68*19% -> 57988 | BX68: =+BV68+BW68 -> 363188 | BY68: frasco x 1 litro | BZ68: PANREAC | CH68: 317408 | CI68: =+CH68*0.19 -> 60307.52 | CJ68: =+CH68+CI68 -> 377715.52 | CK68: frasco x 1 litro | CL68: PANREAC | CZ68: 413241 | DA68: =+CZ68*0.19 -> 78515.79 | DB68: =+CZ68+DA68 -> 491756.79 | DC68: 1 LT | DD68: Merck | DE68: CTRM1054281000 | FH68: =SUM(M68,P68,V68,AB68,AH68,AN68,AT68,AZ68,BF68,BL68,BR68,BX68,CD68,CJ68,CP68,CV68,DB68,DH68,DN68,DT68,DZ68,EF68,EL68,ER68,EX68,FD68) -> 1493270.3 | FI68: =COUNTA(M68,N68,T68,Z68,AF68,AL68,AR68,AX68,BD68,BJ68,BP68,BV68,CB68,CH68,CN68,CT68,CZ68,DF68,DL68,DR68,DX68,ED68,EJ68,EP68,EV68,FB68) -> 5 | FJ68: =IFERROR(FH68/FI68," ") -> 298654.06
A69: =#REF! -> #REF! | B69: =#REF! -> #REF! | C69: =#REF! -> #REF! | D69: =#REF! -> #REF! | E69: 1 | F69: 273210.61 | G69: 273105 | H69: 293610.53 | I69: 293573 | J69: 226512.05 | K69: 0 | L69: =AVERAGE(F69,H69,J69) -> 264444.4 | M69: =AVERAGE(G69,I69)*1.03 -> 291839.17 | AF69: 220000 | AG69: =AF69*19% -> 41800 | AH69: =+AF69+AG69 -> 261800 | AR69: 468000 | AS69: =+AR69*0 -> 0 | AT69: =+AR69+AS69 -> 468000 | AU69: Frasco x 5g | AV69: Santa Cruz Biotechnology | BV69: 485100 | BW69: =BV69*0 -> 0 | BX69: =+BV69+BW69 -> 485100 | BY69: frasco x 5 gr | BZ69: SIGMA | CH69: 509355 | CI69: =+CH69*0 -> 0 | CJ69: =+CH69+CI69 -> 509355 | CK69: frasco x 5 gr | CL69: SIGMA | CT69: 419000 | CU69: 79610 | CV69: =+CT69+CU69 -> 498610 | CZ69: 300011 | DA69: 0 | DB69: 300011 | DC69: 5 g | DD69: Sigma aldrich | DE69: A95185G | FH69: =SUM(M69,P69,V69,AB69,AH69,AN69,AT69,AZ69,BF69,BL69,BR69,BX69,CD69,CJ69,CP69,CV69,DB69,DH69,DN69,DT69,DZ69,EF69,EL69,ER69,EX69,FD69) -> 2814715.2 | FI69: =COUNTA(M69,N69,T69,Z69,AF69,AL69,AR69,AX69,BD69,BJ69,BP69,BV69,CB69,CH69,CN69,CT69,CZ69,DF69,DL69,DR69,DX69,ED69,EJ69,EP69,EV69,FB69) -> 7 | FJ69: =IFERROR(FH69/FI69," ") -> 402102.17
A70: =#REF! -> #REF! | B70: =#REF! -> #REF! | C70: =#REF! -> #REF! | D70: =#REF! -> #REF! | E70: 1 | F70: 246171.33 | G70: 239904 | H70: 324389 | I70: 324275 | J70: 331524.8 | K70: 256445 | L70: =AVERAGE(F70,H70,J70) -> 300695.05 | M70: =AVERAGE(G70,I70,K70)*1.03 -> 281747.57 | N70: 214500 | O70: =+N70*0 -> 0 | P70: =+O70+N70 -> 214500 | Q70: Caja x 10 Sobres | R70: OXOID | S70: Ofrecen otra marca | AF70: 440000 | AG70: =AF70*19% -> 83600 | AH70: =+AF70+AG70 -> 523600 | BV70: 293000 | BW70: =BV70*19% -> 55670 | BX70: =+BV70+BW70 -> 348670 | BY70: caja x 10 | BZ70: MERCK | CH70: 304720 | CI70: =+CH70*0.19 -> 57896.8 | CJ70: =+CH70+CI70 -> 362616.8 | CK70: caja x 10 | CL70: MERCK | CT70: 592500 | CU70: =+CT70*0 -> 0 | CV70: =+CT70+CU70 -> 592500 | CZ70: 164607 | DA70: =+CZ70*0.19 -> 31275.33 | DB70: =+CZ70+DA70 -> 195882.33 | DC70: PAQUETE/10 | DD70: Merck | DE70: 1138290001 | FH70: =SUM(M70,P70,V70,AB70,AH70,AN70,AT70,AZ70,BF70,BL70,BR70,BX70,CD70,CJ70,CP70,CV70,DB70,DH70,DN70,DT70,DZ70,EF70,EL70,ER70,EX70,FD70) -> 2519516.7 | FI70: =COUNTA(M70,N70,T70,Z70,AF70,AL70,AR70,AX70,BD70,BJ70,BP70,BV70,CB70,CH70,CN70,CT70,CZ70,DF70,DL70,DR70,DX70,ED70,EJ70,EP70,EV70,FB70) -> 7 | FJ70: =IFERROR(FH70/FI70," ") -> 359930.96
A71: =#REF! -> #REF! | B71: =#REF! -> #REF! | C71: =#REF! -> #REF! | D71: =#REF! -> #REF! | E71: 1 | F71: 601743.33 | G71: 586670 | H71: 527723.73 | I71: 527646 | J71: 540517.83 | K71: 0 | L71: =AVERAGE(F71,H71,J71) -> 556661.63 | M71: =AVERAGE(G71,I71)*1.03 -> 573872.74 | N71: 283000 | O71: =+N71*0 -> 0 | P71: =+O71+N71 -> 283000 | Q71: Caja x 10 Sobres | R71: OXOID | S71: Ofrecen otra marca/ Presentación superior | AF71: 540000 | AG71: =AF71*19% -> 102600 | AH71: =+AF71+AG71 -> 642600 | BV71: 728200 | BW71: =BV71*19% -> 138358 | BX71: =+BV71+BW71 -> 866558 | BY71: caja x 5 | BZ71: MERCK | CH71: 771892 | CI71: =+CH71*0.19 -> 146659.48 | CJ71: =+CH71+CI71 -> 918551.48 | CK71: caja x 5 | CL71: MERCK | CZ71: 436544 | DA71: =+CZ71*0.19 -> 82943.36 | DB71: =+CZ71+DA71 -> 519487.36 | DC71: 25 TESTS | DD71: Merck | DE71: 1162750001 | FH71: =SUM(M71,P71,V71,AB71,AH71,AN71,AT71,AZ71,BF71,BL71,BR71,BX71,CD71,CJ71,CP71,CV71,DB71,DH71,DN71,DT71,DZ71,EF71,EL71,ER71,EX71,FD71) -> 3804069.6 | FI71: =COUNTA(M71,N71,T71,Z71,AF71,AL71,AR71,AX71,BD71,BJ71,BP71,BV71,CB71,CH71,CN71,CT71,CZ71,DF71,DL71,DR71,DX71,ED71,EJ71,EP71,EV71,FB71) -> 6 | FJ71: =IFERROR(FH71/FI71," ") -> 634011.6
A72: =#REF! -> #REF! | B72: =#REF! -> #REF! | C72: =#REF! -> #REF! | D72: =#REF! -> #REF! | E72: 1 | F72: 0 | G72: 0 | H72: 220700 | I72: 0 | J72: 220910 | K72: 216461 | L72: =AVERAGE(H72,J72) -> 220805 | M72: =K72*1.03 -> 222954.83 | N72: 255750 | O72: =+N72*0 -> 0 | P72: =+O72+N72 -> 255750 | Q72: Caja x 100 Sobres | R72: OXOID | S72: Ofrecen otra marca/ Presentación superior | AF72: 210000 | AG72: =AF72*19% -> 39900 | AH72: =+AF72+AG72 -> 249900 | CK72: N/A | CL72: N/A | CT72: 266250 | CU72: 50587.5 | CV72: =+CT72+CU72 -> 316837.5 | CZ72: 165645 | DA72: =+CZ72*0.19 -> 31472.55 | DB72: =+CZ72+DA72 -> 197117.55 | DC72: CAJA/50 | DD72: Merck | DE72: 1151120001 | FH72: =SUM(M72,P72,V72,AB72,AH72,AN72,AT72,AZ72,BF72,BL72,BR72,BX72,CD72,CJ72,CP72,CV72,DB72,DH72,DN72,DT72,DZ72,EF72,EL72,ER72,EX72,FD72) -> 1242559.9 | FI72: =COUNTA(M72,N72,T72,Z72,AF72,AL72,AR72,AX72,BD72,BJ72,BP72,BV72,CB72,CH72,CN72,CT72,CZ72,DF72,DL72,DR72,DX72,ED72,EJ72,EP72,EV72,FB72) -> 5 | FJ72: =IFERROR(FH72/FI72," ") -> 248511.98
A73: =#REF! -> #REF! | B73: =#REF! -> #REF! | C73: =#REF! -> #REF! | D73: =#REF! -> #REF! | E73: 1 | F73: 700593.86 | G73: 679490 | H73: 462688.56 | I73: 0 | J73: 270398.09 | K73: 0 | L73: =AVERAGE(F73,H73,J73) -> 477893.5 | M73: =G73*1.03 -> 699874.7 | T73: =+(258000/20)*50 -> 645000 | U73: =+T73*0 -> 0 | V73: =+U73+T73 -> 645000 | W73: Frasco x 20ml | X73: Gibco | BP73: 253252 | BQ73: =BP73*19% -> 48117.88 | BR73: =+BP73+BQ73 -> 301369.88 | BS73: Frasco x 50ml | BT73: HYCLONE Ref. SV30078.01 | BU73: Amphotericin B (Fungizone) Solution, 250 µg/mL-50 mL | BV73: 441000 | BW73: =BV73*0 -> 0 | BX73: =+BV73+BW73 -> 441000 | BY73: frasco x 50 ml | BZ73: SIGMA | CH73: 449820 | CI73: =+CH73*0 -> 0 | CJ73: =+CH73+CI73 -> 449820 | CK73: frasco x 50 ml | CL73: SIGMA | CT73: 209000 | CU73: 39710 | CV73: =+CT73+CU73 -> 248710 | CZ73: 276571 | DA73: =+CZ73*0.19 -> 52548.49 | DB73: =+CZ73+DA73 -> 329119.49 | DC73: 100 Mg | DD73: Sigma aldrich | DE73: US1171375100MG | FH73: =SUM(M73,P73,V73,AB73,AH73,AN73,AT73,AZ73,BF73,BL73,BR73,BX73,CD73,CJ73,CP73,CV73,DB73,DH73,DN73,DT73,DZ73,EF73,EL73,ER73,EX73,FD73) -> 3114894.1 | FI73: =COUNTA(M73,N73,T73,Z73,AF73,AL73,AR73,AX73,BD73,BJ73,BP73,BV73,CB73,CH73,CN73,CT73,CZ73,DF73,DL73,DR73,DX73,ED73,EJ73,EP73,EV73,FB73) -> 7 | FJ73: =IFERROR(FH73/FI73," ") -> 444984.87
A74: =#REF! -> #REF! | B74: =#REF! -> #REF! | C74: =#REF! -> #REF! | D74: =#REF! -> #REF! | E74: 1 | F74: 343750.09 | G74: 331653 | H74: 380911.18 | I74: 0 | J74: 263105.59 | K74: 0 | L74: =AVERAGE(F74,H74,J74) -> 329255.62 | M74: =G74*1.03 -> 341602.59 | T74: 328000 | U74: =+T74*0 -> 0 | V74: =+U74+T74 -> 328000 | W74: Frasco x 100ml | X74: Gibco | BV74: 280000 | BW74: =BV74*19% -> 53200 | BX74: =+BV74+BW74 -> 333200 | BY74: frasco x 100 ml | BZ74: SIGMA | CH74: 288400 | CI74: =+CH74*0.19 -> 54796 | CJ74: =+CH74+CI74 -> 343196 | CK74: frasco x 100 ml | CL74: SIGMA | CT74: 290000 | CU74: 55100 | CV74: =+CT74+CU74 -> 345100 | CZ74: 146000 | DA74: =+CZ74*0.19 -> 27740 | DB74: =+CZ74+DA74 -> 173740 | DC74: 100ML | DD74: Sigma aldrich | DE74: A5955100ML | FH74: =SUM(M74,P74,V74,AB74,AH74,AN74,AT74,AZ74,BF74,BL74,BR74,BX74,CD74,CJ74,CP74,CV74,DB74,DH74,DN74,DT74,DZ74,EF74,EL74,ER74,EX74,FD74) -> 1864838.6 | FI74: =COUNTA(M74,N74,T74,Z74,AF74,AL74,AR74,AX74,BD74,BJ74,BP74,BV74,CB74,CH74,CN74,CT74,CZ74,DF74,DL74,DR74,DX74,ED74,EJ74,EP74,EV74,FB74) -> 6 | FJ74: =IFERROR(FH74/FI74," ") -> 310806.43
A75: =#REF! -> #REF! | B75: =#REF! -> #REF! | C75: =#REF! -> #REF! | D75: =#REF! -> #REF! | E75: 1 | F75: 0 | G75: 0 | H75: 135485.41 | I75: 0 | J75: 51170 | K75: 0 | L75: =AVERAGE(H75,J75) -> 93327.705 | AR75: 144000 | AS75: =+AR75*0 -> 0 | AT75: =+AR75+AS75 -> 144000 | AU75: Frasco x 5g | AV75: Santa Cruz Biotechnology | BV75: 369600 | BW75: =BV75*19% -> 70224 | BX75: =+BV75+BW75 -> 439824 | BY75: frasco x 5 gr | BZ75: SIGMA | CH75: 388080 | CI75: =+CH75*0.19 -> 73735.2 | CJ75: =+CH75+CI75 -> 461815.2 | CK75: frasco x 5 gr | CL75: SIGMA | CT75: 248000 | CU75: 47120 | CV75: =+CT75+CU75 -> 295120 | CZ75: 91771 | DA75: =+CZ75*0.19 -> 17436.49 | DB75: =+CZ75+DA75 -> 109207.49 | DC75: 5 gramos | DD75: Sigma aldrich | DE75: N88785G | FH75: =SUM(M75,P75,V75,AB75,AH75,AN75,AT75,AZ75,BF75,BL75,BR75,BX75,CD75,CJ75,CP75,CV75,DB75,DH75,DN75,DT75,DZ75,EF75,EL75,ER75,EX75,FD75) -> 1449966.7 | FI75: =COUNTA(M75,N75,T75,Z75,AF75,AL75,AR75,AX75,BD75,BJ75,BP75,BV75,CB75,CH75,CN75,CT75,CZ75,DF75,DL75,DR75,DX75,ED75,EJ75,EP75,EV75,FB75) -> 5 | FJ75: =IFERROR(FH75/FI75," ") -> 289993.34
A76: =#REF! -> #REF! | B76: =#REF! -> #REF! | C76: =#REF! -> #REF! | D76: =#REF! -> #REF! | E76: 1 | F76: 1357833.6 | G76: 1357790 | H76: 1105701.4 | I76: 0 | J76: 525750 | K76: 0 | L76: =AVERAGE(F76,H76,J76) -> 996428.33 | M76: =G76*1.03 -> 1398523.7 | AR76: =1800000/4 -> 450000 | AS76: =+AR76*0 -> 0 | AT76: =+AR76+AS76 -> 450000 | AU76: Frasco x 100mg | AV76: Santa Cruz Biotechnology | BV76: 1920300 | BW76: =BV76*19% -> 364857 | BX76: =+BV76+BW76 -> 2285157 | BY76: frasco x 25 mg | BZ76: SIGMA | CT76: 229000 | CU76: 43510 | CV76: =+CT76+CU76 -> 272510 | FH76: =SUM(M76,P76,V76,AB76,AH76,AN76,AT76,AZ76,BF76,BL76,BR76,BX76,CD76,CJ76,CP76,CV76,DB76,DH76,DN76,DT76,DZ76,EF76,EL76,ER76,EX76,FD76) -> 4406190.7 | FI76: =COUNTA(M76,N76,T76,Z76,AF76,AL76,AR76,AX76,BD76,BJ76,BP76,BV76,CB76,CH76,CN76,CT76,CZ76,DF76,DL76,DR76,DX76,ED76,EJ76,EP76,EV76,FB76) -> 4 | FJ76: =IFERROR(FH76/FI76," ") -> 1101547.7
A77: =#REF! -> #REF! | B77: =#REF! -> #REF! | C77: =#REF! -> #REF! | D77: =#REF! -> #REF! | E77: 1 | F77: 0 | G77: 0 | H77: 237470.38 | I77: 0 | J77: 129616.67 | K77: 0 | L77: =AVERAGE(H77,J77) -> 183543.52 | AR77: 403200 | AS77: =+AR77*0 -> 0 | AT77: =+AR77+AS77 -> 403200 | AU77: Frasco x 500mg | AV77: Santa Cruz Biotechnology | BV77: 203600 | BW77: =BV77*0 -> 0 | BX77: =+BV77+BW77 -> 203600 | BY77: frasco x 500 mg o 1mu | BZ77: SIGMA | CH77: 215816 | CI77: =+CH77*0 -> 0 | CJ77: =+CH77+CI77 -> 215816 | CK77: frasco x 500 mg o 1mu | CL77: SIGMA | CT77: 238000 | CU77: 45220 | CV77: =+CT77+CU77 -> 283220 | CZ77: 149129 | DA77: 0 | DB77: 149129 | DD77: Sigma aldrich | DE77: P49321MU | FH77: =SUM(M77,P77,V77,AB77,AH77,AN77,AT77,AZ77,BF77,BL77,BR77,BX77,CD77,CJ77,CP77,CV77,DB77,DH77,DN77,DT77,DZ77,EF77,EL77,ER77,EX77,FD77) -> 1254965 | FI77: =COUNTA(M77,N77,T77,Z77,AF77,AL77,AR77,AX77,BD77,BJ77,BP77,BV77,CB77,CH77,CN77,CT77,CZ77,DF77,DL77,DR77,DX77,ED77,EJ77,EP77,EV77,FB77) -> 5 | FJ77: =IFERROR(FH77/FI77," ") -> 250993
A78: =#REF! -> #REF! | B78: =#REF! -> #REF! | C78: =#REF! -> #REF! | D78: =#REF! -> #REF! | E78: 1 | F78: 0 | G78: 0 | H78: 0 | I78: 0 | J78: 1041250 | K78: 0 | L78: =J78 -> 1041250 | AR78: =+(875000/125)*100 -> 700000 | AS78: =+AR78*0.19 -> 133000 | AT78: =+AR78+AS78 -> 833000 | AU78: Frasco x 125ml | AV78: Abcam | CT78: 150000 | CU78: 28500 | CV78: =+CT78+CU78 -> 178500 | FH78: =SUM(M78,P78,V78,AB78,AH78,AN78,AT78,AZ78,BF78,BL78,BR78,BX78,CD78,CJ78,CP78,CV78,DB78,DH78,DN78,DT78,DZ78,EF78,EL78,ER78,EX78,FD78) -> 1011500 | FI78: =COUNTA(M78,N78,T78,Z78,AF78,AL78,AR78,AX78,BD78,BJ78,BP78,BV78,CB78,CH78,CN78,CT78,CZ78,DF78,DL78,DR78,DX78,ED78,EJ78,EP78,EV78,FB78) -> 2 | FJ78: =IFERROR(FH78/FI78," ") -> 505750
A79: =#REF! -> #REF! | B79: =#REF! -> #REF! | C79: =#REF! -> #REF! | D79: =#REF! -> #REF! | E79: 1 | F79: 0 | G79: 0 | H79: 0 | I79: 0 | J79: 0 | K79: 0 | BV79: 927500 | BW79: =BV79*19% -> 176225 | BX79: =+BV79+BW79 -> 1103725 | BY79: frascos x 1 ml | BZ79: SIGMA | CT79: 201000 | CU79: 38190 | CV79: =+CT79+CU79 -> 239190 | FH79: =SUM(M79,P79,V79,AB79,AH79,AN79,AT79,AZ79,BF79,BL79,BR79,BX79,CD79,CJ79,CP79,CV79,DB79,DH79,DN79,DT79,DZ79,EF79,EL79,ER79,EX79,FD79) -> 1342915 | FI79: =COUNTA(M79,N79,T79,Z79,AF79,AL79,AR79,AX79,BD79,BJ79,BP79,BV79,CB79,CH79,CN79,CT79,CZ79,DF79,DL79,DR79,DX79,ED79,EJ79,EP79,EV79,FB79) -> 2 | FJ79: =IFERROR(FH79/FI79," ") -> 671457.5
A80: =#REF! -> #REF! | B80: =#REF! -> #REF! | C80: =#REF! -> #REF! | D80: =#REF! -> #REF! | E80: 1 | F80: 0 | G80: 0 | H80: 0 | I80: 0 | J80: 0 | K80: 0 | AR80: 1400000 | AS80: =+AR80*0.19 -> 266000 | AT80: =+AR80+AS80 -> 1666000 | AU80: Frasco x 1mg | AV80: Abcam | BV80: 1000000 | BW80: =BV80*19% -> 190000 | BX80: =+BV80+BW80 -> 1190000 | BY80: unidad | BZ80: SIGMA | CT80: 209000 | CU80: 39710 | CV80: =+CT80+CU80 -> 248710 | FH80: =SUM(M80,P80,V80,AB80,AH80,AN80,AT80,AZ80,BF80,BL80,BR80,BX80,CD80,CJ80,CP80,CV80,DB80,DH80,DN80,DT80,DZ80,EF80,EL80,ER80,EX80,FD80) -> 3104710 | FI80: =COUNTA(M80,N80,T80,Z80,AF80,AL80,AR80,AX80,BD80,BJ80,BP80,BV80,CB80,CH80,CN80,CT80,CZ80,DF80,DL80,DR80,DX80,ED80,EJ80,EP80,EV80,FB80) -> 3 | FJ80: =IFERROR(FH80/FI80," ") -> 1034903.3
A81: =#REF! -> #REF! | B81: =#REF! -> #REF! | C81: =#REF! -> #REF! | D81: =#REF! -> #REF! | E81: 1 | F81: 1237500 | G81: 0 | H81: 0 | I81: 0 | J81: 571200 | K81: 0 | L81: =AVERAGE(F81,J81) -> 904350 | Z81: 534000 | AA81: 0 | AB81: =+Z81+AA81 -> 534000 | AC81: Frasco x 100ml / 40000 rxn | AD81: ID VET | CT81: 1312000 | CU81: 249280 | CV81: =+CT81+CU81 -> 1561280 | FH81: =SUM(M81,P81,V81,AB81,AH81,AN81,AT81,AZ81,BF81,BL81,BR81,BX81,CD81,CJ81,CP81,CV81,DB81,DH81,DN81,DT81,DZ81,EF81,EL81,ER81,EX81,FD81) -> 2095280 | FI81: =COUNTA(M81,N81,T81,Z81,AF81,AL81,AR81,AX81,BD81,BJ81,BP81,BV81,CB81,CH81,CN81,CT81,CZ81,DF81,DL81,DR81,DX81,ED81,EJ81,EP81,EV81,FB81) -> 2 | FJ81: =IFERROR(FH81/FI81," ") -> 1047640
A82: =#REF! -> #REF! | B82: =#REF! -> #REF! | C82: =#REF! -> #REF! | D82: =#REF! -> #REF! | E82: 1 | F82: 0 | G82: 0 | H82: 0 | I82: 0 | J82: 922250 | K82: 0 | L82: =J82 -> 922250 | CT82: 686000 | CU82: 130340 | CV82: =+CT82+CU82 -> 816340 | FH82: =SUM(M82,P82,V82,AB82,AH82,AN82,AT82,AZ82,BF82,BL82,BR82,BX82,CD82,CJ82,CP82,CV82,DB82,DH82,DN82,DT82,DZ82,EF82,EL82,ER82,EX82,FD82) -> 816340 | FI82: =COUNTA(M82,N82,T82,Z82,AF82,AL82,AR82,AX82,BD82,BJ82,BP82,BV82,CB82,CH82,CN82,CT82,CZ82,DF82,DL82,DR82,DX82,ED82,EJ82,EP82,EV82,FB82) -> 1 | FJ82: =IFERROR(FH82/FI82," ") -> 816340
A83: =#REF! -> #REF! | B83: =#REF! -> #REF! | C83: =#REF! -> #REF! | D83: =#REF! -> #REF! | E83: 1 | F83: 0 | G83: 0 | H83: 0 | I83: 0 | J83: 922250 | K83: 0 | L83: =J83 -> 922250 | CT83: 938000 | CU83: 178220 | CV83: =+CT83+CU83 -> 1116220 | FH83: =SUM(M83,P83,V83,AB83,AH83,AN83,AT83,AZ83,BF83,BL83,BR83,BX83,CD83,CJ83,CP83,CV83,DB83,DH83,DN83,DT83,DZ83,EF83,EL83,ER83,EX83,FD83) -> 1116220 | FI83: =COUNTA(M83,N83,T83,Z83,AF83,AL83,AR83,AX83,BD83,BJ83,BP83,BV83,CB83,CH83,CN83,CT83,CZ83,DF83,DL83,DR83,DX83,ED83,EJ83,EP83,EV83,FB83) -> 1 | FJ83: =IFERROR(FH83/FI83," ") -> 1116220
A84: =#REF! -> #REF! | B84: =#REF! -> #REF! | C84: =#REF! -> #REF! | D84: =#REF! -> #REF! | E84: 1 | F84: 0 | G84: 0 | H84: 0 | I84: 0 | J84: 922250 | K84: 0 | L84: =J84 -> 922250 | CT84: 85000 | CU84: 16150 | CV84: =+CT84+CU84 -> 101150 | FH84: =SUM(M84,P84,V84,AB84,AH84,AN84,AT84,AZ84,BF84,BL84,BR84,BX84,CD84,CJ84,CP84,CV84,DB84,DH84,DN84,DT84,DZ84,EF84,EL84,ER84,EX84,FD84) -> 101150 | FI84: =COUNTA(M84,N84,T84,Z84,AF84,AL84,AR84,AX84,BD84,BJ84,BP84,BV84,CB84,CH84,CN84,CT84,CZ84,DF84,DL84,DR84,DX84,ED84,EJ84,EP84,EV84,FB84) -> 1 | FJ84: =IFERROR(FH84/FI84," ") -> 101150
A85: =#REF! -> #REF! | B85: =#REF! -> #REF! | C85: =#REF! -> #REF! | D85: =#REF! -> #REF! | E85: 1 | F85: 0 | G85: 0 | H85: 0 | I85: 0 | J85: 922250 | K85: 0 | L85: =J85 -> 922250 | CT85: 360000 | CU85: =+CT85*0 -> 0 | CV85: =+CT85+CU85 -> 360000 | FH85: =SUM(M85,P85,V85,AB85,AH85,AN85,AT85,AZ85,BF85,BL85,BR85,BX85,CD85,CJ85,CP85,CV85,DB85,DH85,DN85,DT85,DZ85,EF85,EL85,ER85,EX85,FD85) -> 360000 | FI85: =COUNTA(M85,N85,T85,Z85,AF85,AL85,AR85,AX85,BD85,BJ85,BP85,BV85,CB85,CH85,CN85,CT85,CZ85,DF85,DL85,DR85,DX85,ED85,EJ85,EP85,EV85,FB85) -> 1 | FJ85: =IFERROR(FH85/FI85," ") -> 360000
A86: =#REF! -> #REF! | B86: =#REF! -> #REF! | C86: =#REF! -> #REF! | D86: =#REF! -> #REF! | E86: 1 | F86: 0 | G86: 0 | H86: 5980000 | I86: 0 | J86: 0 | K86: 0 | L86: =H86 -> 5980000 | CT86: 362500 | CU86: 68875 | CV86: =+CT86+CU86 -> 431375 | FH86: =SUM(M86,P86,V86,AB86,AH86,AN86,AT86,AZ86,BF86,BL86,BR86,BX86,CD86,CJ86,CP86,CV86,DB86,DH86,DN86,DT86,DZ86,EF86,EL86,ER86,EX86,FD86) -> 431375 | FI86: =COUNTA(M86,N86,T86,Z86,AF86,AL86,AR86,AX86,BD86,BJ86,BP86,BV86,CB86,CH86,CN86,CT86,CZ86,DF86,DL86,DR86,DX86,ED86,EJ86,EP86,EV86,FB86) -> 1 | FJ86: =IFERROR(FH86/FI86," ") -> 431375
A87: =#REF! -> #REF! | B87: =#REF! -> #REF! | C87: =#REF! -> #REF! | D87: =#REF! -> #REF! | E87: 1 | F87: 0 | G87: 0 | H87: 5980000 | I87: 0 | J87: 0 | K87: 0 | L87: =H87 -> 5980000 | CT87: 440000 | CU87: =+CT87*0 -> 0 | CV87: =+CT87+CU87 -> 440000 | FH87: =SUM(M87,P87,V87,AB87,AH87,AN87,AT87,AZ87,BF87,BL87,BR87,BX87,CD87,CJ87,CP87,CV87,DB87,DH87,DN87,DT87,DZ87,EF87,EL87,ER87,EX87,FD87) -> 440000 | FI87: =COUNTA(M87,N87,T87,Z87,AF87,AL87,AR87,AX87,BD87,BJ87,BP87,BV87,CB87,CH87,CN87,CT87,CZ87,DF87,DL87,DR87,DX87,ED87,EJ87,EP87,EV87,FB87) -> 1 | FJ87: =IFERROR(FH87/FI87," ") -> 440000
A88: =#REF! -> #REF! | B88: =#REF! -> #REF! | C88: =#REF! -> #REF! | D88: =#REF! -> #REF! | E88: 1 | F88: 0 | G88: 0 | H88: 5980000 | I88: 0 | J88: 0 | K88: 0 | L88: =H88 -> 5980000 | CT88: 530000 | CU88: 100700 | CV88: =+CT88+CU88 -> 630700 | FH88: =SUM(M88,P88,V88,AB88,AH88,AN88,AT88,AZ88,BF88,BL88,BR88,BX88,CD88,CJ88,CP88,CV88,DB88,DH88,DN88,DT88,DZ88,EF88,EL88,ER88,EX88,FD88) -> 630700 | FI88: =COUNTA(M88,N88,T88,Z88,AF88,AL88,AR88,AX88,BD88,BJ88,BP88,BV88,CB88,CH88,CN88,CT88,CZ88,DF88,DL88,DR88,DX88,ED88,EJ88,EP88,EV88,FB88) -> 1 | FJ88: =IFERROR(FH88/FI88," ") -> 630700
A89: =#REF! -> #REF! | B89: =#REF! -> #REF! | C89: =#REF! -> #REF! | D89: =#REF! -> #REF! | E89: 1 | F89: 0 | G89: 0 | H89: 5980000 | I89: 0 | J89: 0 | K89: 0 | L89: =H89 -> 5980000 | FH89: =SUM(M89,P89,V89,AB89,AH89,AN89,AT89,AZ89,BF89,BL89,BR89,BX89,CD89,CJ89,CP89,CV89,DB89,DH89,DN89,DT89,DZ89,EF89,EL89,ER89,EX89,FD89) -> 0 | FI89: =COUNTA(M89,N89,T89,Z89,AF89,AL89,AR89,AX89,BD89,BJ89,BP89,BV89,CB89,CH89,CN89,CT89,CZ89,DF89,DL89,DR89,DX89,ED89,EJ89,EP89,EV89,FB89) -> 0 | FJ89: =IFERROR(FH89/FI89," ")
A90: =#REF! -> #REF! | B90: =#REF! -> #REF! | C90: =#REF! -> #REF! | D90: =#REF! -> #REF! | E90: 1 | F90: 3517100 | G90: 0 | H90: 4328906.5 | I90: 0 | J90: 0 | K90: 0 | L90: =AVERAGE(F90,H90) -> 3923003.2 | FH90: =SUM(M90,P90,V90,AB90,AH90,AN90,AT90,AZ90,BF90,BL90,BR90,BX90,CD90,CJ90,CP90,CV90,DB90,DH90,DN90,DT90,DZ90,EF90,EL90,ER90,EX90,FD90) -> 0 | FI90: =COUNTA(M90,N90,T90,Z90,AF90,AL90,AR90,AX90,BD90,BJ90,BP90,BV90,CB90,CH90,CN90,CT90,CZ90,DF90,DL90,DR90,DX90,ED90,EJ90,EP90,EV90,FB90) -> 0 | FJ90: =IFERROR(FH90/FI90," ")
A91: =#REF! -> #REF! | B91: =#REF! -> #REF! | C91: =#REF! -> #REF! | D91: =#REF! -> #REF! | E91: 1 | F91: 3517100 | G91: 0 | H91: 4328906.5 | I91: 0 | J91: 0 | K91: 0 | L91: =AVERAGE(F91,H91) -> 3923003.2 | FH91: =SUM(M91,P91,V91,AB91,AH91,AN91,AT91,AZ91,BF91,BL91,BR91,BX91,CD91,CJ91,CP91,CV91,DB91,DH91,DN91,DT91,DZ91,EF91,EL91,ER91,EX91,FD91) -> 0 | FI91: =COUNTA(M91,N91,T91,Z91,AF91,AL91,AR91,AX91,BD91,BJ91,BP91,BV91,CB91,CH91,CN91,CT91,CZ91,DF91,DL91,DR91,DX91,ED91,EJ91,EP91,EV91,FB91) -> 0 | FJ91: =IFERROR(FH91/FI91," ")
A92: =#REF! -> #REF! | B92: =#REF! -> #REF! | C92: =#REF! -> #REF! | D92: =#REF! -> #REF! | E92: 1 | F92: 0 | G92: 0 | H92: 0 | I92: 0 | J92: 0 | K92: 0 | FH92: =SUM(M92,P92,V92,AB92,AH92,AN92,AT92,AZ92,BF92,BL92,BR92,BX92,CD92,CJ92,CP92,CV92,DB92,DH92,DN92,DT92,DZ92,EF92,EL92,ER92,EX92,FD92) -> 0 | FI92: =COUNTA(M92,N92,T92,Z92,AF92,AL92,AR92,AX92,BD92,BJ92,BP92,BV92,CB92,CH92,CN92,CT92,CZ92,DF92,DL92,DR92,DX92,ED92,EJ92,EP92,EV92,FB92) -> 0 | FJ92: =IFERROR(FH92/FI92," ")
A93: =#REF! -> #REF! | B93: =#REF! -> #REF! | C93: =#REF! -> #REF! | D93: =#REF! -> #REF! | E93: 1 | F93: 0 | G93: 0 | H93: 0 | I93: 0 | J93: 0 | K93: 0 | FH93: =SUM(M93,P93,V93,AB93,AH93,AN93,AT93,AZ93,BF93,BL93,BR93,BX93,CD93,CJ93,CP93,CV93,DB93,DH93,DN93,DT93,DZ93,EF93,EL93,ER93,EX93,FD93) -> 0 | FI93: =COUNTA(M93,N93,T93,Z93,AF93,AL93,AR93,AX93,BD93,BJ93,BP93,BV93,CB93,CH93,CN93,CT93,CZ93,DF93,DL93,DR93,DX93,ED93,EJ93,EP93,EV93,FB93) -> 0 | FJ93: =IFERROR(FH93/FI93," ")
A94: =#REF! -> #REF! | B94: =#REF! -> #REF! | C94: =#REF! -> #REF! | D94: =#REF! -> #REF! | E94: 1 | F94: 0 | G94: 0 | H94: 0 | I94: 0 | J94: 495040 | K94: 0 | L94: =J94 -> 495040 | FH94: =SUM(M94,P94,V94,AB94,AH94,AN94,AT94,AZ94,BF94,BL94,BR94,BX94,CD94,CJ94,CP94,CV94,DB94,DH94,DN94,DT94,DZ94,EF94,EL94,ER94,EX94,FD94) -> 0 | FI94: =COUNTA(M94,N94,T94,Z94,AF94,AL94,AR94,AX94,BD94,BJ94,BP94,BV94,CB94,CH94,CN94,CT94,CZ94,DF94,DL94,DR94,DX94,ED94,EJ94,EP94,EV94,FB94) -> 0 | FJ94: =IFERROR(FH94/FI94," ")
A95: =#REF! -> #REF! | B95: =#REF! -> #REF! | C95: =#REF! -> #REF! | D95: =#REF! -> #REF! | E95: 1 | F95: 0 | G95: 0 | H95: 2489361 | I95: 2290000 | J95: 2208681.3 | K95: 2201500 | L95: =AVERAGE(H95,J95) -> 2349021.2 | M95: =AVERAGE(I95,K95)*E1 -> 2313122.5 | N95: 2255000 | O95: =+N95*0 -> 0 | P95: =+O95+N95 -> 2255000 | Q95: Kit x 20 Pruebas | R95: REMEL | S95: Incluye reactivos reveladores, Se ofertan 2 Kits teniendo en cuenta que la presentacion es de 20 pruebas | BV95: 1845600 | BW95: =BV95*19% -> 350664 | BX95: =+BV95+BW95 -> 2196264 | BY95: caja x 25 galerías | BZ95: BIOMERIEUX | CH95: 1974792 | CI95: =+CH95*0.19 -> 375210.48 | CJ95: =+CH95+CI95 -> 2350002.5 | CK95: caja x 25 galerías | CL95: BIOMERIEUX | FH95: =SUM(M95,P95,V95,AB95,AH95,AN95,AT95,AZ95,BF95,BL95,BR95,BX95,CD95,CJ95,CP95,CV95,DB95,DH95,DN95,DT95,DZ95,EF95,EL95,ER95,EX95,FD95) -> 9114389 | FI95: =COUNTA(M95,N95,T95,Z95,AF95,AL95,AR95,AX95,BD95,BJ95,BP95,BV95,CB95,CH95,CN95,CT95,CZ95,DF95,DL95,DR95,DX95,ED95,EJ95,EP95,EV95,FB95) -> 4 | FJ95: =IFERROR(FH95/FI95," ") -> 2278597.2
A96: =#REF! -> #REF! | B96: =#REF! -> #REF! | C96: =#REF! -> #REF! | D96: =#REF! -> #REF! | E96: 1 | F96: 0 | G96: 0 | H96: 2409073.2 | I96: 0 | J96: 2276400 | K96: 0 | L96: =AVERAGE(H96,J96) -> 2342736.6 | FH96: =SUM(M96,P96,V96,AB96,AH96,AN96,AT96,AZ96,BF96,BL96,BR96,BX96,CD96,CJ96,CP96,CV96,DB96,DH96,DN96,DT96,DZ96,EF96,EL96,ER96,EX96,FD96) -> 0 | FI96: =COUNTA(M96,N96,T96,Z96,AF96,AL96,AR96,AX96,BD96,BJ96,BP96,BV96,CB96,CH96,CN96,CT96,CZ96,DF96,DL96,DR96,DX96,ED96,EJ96,EP96,EV96,FB96) -> 0 | FJ96: =IFERROR(FH96/FI96," ")
A97: =#REF! -> #REF! | B97: =#REF! -> #REF! | C97: =#REF! -> #REF! | D97: =#REF! -> #REF! | E97: 1 | F97: 0 | G97: 0 | H97: 0 | I97: 0 | J97: 0 | K97: 0 | FH97: =SUM(M97,P97,V97,AB97,AH97,AN97,AT97,AZ97,BF97,BL97,BR97,BX97,CD97,CJ97,CP97,CV97,DB97,DH97,DN97,DT97,DZ97,EF97,EL97,ER97,EX97,FD97) -> 0 | FI97: =COUNTA(M97,N97,T97,Z97,AF97,AL97,AR97,AX97,BD97,BJ97,BP97,BV97,CB97,CH97,CN97,CT97,CZ97,DF97,DL97,DR97,DX97,ED97,EJ97,EP97,EV97,FB97) -> 0 | FJ97: =IFERROR(FH97/FI97," ")
A98: =#REF! -> #REF! | B98: =#REF! -> #REF! | C98: =#REF! -> #REF! | D98: =#REF! -> #REF! | E98: 1 | F98: 0 | G98: 0 | H98: 0 | I98: 0 | J98: 446250 | K98: 0 | L98: =J98 -> 446250 | FH98: =SUM(M98,P98,V98,AB98,AH98,AN98,AT98,AZ98,BF98,BL98,BR98,BX98,CD98,CJ98,CP98,CV98,DB98,DH98,DN98,DT98,DZ98,EF98,EL98,ER98,EX98,FD98) -> 0 | FI98: =COUNTA(M98,N98,T98,Z98,AF98,AL98,AR98,AX98,BD98,BJ98,BP98,BV98,CB98,CH98,CN98,CT98,CZ98,DF98,DL98,DR98,DX98,ED98,EJ98,EP98,EV98,FB98) -> 0 | FJ98: =IFERROR(FH98/FI98," ")
A99: =#REF! -> #REF! | B99: =#REF! -> #REF! | C99: =#REF! -> #REF! | D99: =#REF! -> #REF! | E99: 1 | F99: 0 | G99: 0 | H99: 0 | I99: 0 | J99: 132000 | K99: 0 | L99: =J99 -> 132000 | FH99: =SUM(M99,P99,V99,AB99,AH99,AN99,AT99,AZ99,BF99,BL99,BR99,BX99,CD99,CJ99,CP99,CV99,DB99,DH99,DN99,DT99,DZ99,EF99,EL99,ER99,EX99,FD99) -> 0 | FI99: =COUNTA(M99,N99,T99,Z99,AF99,AL99,AR99,AX99,BD99,BJ99,BP99,BV99,CB99,CH99,CN99,CT99,CZ99,DF99,DL99,DR99,DX99,ED99,EJ99,EP99,EV99,FB99) -> 0 | FJ99: =IFERROR(FH99/FI99," ")
A100: =#REF! -> #REF! | B100: =#REF! -> #REF! | C100: =#REF! -> #REF! | D100: =#REF! -> #REF! | E100: 1 | F100: 575808.08 | G100: 118167 | H100: 522600.42 | I100: 127330 | J100: 461862.6 | K100: 437920 | L100: =AVERAGE(F100,H100,J100) -> 520090.37 | M100: =AVERAGE(G100,I100,K100)*E1 -> 234639.84 | AF100: 320000 | AG100: =AF100*19% -> 60800 | AH100: =+AF100+AG100 -> 380800 | AL100: 270000 | AM100: =+AL100*0.19 -> 51300 | AN100: =+AL100+AM100 -> 321300 | AO100: Frasco x 100g | AP100: PANREAC | AR100: 306671 | AS100: =+AR100*0.19 -> 58267.49 | AT100: =+AR100+AS100 -> 364938.49 | AU100: Frasco x 100g | AV100: PANREAC | BV100: 474000 | BW100: =BV100*19% -> 90060 | BX100: =+BV100+BW100 -> 564060 | BY100: frasco x 100 gr | BZ100: SCHARLAU | CH100: 502440 | CI100: =+CH100*0.19 -> 95463.6 | CJ100: =+CH100+CI100 -> 597903.6 | CK100: frasco x 100 gr | CL100: SCHARLAU | FH100: =SUM(M100,P100,V100,AB100,AH100,AN100,AT100,AZ100,BF100,BL100,BR100,BX100,CD100,CJ100,CP100,CV100,DB100,DH100,DN100,DT100,DZ100,EF100,EL100,ER100,EX100,FD100) -> 2463641.9 | FI100: =COUNTA(M100,N100,T100,Z100,AF100,AL100,AR100,AX100,BD100,BJ100,BP100,BV100,CB100,CH100,CN100,CT100,CZ100,DF100,DL100,DR100,DX100,ED100,EJ100,EP100,EV100,FB100) -> 6 | FJ100: =IFERROR(FH100/FI100," ") -> 410606.99
...

Sheet LP Reactivos
G1: 1. ELEMENTOS QUIMICOS LTDA | L1: 2. MOLECULAR ENGINEERING SAS NIT: 800.122.987-1 | Q1: 3. LABORATORIO MEDICO VETERINARIO - LMV SAS | V1: 4. INSOLAB | AA1: 6. QUIMIOLAB | AF1: 8. ANNAR DIAGNOSTICA IMPORT | AK1: 9. ARTILAB SA | AP1: 10. LABBRANDS | AU1: 11. PAF | AZ1: 13. EXOGENA LTDA | BE1: 14. AVANTIKA COLOMBIA S.A.S | BJ1: 15. Thermo Fisher Scientific | BO1: 16. SANITAS S.A.S | BT1: 17. AQUALAB | BY1: 18. Tecnologías Orozco Torres - TOT | CD1: 19. BIOCELL | CI1: 20. ADEQUIM S.A.S. | CN1: 21. IDC | CS1: 22. COMFANDI | CX1: 23. MERCALDAS | DC1: 24. ASESORÍA AGRÍCOLA Y APICULTURA | DH1: 25. AGROINSUMOS EL CONTADO | DM1: 28. CASA MATRIZ LTDA | DR1: 29. MERCK | DW1: 31. G&G SUCESORES | EB1: 31. MAQUETING NET SAS
A2: Ítem | B2: Descripción técnica | C2: Marca | D2: Presentación | E2: Cantidad | F2: Historico 2021 + IPC | G2: Valor unitario | H2: Valor IVA | I2: Valor Unitario con IVA | J2: MARCA | K2: Referencia | L2: Valor unitario | M2: Valor IVA | N2: Valor Unitario con IVA | O2: MARCA | P2: Referencia | Q2: Valor unitario | R2: Valor IVA | S2: Valor Unitario con IVA | T2: MARCA | U2: Referencia | V2: Valor unitario | W2: Valor IVA | X2: Valor Unitario con IVA | Y2: MARCA | Z2: Referencia | AA2: Valor unitario | AB2: Valor IVA | AC2: Valor Unitario con IVA | AD2: MARCA | AE2: Referencia | AF2: Valor unitario | AG2: Valor IVA | AH2: Valor Unitario con IVA | AI2: MARCA | AJ2: Referencia | AK2: Valor unitario | AL2: Valor IVA | AM2: Valor Unitario con IVA | AN2: MARCA | AO2: Referencia | AP2: Valor unitario | AQ2: Valor IVA | AR2: Valor Unitario con IVA | AS2: MARCA | AT2: Referencia | AU2: Valor unitario | AV2: Valor IVA | AW2: Valor Unitario con IVA | AX2: MARCA | AY2: Referencia | AZ2: Valor unitario | BA2: Valor IVA | BB2: Valor Unitario con IVA | BC2: MARCA | BD2: Referencia | BE2: Valor unitario | BF2: Valor IVA | BG2: Valor Unitario con IVA | BH2: MARCA | BI2: Referencia | BJ2: Valor unitario | BK2: Valor IVA | BL2: Valor Unitario con IVA | BM2: MARCA | BN2: Referencia | BO2: Valor unitario | BP2: Valor IVA | BQ2: Valor Unitario con IVA | BR2: MARCA | BS2: Referencia | BT2: Valor unitario | BU2: Valor IVA | BV2: Valor Unitario con IVA | BW2: MARCA | BX2: Referencia | BY2: Valor unitario | BZ2: Valor IVA | CA2: Valor Unitario con IVA | CB2: MARCA | CC2: Referencia | CD2: Valor unitario | CE2: Valor IVA | CF2: Valor Unitario con IVA | CG2: MARCA | CH2: Referencia | CI2: Valor unitario | CJ2: Valor IVA | CK2: Valor Unitario con IVA | CL2: MARCA | CM2: Referencia | CN2: Valor unitario | CO2: Valor IVA | CP2: Valor Unitario con IVA | CQ2: MARCA | CR2: Referencia | CS2: Valor unitario | CT2: Valor IVA | CU2: Valor Unitario con IVA | CV2: MARCA | CW2: Referencia | CX2: Valor unitario | CY2: Valor IVA | CZ2: Valor Unitario con IVA | DA2: MARCA | DB2: Referencia | DC2: Valor unitario | DD2: Valor IVA | DE2: Valor Unitario con IVA | DF2: MARCA | DG2: Referencia | DH2: Valor unitario | DI2: Valor IVA | DJ2: Valor Unitario con IVA | DK2: MARCA | DL2: Referencia | DM2: Valor unitario | DN2: Valor IVA | DO2: Valor Unitario con IVA | DP2: MARCA | DQ2: Referencia | DR2: Valor unitario | DS2: Valor IVA | DT2: Valor Unitario con IVA | DU2: MARCA | DV2: Referencia | DW2: Valor unitario | DX2: Valor IVA | DY2: Valor Unitario con IVA | DZ2: MARCA | EA2: Referencia | EB2: Valor unitario | EC2: Valor IVA | ED2: Valor Unitario con IVA | EE2: MARCA | EF2: Referencia
A3: 1 | B3: 1-Methylimidazole | C3: Aldrich M50834 | D3: 99% de puereza-Frasco de 100g | E3: 1 | AK3: 144000 | AL3: 27360 | AM3: 171360 | AN3: SIGMA | AO3: M50834-100G | AU3: 151688 | AV3: 28821 | AW3: 180509 | AX3: MERCK - SIGMA - SUPELCO | AY3: M50834-100G | BE3: 264000 | BF3: 50160 | BG3: 314160 | BH3: SIGMA | BI3: M50834-100G
A4: 2 | B4: 2-Mercaptoetanol (1.000X), 55mM en D-PBS. Frasco x50ml. Marca GIBCO /INVITROGEN Ref 21985023 | C4: Invitrogen | D4: Unidad | E4: 1 | AA4: 688500 | AB4: =+AA4*0.19 -> 130815 | AC4: =+AA4+AB4 -> 819315 | AD4: ABM | AE4: CH044 | BJ4: 250492.31 | BK4: 47593.539 | BL4: 298085.85 | BM4: GIBCO | BN4: 21985023
A5: 3 | B5: 2-Nitrobenzaldehido | C5: Sigma N10802 | D5: Frasco x 2g | E5: 1 | F5: 232522.43 | AK5: 105000 | AL5: 19950 | AM5: 124950 | AN5: SIGMA | AO5: N10802-2G | AU5: 110606 | AV5: 21015 | AW5: 131621 | AX5: MERCK - SIGMA - SUPELCO | AY5: N10802-2G | BE5: 192000 | BF5: 36480 | BG5: 228480 | BH5: SIGMA | BI5: N10802-2G
A6: 4 | B6: 5,6-dimetyl-2-thiouracil 97.5% | C6: Sigma-aldrich o equivalente | D6: Frasco x25 mg | E6: 1 | AU6: 827667.69 | AV6: 157257 | AW6: 984925 | AX6: MERCK - SIGMA - SUPELCO | AY6: 574554-1G
A7: 5 | B7: Aceite de clavo | C7: Cualquier marca | D7: Frasco x 250ml | E7: 1 | F7: 330558.91 | AK7: 284000 | AL7: 53960 | AM7: 337960 | AN7: SIGMA | AO7: C8392-100ML | AU7: 1028110 | AV7: 195341 | AW7: 1223451 | AX7: MERCK - SIGMA - SUPELCO | AY7: C8392-500ML | BE7: 336000 | BF7: 63840 | BG7: 399840 | BH7: ENTHOS | BI7: SA10800000
A8: 6 | B8: Aceite de inmersión | C8: Cualquier marca | D8: Frasco x 100ml | E8: 1 | F8: 134485.95 | G8: 172500 | H8: 32775 | I8: 205275 | J8: PANREAC | K8: A0699.0100 | AF8: 172000 | AG8: =AF8*0.19 -> 32680 | AH8: =AF8+AG8 -> 204680 | AI8: SCHARLAU Q | AJ8: AC00310100 | AK8: 103170 | AL8: 19602.3 | AM8: 122772.3 | AN8: MERCK | AO8: 1046990100 | AU8: 131198 | AV8: 24928 | AW8: 156126 | AX8: MERCK - SIGMA - SUPELCO | AY8: 1046990100 | BE8: 60000 | BF8: 11400 | BG8: 71400 | BH8: BIOQUIGEN | BI8: VA010001
A9: 7 | B9: Aceite mineral | C9: Cualquier marca | D9: Frasco x 50ml | E9: 1 | F9: 28908.194 | G9: 58750 | H9: 11162.5 | I9: 69912.5 | J9: CHEMI | K9: AMIN-1000 | AU9: 115873 | AV9: 22016 | AW9: 137889 | AX9: MERCK - SIGMA - SUPELCO | AY9: M8410-100ML | BE9: 44000 | BF9: 8360 | BG9: 52360 | BH9: BIOQUIGEN | BI9: VA040002
A10: 8 | B10: Aces buffer | C10: Sigma/A-3594 | D10: Frasco x 100 g | E10: 1 | AK10: 3833000 | AL10: 728270 | AM10: 4561270 | AN10: SIGMA | AO10: A3594-500G | AU10: 1852061.5 | AV10: 351892 | AW10: 2203953 | AX10: MERCK - SIGMA - SUPELCO | AY10: A3594-100G | BE10: 6996000 | BF10: 1329240 | BG10: 8325240 | BH10: MERCK | BI10: A3594-500
A11: 9 | B11: Acetato de amonio grado masas o equivalente | C11: Sigma Aldrich / Merck / JT Baker o equivalente | D11: Frasco x 100g (se aceptan presentaciones diferentes a frasco de 100 g siempre y cuando se cumpla con la cantidad solicitada por la entidad) | E11: 1 | F11: 2287518 | AF11: 900000 | AG11: =AF11*0.19 -> 171000 | AH11: =AF11+AG11 -> 1071000 | AI11: SCHARLAU Q | AJ11: AM02590050 | AK11: 300390 | AL11: 57074.1 | AM11: 357464.1 | AN11: MERCK | AO11: 5330040050 | AU11: 1799192 | AV11: 341846 | AW11: 2141038 | AX11: MERCK - SIGMA - SUPELCO | AY11: 73594-100G-F
A12: 10 | B12: Acetato de amonio grado RA | C12: Merck o equivalente | D12: frasco x 500g | E12: 1 | G12: 268750 | H12: 51062.5 | I12: 319812.5 | J12: PANREAC | K12: 131114.1210 | AF12: 470000 | AG12: =AF12*0.19 -> 89300 | AH12: =AF12+AG12 -> 559300 | AI12: SCHARLAU Q | AJ12: AM02540500 | AK12: 167010 | AL12: 31731.9 | AM12: 198741.9 | AN12: MERCK | AO12: 1011160500 | AU12: 212382 | AV12: 40353 | AW12: 252734 | AX12: MERCK - SIGMA - SUPELCO | AY12: 1011160500 | BE12: 122000 | BF12: 23180 | BG12: 145180 | BH12: JT BAKER | BI12: 0596-01-M
A13: 11 | B13: Acetato de etilo grado masas | C13: Sigma Aldrich / Merck / JT Baker o equivalente | D13: Frasco x 2.5 litros (Se aceptan presentaciones diferentes a 2.5 l siempre y cuando se cumpla con la cantidad solicitada por la entidad) | E13: 1 | F13: 307935.11 | AF13: 391000 | AG13: =AF13*0.19 -> 74290 | AH13: =AF13+AG13 -> 465290 | AI13: SCHARLAU Q | AJ13: AC01581000 | AK13: 274170 | AL13: 52092.3 | AM13: 326262.3 | AN13: MERCK | AO13: 1036492500 | AU13: 106553 | AV13: 20245 | AW13: 126798 | AX13: MERCK - SIGMA - SUPELCO | AY13: 1007891000
A14: 12 | B14: Acetato de etilo para análisis de residuos | C14: Sigma Aldrich / Merck / JT Baker o equivalente | D14: Frasco x 4 litros (Se aceptan presentaciones diferentes a 4 l siempre y cuando se cumpla con la cantidad solicitada por la entidad) | E14: 1 | F14: 818227.58 | AF14: 640000 | AG14: =AF14*0.19 -> 121600 | AH14: =AF14+AG14 -> 761600 | AI14: SCHARLAU Q | AJ14: AC01482500 | AK14: 539790 | AL14: 102560.1 | AM14: 642350.1 | AN14: MERCK | AO14: 1096234000 | AU14: 686435 | AV14: 130423 | AW14: 816858 | AX14: MERCK - SIGMA - SUPELCO | AY14: 1096234000 | BE14: 694000 | BF14: 131860 | BG14: 825860 | BH14: JT BAKER | BI14: 9260-03-U
A15: 13 | B15: Acetato de potasio | C15: Merck o Scharlau | D15: Frasco x 500g | E15: 1 | F15: 367008.38 | G15: 622500 | H15: 118275 | I15: 740775 | J15: PANREAC | K15: 141479.1211 | AF15: 488000 | AG15: =AF15*0.19 -> 92720 | AH15: =AF15+AG15 -> 580720 | AI15: SCHARLAU Q | AJ15: PO01091000 | AK15: 153750 | AL15: 29212.5 | AM15: 182962.5 | AN15: MERCK | AO15: 1048201000 | AU15: 343405 | AV15: 65247 | AW15: 408653 | AX15: MERCK - SIGMA - SUPELCO | AY15: 236497-500G
A16: 14 | B16: Acetato de sodio anhidro | C16: Cualquier marca | D16: 50 a 100g ó 500g | E16: 1 | F16: 311705.74 | G16: 350000 | H16: 66500 | I16: 416500 | J16: PANREAC | K16: 131633.1210 | AF16: 216000 | AG16: =AF16*0.19 -> 41040 | AH16: =AF16+AG16 -> 257040 | AI16: SCHARLAU Q | AJ16: SO00350500 | AK16: 188670 | AL16: 35847.3 | AM16: 224517.3 | AN16: MERCK | AO16: 1062680250 | AU16: 239926 | AV16: 45586 | AW16: 285512 | AX16: MERCK - SIGMA - SUPELCO | AY16: 1062680250 | BE16: 206000 | BF16: 39140 | BG16: 245140 | BH16: JT BAKER | BI16: 3470-01-M
A17: 15 | B17: Acetona grado reactivo | C17: Merck, JT Baker, Mallinckrodt, Scharlau o equivalente | D17: Frasco x 4 litros (Se aceptan presentaciones diferentes a 4 l siempre y cuando se cumpla con la cantidad solicitada por la entidad) | E17: 1 | F17: 285311.31 | G17: 343750 | H17: 65312.5 | I17: 409062.5 | J17: PANREAC | K17: 131007.1214 | AF17: 129000 | AG17: =AF17*0.19 -> 24510 | AH17: =AF17+AG17 -> 153510 | AI17: SCHARLAU Q | AJ17: AC03142500 | AK17: 182400 | AL17: 34656 | AM17: 217056 | AN17: MERCK | AO17: 1000144000 | AU17: 185562 | AV17: 35257 | AW17: 220819 | AX17: MERCK - SIGMA - SUPELCO | AY17: 1070214000 | BE17: 214000 | BF17: 40660 | BG17: 254660 | BH17: JT BAKER | BI17: 9006-03-M
A18: 16 | B18: Acetonitrilo grado gradiente | C18: Merck, JT Baker, Sigma o equivalente | D18: 4 Litros | E18: 1 | AF18: 240000 | AG18: =AF18*0.19 -> 45600 | AH18: =AF18+AG18 -> 285600 | AI18: SCHARLAU Q | AJ18: AC03294000 | AU18: 511746 | AV18: 97232 | AW18: 608977 | AX18: MERCK - SIGMA - SUPELCO | AY18: 1000305000 | DR18: 513000 | DS18: =+DR18*0.19 -> 97470 | DT18: =+DR18+DS18 -> 610470 | DU18: MERCK | DV18: 1000034000
A19: 17 | B19: Acetonitrilo grado HPLC con certificado de analisis y ficha de seguridad. Grado gradiente | C19: Cualquier marca | D19: Frasco x 4 litros | E19: 1 | F19: 412255.98 | G19: 411250 | H19: 78137.5 | I19: 489387.5 | J19: PANREAC | K19: 221881.16153 | AF19: 297000 | AG19: =AF19*0.19 -> 56430 | AH19: =AF19+AG19 -> 353430 | AI19: SCHARLAU Q | AJ19: AC03334000 | AK19: 386460 | AL19: 73427.4 | AM19: 459887.4 | AN19: MERCK | AO19: 1000304000 | AU19: 491450 | AV19: 93375 | AW19: 584825 | AX19: SUPELCO | AY19: 1000304000 | BE19: 317000 | BF19: 60230 | BG19: 377230 | BH19: JT BAKER | BI19: 9012-03-M | DM19: 508500 | DN19: =+DM19*0.19 -> 96615 | DO19: =+DM19+DN19 -> 605115 | DQ19: 1000304000
A20: 18 | B20: Acetonitrilo grado isocrático | C20: Merck, JT Baker, Sigma o equivalente | D20: 4 Litros | E20: 1 | AF20: 297000 | AG20: =AF20*0.19 -> 56430 | AH20: =AF20+AG20 -> 353430 | AI20: SCHARLAU Q | AJ20: AC03334000 | AU20: 489275 | AV20: 92962 | AW20: 582237 | AX20: SUPELCO | AY20: 1142914000
A21: 19 | B21: Acetonitrilo LC/MS con certificado de análisis y ficha de seguridad. | C21: Merck o JT Baker o equivalente | D21: Frasco x 2.5 litros | E21: 1 | F21: 1292070.6 | AF21: 1162000 | AG21: =AF21*0.19 -> 220780 | AH21: =AF21+AG21 -> 1382780 | AI21: SCHARLAU Q | AJ21: AC03712500 | AK21: 522120 | AL21: 99202.8 | AM21: 621322.8 | AN21: MERCK | AO21: 1000292500 | AU21: 663964 | AV21: 126153 | AW21: 790118 | AX21: MERCK - SIGMA - SUPELCO | AY21: 1000292500
A22: 20 | B22: Ácido acético glacial minimo 96% PA con certificado análisis y ficha de seguridad | C22: Cualquier marca | D22: Frasco x 2.5 litros | E22: 1 | F22: 262687.5 | G22: 206250 | H22: 39187.5 | I22: 245437.5 | J22: PANREAC | K22: 141008.1612 | AF22: 147000 | AG22: =AF22*0.19 -> 27930 | AH22: =AF22+AG22 -> 174930 | AI22: SCHARLAU Q | AJ22: AC03532500 | AK22: 213180 | AL22: 40504.2 | AM22: 253684.2 | AN22: MERCK | AO22: 1000622500 | AU22: 246450 | AV22: 46825 | AW22: 293275 | AX22: MERCK - SIGMA - SUPELCO | AY22: 1000622511 | BE22: 220000 | BF22: 41800 | BG22: 261800 | BH22: JT BAKER | BI22: 9508-05-M
A23: 21 | B23: Ácido ascórbico | C23: Cualquier marca | D23: Frasco x 100g | E23: 1 | G23: 162500 | H23: 0 | I23: 162500 | J23: PANREAC | K23: 131013.1208 | AA23: =980700 -> 980700 | AB23: =+AA23*0.19 -> 186333 | AC23: =+AA23+AB23 -> 1167033 | AD23: MP BIOMEDICALS | AE23: 100769 - 1kg | AF23: 105000 | AG23: =AF23*0.19 -> 19950 | AH23: =AF23+AG23 -> 124950 | AI23: SCHARLAU Q | AJ23: AC05150100 | AK23: 94620 | AM23: 94620 | AN23: MERCK | AO23: 1004680100 | AU23: 299163 | AV23: 56841 | AW23: 356004 | AX23: MERCK - SIGMA - SUPELCO | AY23: 33034-100G
A24: 22 | B24: Ácido bórico granular grado ACS,ISO,Reag. Ph Eur | C24: JT BAKER, MERCK, SIGMA ALDRICH o equivalente | D24: Frasco x 1Kg | E24: 1 | F24: 311705.74 | G24: 342500 | H24: 65075 | I24: 407575 | J24: PANREAC | K24: 131015.1211 | AA24: 501900 | AB24: =+AA24*0.19 -> 95361 | AC24: =+AA24+AB24 -> 597261 | AD24: MP BIOMEDICALS | AE24: 195074 - 1kg | AF24: 377000 | AG24: =AF24*0.19 -> 71630 | AH24: =AF24+AG24 -> 448630 | AI24: SCHARLAU Q | AJ24: AC05781000 | AK24: 210330 | AL24: 39962.7 | AM24: 250292.7 | AN24: MERCK | AO24: 1001651000 | BE24: 212000 | BF24: 40280 | BG24: 252280 | BH24: JT BAKER | BI24: 0084-19-M
A25: 23 | B25: Ácido cítrico monohidratado | C25: Merck, Carlo Erba, Scharlau, JT Baker | D25: Frasco x 1Kg | E25: 1 | F25: 458760.47 | G25: 437500 | H25: 83125 | I25: 520625 | J25: PANREAC | K25: 131018.1211 | AF25: 282000 | AG25: =AF25*0.19 -> 53580 | AH25: =AF25+AG25 -> 335580 | AI25: SCHARLAU Q | AJ25: AC07251000 | AK25: 259920 | AL25: 49384.8 | AM25: 309304.8 | AN25: MERCK | AO25: 1002441000 | AU25: 330533 | AV25: 62801 | AW25: 393334 | AX25: MERCK - SIGMA - SUPELCO | AY25: 1002441000 | BE25: 241000 | BF25: 45790 | BG25: 286790 | BH25: JT BAKER | BI25: 0110-19-M
A26: 24 | B26: Acido clorhidrico 0.25M | C26: Merck, JT Baker, Sigma o equivalente | D26: ampolla y/ Frasco x 1Litro | E26: 1 | AF26: 184000 | AG26: =AF26*0.19 -> 34960 | AH26: =AF26+AG26 -> 218960 | AI26: SCHARLAU Q | AJ26: AC07551000
A27: 25 | B27: Ácido clorhídrico 37 - 38% | C27: Merck, JT Baker, Scharlau o equivalente. | D27: Frasco x 2.5 litros | E27: 1 | F27: 175962.92 | G27: 181250 | H27: 34437.5 | I27: 215687.5 | J27: PANREAC | K27: 131020.1212 | AF27: 133000 | AG27: =AF27*0.19 -> 25270 | AH27: =AF27+AG27 -> 158270 | AI27: SCHARLAU Q | AJ27: AC07412500 | AK27: 106000 | AL27: 20140 | AM27: 126140 | AN27: MERCK | AO27: 1003172500 | AU27: 160192 | AV27: 30437 | AW27: 190629 | AX27: SUPELCO | AY27: 1003172510 | BE27: 130000 | BF27: 24700 | BG27: 154700 | BH27: JT BAKER | BI27: 9535-05-M | DM27: 116000 | DN27: =+DM27*0.19 -> 22040 | DO27: =+DM27+DN27 -> 138040 | DQ27: 1003171000 | DR27: 198000 | DS27: =+DR27*0.19 -> 37620 | DT27: =+DR27+DS27 -> 235620 | DU27: MERCK | DV27: 1003172500
A28: 26 | B28: Ácido fórmico 98-100 % pureza, con certificado de análisis y ficha de seguridad | C28: Cualquier marca | D28: Frasco x 2.5 litros | E28: 1 | F28: 483898.03 | G28: 371250 | H28: 70537.5 | I28: 441787.5 | J28: PANREAC | K28: 131030.1612 | AF28: 230000 | AG28: =AF28*0.19 -> 43700 | AH28: =AF28+AG28 -> 273700 | AI28: SCHARLAU Q | AJ28: AC10852500 | AK28: 218880 | AL28: 41587.2 | AM28: 260467.2 | AN28: MARCA | AO28: 1002641000 | AU28: 278343 | AV28: 52885 | AW28: 331228 | AX28: MERCK - SIGMA - SUPELCO | AY28: 1002641000
A29: 27 | B29: Acido fórmico para LC-MS certificado de análisis y ficha de seguridad | C29: Cualquier marca | D29: Frasco 50 mL | E29: 1 | AF29: 165000 | AG29: =AF29*0.19 -> 31350 | AH29: =AF29+AG29 -> 196350 | AI29: SCHARLAU Q | AJ29: AC10760050 | AU29: 1138462 | AV29: 216308 | AW29: 1354769 | AX29: MERCK - SIGMA - SUPELCO | AY29: 1116700250
A30: 28 | B30: Ácido fosfomolibdico solución 2% | C30: Sigma Aldrich / Merck / JT Baker | D30: Frasco x 25g | E30: 1 | F30: 1338575.1 | G30: 181250 | H30: 34437.5 | I30: 215687.5 | J30: PANREAC | K30: 131031.1608 | AK30: 291840 | AL30: 55449.6 | AM30: 347289.6 | AN30: MARCA | AO30: 5330020050 | BE30: 850000 | BF30: 161500 | BG30: 1011500 | BH30: MERCK | BI30: A1005320025
A31: 29 | B31: Ácido fosfotúngstico monohidratado | C31: Sigma Aldrich / Merck / JT Baker o marcas equivalentes | D31: Frasco x 25g | E31: 1 | F31: 976594.21 | AF31: 294000 | AG31: =AF31*0.19 -> 55860 | AH31: =AF31+AG31 -> 349860 | AI31: SCHARLAU Q | AJ31: AC11300025 | AU31: 255974 | AV31: 48635 | AW31: 304609 | AX31: MERCK - SIGMA - SUPELCO | AY31: P4006-25G | BE31: 444000 | BF31: 84360 | BG31: 528360 | BH31: SIGMA | BI31: P4006-25G
A32: 30 | B32: Ácido nítrico ACS 69-70% certificado de análisis y ficha de seguridad | C32: Merck o JT Baker o equivalente | D32: Frasco x 2.5 litros | E32: 1 | G32: 473750 | H32: 90012.5 | I32: 563762.5 | J32: PANREAC | K32: 131037.1612 | AF32: 833000 | AG32: =AF32*0.19 -> 158270 | AH32: =AF32+AG32 -> 991270 | AI32: SCHARLAU Q | AJ32: AC16002500 | AK32: 356250 | AL32: 67687.5 | AM32: 423937.5 | AN32: MERCK | AO32: 1017992500 | AU32: 359527 | AV32: 68310 | AW32: 427837 | AX32: MERCK - SIGMA - SUPELCO | AY32: 1018322500 | BE32: 440000 | BF32: 83600 | BG32: 523600 | BH32: JT BAKER | BI32: 9601-05-M
A33: 31 | B33: Acido Oxálico Grado reactivo con certificado de análisis y fecha de vencimiento no inferior a un año a partir de la fecha de entrega | C33: Merck, JT Baker, Scharlau o equivalente | D33: Frasco x 1Kg | E33: 1 | F33: 679971 | G33: 425000 | H33: 80750 | I33: 505750 | J33: PANREAC | K33: 141041.1211 | AF33: 516000 | AG33: =AF33*0.19 -> 98040 | AH33: =AF33+AG33 -> 614040 | AI33: SCHARLAU Q | AJ33: AC17201000 | AU33: 514645 | AV33: 97783 | AW33: 612428 | AX33: MERCK - SIGMA - SUPELCO | AY33: 1004951000
A34: 32 | B34: Acido perclórico, reactivo analítico 70% | C34: Merck, JT Baker, Scharlau, Panreac o equivalente. | D34: Frasco x 2.5 litros | E34: 1 | F34: 1587436.9 | G34: 1745000 | H34: 331550 | I34: 2076550 | J34: PANREAC | K34: 142175.1612 | AF34: 1679000 | AG34: =AF34*0.19 -> 319010 | AH34: =AF34+AG34 -> 1998010 | AI34: SCHARLAU Q | AJ34: AC17602500 | AK34: 739100 | AL34: 140429 | AM34: 879529 | AN34: PANREAC | AO34: 1321751611 | AU34: 1735988 | AV34: 329838 | AW34: 2065826 | AX34: MERCK - SIGMA - SUPELCO | AY34: 244252-2.5L | BE34: 1418000 | BF34: 269420 | BG34: 1687420 | BH34: JT BAKER | BI34: M3999-46-U
A35: 33 | B35: Ácido peryódico | C35: Merck / JT Baker | D35: Frasco x 25g | E35: 1 | F35: 940144.74 | G35: 686250 | H35: 130387.5 | I35: 816637.5 | J35: PANREAC | K35: 142320.1608 | AK35: 880080 | AL35: 167215.2 | AM35: 1047295.2 | AN35: MERCK | AO35: 1005240025 | AU35: 1119172 | AV35: 212643 | AW35: 1331814 | AX35: MERCK - SIGMA - SUPELCO | AY35: 1005240025 | BE35: 550000 | BF35: 104500 | BG35: 654500 | BH35: JT BAKER | BI35: T146-03-U
A36: 34 | B36: Acido Pícrico | C36: Sigma Aldrich / Merck / JT Baker | D36: Frasco x 25g | E36: 1 | F36: 741558.02 | G36: 1075000 | H36: 204250 | I36: 1279250 | J36: PANREAC | K36: 141048.1610 | AF36: 730000 | AG36: =AF36*0.19 -> 138700 | AH36: =AF36+AG36 -> 868700 | AI36: SCHARLAU Q | AJ36: AC17700250 | AU36: 229639 | AV36: 43631 | AW36: 273271 | AX36: MERCK - SIGMA - SUPELCO | AY36: 197378-100G
A37: 35 | B37: Ácido sulfamico | C37: Sigma - Merkc u otro | D37: 50g a 100 g o 1Kg | E37: 1 | G37: 372500 | H37: 70775 | I37: 443275 | J37: ALFA (USA) | K37: A18836-22 | AF37: 403000 | AG37: =AF37*0.19 -> 76570 | AH37: =AF37+AG37 -> 479570 | AI37: SCHARLAU Q | AJ37: AC20501000 | AK37: 286000 | AL37: 54340 | AM37: 340340 | AN37: SIGMA | AO37: 383120-100G | AU37: 203304 | AV37: 38628 | AW37: 241932 | AX37: MERCK - SIGMA - SUPELCO | AY37: 242772-100G
A38: 36 | B38: Ácido sulfúrico 97-98% analítico con certificado de análisis y ficha de seguridad | C38: Sigma Aldrich / Merck / JT Baker o equivalente | D38: Frasco x 2.5 litros | E38: 1 | F38: 290338.82 | G38: 237500 | H38: 45125 | I38: 282625 | J38: PANREAC | K38: 131058.1612 | AF38: 201000 | AG38: =AF38*0.19 -> 38190 | AH38: =AF38+AG38 -> 239190 | AI38: SCHARLAU Q | AJ38: AC20692500 | AK38: 238260 | AL38: 45269.4 | AM38: 283529.4 | AN38: MERCK | AO38: 1120802500 | AU38: 302988 | AV38: 57568 | AW38: 360556 | AX38: MERCK - SIGMA - SUPELCO | AY38: 1120802500 | BE38: 158000 | BF38: 30020 | BG38: 188020 | BH38: JT BAKER | BI38: 9681-05-M
A39: 37 | B39: Agar agar | C39: Merck, BBL, Difco, Acumedia, Scharlau, Sigma-Aldrich, Oxoid | D39: Frasco x 500g | E39: 1 | F39: 1055777.5 | G39: 622500 | H39: 118275 | I39: 740775 | J39: PANREAC | K39: A0949.0500 | AK39: 983732 | AL39: 186909.08 | AM39: 1170641.1 | AN39: MERCK | AO39: 1016141000 | AU39: 1355357 | AV39: 257518 | AW39: 1612875 | AX39: MERCK - SIGMA - SUPELCO | AY39: 1016141000 | BO39: 1254153 | BP39: =BO39*0.19 -> 238289.07 | BR39: 70101 | BS39: BIOLOG | BY39: 250000 | BZ39: =BY39*0.19 -> 47500 | CA39: =BY39+BZ39 -> 297500 | CB39: Neogen | CC39: NCM205/NCM0238/NCM0203
A40: 38 | B40: Agar antibiotico #1 | C40: Merck, JT Baker, Sigma o equivalente | D40: Frasco x 500 g | E40: 1 | AF40: 498000 | AG40: =AF40*0.19 -> 94620 | AH40: =AF40+AG40 -> 592620 | AI40: Scharlau M | AJ40: 01-009-500 | AK40: 1157598 | AL40: 219943.62 | AM40: 1377541.6 | AN40: MERCK | AO40: 1052720500 | AU40: 1810100 | AV40: 343919 | AW40: 2154019 | AX40: MERCK - SIGMA - SUPELCO | AY40: 1052720500 | BY40: 390000 | BZ40: =BY40*0.19 -> 74100 | CA40: =BY40+BZ40 -> 464100 | CB40: Liofilchem | CC40: 610314
A41: 39 | B41: Agar antibiotico #11 | C41: Merck, JT Baker, Sigma o equivalente | D41: Frasco x 500 g | E41: 1 | AF41: 470000 | AG41: =AF41*0.19 -> 89300 | AH41: =AF41+AG41 -> 559300 | AI41: Scharlau M | AJ41: 01-017-500 | AK41: 1038024 | AL41: 197224.56 | AM41: 1235248.6 | AN41: MERCK | AO41: 1052690500 | AU41: 1433219 | AV41: 272312 | AW41: 1705531 | AX41: MERCK - SIGMA - SUPELCO | AY41: 1052690500 | BY41: 373000 | BZ41: =BY41*0.19 -> 70870 | CA41: =BY41+BZ41 -> 443870 | CB41: Liofilchem | CC41: 610315
A42: 40 | B42: Agar avena | C42: Cualquier marca | D42: Frasco x 500gr | E42: 1 | AU42: 1920000 | AV42: 364800 | AW42: 2284800 | AX42: MERCK - SIGMA - SUPELCO | AY42: O35061KG | BY42: 197000 | BZ42: =BY42*0.19 -> 37430 | CA42: =BY42+BZ42 -> 234430 | CB42: Neogen | CC42: NCM0093A
A43: 41 | B43: Agar base Bacillus cereus | C43: Sigma - Merkc u otro | D43: 500g | E43: 1 | AF43: 510000 | AG43: =AF43*0.19 -> 96900 | AH43: =AF43+AG43 -> 606900 | AI43: Scharlau M | AJ43: 01-262-500 | AU43: 1130286 | AV43: 214754 | AW43: 1345040 | AX43: MERCK - SIGMA - SUPELCO | AY43: 1052670500 | BY43: 217000 | BZ43: =BY43*0.19 -> 41230 | CA43: =BY43+BZ43 -> 258230 | CB43: Neogen | CC43: NCM0062A
A44: 42 | B44: agar Bordetgengou | C44: Sigma - Merkc u otro | D44: 50g a 100 g | E44: 1 | BY44: 241000 | BZ44: =BY44*0.19 -> 45790 | CA44: =BY44+BZ44 -> 286790 | CB44: Liofilchem | CC44: 610006
A45: 43 | B45: Agar casman | C45: BBL BD 211106, Oxoid | D45: Frasco x 500g | E45: 1 | BY45: 266000 | BZ45: =BY45*0.19 -> 50540 | CA45: =BY45+BZ45 -> 316540 | CB45: Neogen | CC45: NCM0141A
A46: 44 | B46: Agar Caso o Tripticasa de Soya | C46: Merck, JT Baker, Sigma, Oxoid o equivalente | D46: Frasco x 500 g | E46: 1 | AF46: 242000 | AG46: =AF46*0.19 -> 45980 | AH46: =AF46+AG46 -> 287980 | AI46: Scharlau M | AJ46: 01-200-500 | AK46: 276265 | AL46: 52490.35 | AM46: 328755.35 | AN46: MERCK | AO46: 1054580500 | AU46: 348493 | AV46: 66214 | AW46: 414707 | AX46: MERCK - SIGMA - SUPELCO | AY46: 1054580500 | BY46: 194000 | BZ46: =BY46*0.19 -> 36860 | CA46: =BY46+BZ46 -> 230860 | CB46: Neogen | CC46: NCM0002A
A47: 45 | B47: Agar EMB | C47: MERCK., oxoid, BD, Scharlau | D47: Frasco x 500 g | E47: 1 | AF47: 255000 | AG47: =AF47*0.19 -> 48450 | AH47: =AF47+AG47 -> 303450 | AI47: Scharlau M | AJ47: 01-068-500 | AK47: 444037 | AL47: 84367.03 | AM47: 528404.03 | AN47: MERCK | AO47: 1038580500 | AU47: 610385 | AV47: 115973 | AW47: 726358 | AX47: MERCK - SIGMA - SUPELCO | AY47: 1038580500 | BY47: 259000 | BZ47: =BY47*0.19 -> 49210 | CA47: =BY47+BZ47 -> 308210 | CB47: Neogen | CC47: NCM0105A
A48: 46 | B48: Agar enterocococel | C48: Merck, JT Baker, Sigma, Oxoid o equivalente | D48: Frasco x 500 g | E48: 1 | AK48: 3068183 | AL48: 582954.77 | AM48: 3651137.8 | AN48: MERCK | AO48: 1009500500 | AU48: 3916571 | AV48: 744148 | AW48: 4660719 | AX48: MERCK - SIGMA - SUPELCO | AY48: 1009500500 | BY48: 300000 | BZ48: =BY48*0.19 -> 57000 | CA48: =BY48+BZ48 -> 357000 | CB48: Neogen | CC48: NCM0166A
A49: 47 | B49: Agar Extracto de levadura | C49: Sigma, oxoid o equivalente | D49: Frasco x 500g | E49: 1 | F49: 1318465 | AF49: 488000 | AG49: =AF49*0.19 -> 92720 | AH49: =AF49+AG49 -> 580720 | AI49: Scharlau M | AJ49: 01-111-500 | AK49: 491866 | AL49: 93454.54 | AM49: 585320.54 | AN49: MERCK | AO49: 1131160500 | AU49: 1295000 | AV49: 246050 | AW49: 1541050 | AX49: MERCK - SIGMA - SUPELCO | AY49: 1037500500 | BY49: 243000 | BZ49: =BY49*0.19 -> 46170 | CA49: =BY49+BZ49 -> 289170 | CB49: Neogen | CC49: NCM0069A
A50: 48 | B50: Agar Hugh- Leifson (OF) | C50: Pronadisa o equivalente | D50: Frasco x 500g | E50: 1 | F50: 1357428.2 | BY50: 380000 | BZ50: =BY50*0.19 -> 72200 | CA50: =BY50+BZ50 -> 452200 | CB50: Liofilchem | CC50: 610304
A51: 49 | B51: Agar leche descremada | C51: Sigma - Merkc u otro | D51: 100g | E51: 1 | AU51: 1302786 | AV51: 247529 | AW51: 1550315 | AX51: MERCK - SIGMA - SUPELCO | AY51: 1153380500 | BY51: 90000 | BZ51: =BY51*0.19 -> 17100 | CA51: =BY51+BZ51 -> 107100 | CB51: Liofilchem | CC51: 620073
A52: 50 | B52: Agar Listeria | C52: Oxoid o equivalente | D52: Frasco x 500 g | E52: 1 | AK52: 904800 | AL52: 171912 | AM52: 1076712 | AN52: OXOID | AO52: CM-856 | AU52: 1987857 | AV52: 377693 | AW52: 2365550 | AX52: MERCK - SIGMA - SUPELCO | AY52: 1004270500 | BY52: 380000 | BZ52: =BY52*0.19 -> 72200 | CA52: =BY52+BZ52 -> 452200 | CB52: Neogen | CC52: NCM1004A
A53: 51 | B53: Agar MacConkey | C53: Merck, JT Baker, Sigma, Oxoid o equivalente | D53: Frasco x 500gr | E53: 1 | F53: 584448.27 | G53: 483750 | H53: 91912.5 | I53: 575662.5 | J53: PANREAC | K53: 413779.1210 | AF53: 335000 | AG53: =AF53*0.19 -> 63650 | AH53: =AF53+AG53 -> 398650 | AI53: Scharlau M | AJ53: 01-118-500 | AK53: 363244 | AL53: 69016.36 | AM53: 432260.36 | AN53: MERCK | AO53: 1002050500 | AU53: 498923 | AV53: 94795 | AW53: 593718 | AX53: MERCK - SIGMA - SUPELCO | AY53: 1002050500 | BY53: 200000 | BZ53: =BY53*0.19 -> 38000 | CA53: =BY53+BZ53 -> 238000 | CB53: Neogen | CC53: NCM0017A
A54: 52 | B54: Agar MacConkey con sorbitol + BCGI. Frasco x 500g. | C54: Merk o equivalente | D54: Frasco x 500 g | E54: 1 | AU54: 1456923 | AV54: 276815 | AW54: 1733738 | AX54: MERCK - SIGMA - SUPELCO | AY54: 1002130500 | BY54: 585500 | BZ54: =BY54*0.19 -> 111245 | CA54: =BY54+BZ54 -> 696745 | CB54: Neogen | CC54: NCM1007A
A55: 53 | B55: Agar Manitol | C55: MICROKIT, Oxoid o equivalente | D55: Frasco x 500 g | E55: 1 | G55: 287500 | H55: 54625 | I55: 342125 | J55: PANREAC | K55: 413783.1210 | AF55: 252000 | AG55: =AF55*0.19 -> 47880 | AH55: =AF55+AG55 -> 299880 | AI55: Scharlau M | AJ55: 01-116-500 | AK55: 430463 | AL55: 81787.97 | AM55: 512250.97 | AN55: MERCK | AO55: 1054040500 | AU55: 590923 | AV55: 112275 | AW55: 703198 | AX55: MERCK - SIGMA - SUPELCO | AY55: 1054040500 | BY55: 140000 | BZ55: =BY55*0.19 -> 26600 | CA55: =BY55+BZ55 -> 166600 | CB55: Neogen | CC55: NCM0078A
A56: 54 | B56: Agar Muller Hinton | C56: MERCK, oxoid o equivalente | D56: Frasco x 500 g | E56: 1 | G56: 561250 | H56: 106637.5 | I56: 667887.5 | J56: PANREAC | K56: 413787.1210 | AF56: 428000 | AG56: =AF56*0.19 -> 81320 | AH56: =AF56+AG56 -> 509320 | AI56: Scharlau M | AJ56: 01-136-500 | AK56: 418829 | AL56: 79577.51 | AM56: 498406.51 | AN56: MERCK | AO56: 1038720500 | AU56: 575000 | AV56: 109250 | AW56: 684250 | AX56: MERCK - SIGMA - SUPELCO | AY56: 1038720500 | BY56: 287000 | BZ56: =BY56*0.19 -> 54530 | CA56: =BY56+BZ56 -> 341530 | CB56: Neogen | CC56: NCM0036A
A57: 55 | B57: Agar Noble | C57: Sigma - Merkc u otro | D57: 50g a 100 g | E57: 1 | AK57: 1326000 | AL57: 251940 | AM57: 1577940 | AN57: SIGMA | AO57: A5431-250G
A58: 56 | B58: Agar ROSA de Bengala y Cloranfenicol | C58: Condalab o equivalente | D58: Frasco x 500 g | E58: 1 | AF58: 427000 | AG58: =AF58*0.19 -> 81130 | AH58: =AF58+AG58 -> 508130 | AI58: Scharlau M | AJ58: 01-301-500 | AK58: 1416134 | AL58: 269065.46 | AM58: 1685199.5 | AN58: MERCK | AO58: 1004660500 | AU58: 1807142 | AV58: 343357 | AW58: 2150499 | AX58: MERCK - SIGMA - SUPELCO | AY58: 1004660500 | BY58: 232000 | BZ58: =BY58*0.19 -> 44080 | CA58: =BY58+BZ58 -> 276080 | CB58: Neogen | CC58: NCM0135A
A59: 57 | B59: Agar Sabouraud Dextrosa | C59: BD o equivalente | D59: Frasco x 500g | E59: 1 | F59: 369522.13 | G59: 428750 | H59: 81462.5 | I59: 510212.5 | J59: PANREAC | K59: 413802.1210 | AF59: 188000 | AG59: =AF59*0.19 -> 35720 | AH59: =AF59+AG59 -> 223720 | AI59: Scharlau M | AJ59: 01-165-500 | AK59: 304000 | AL59: 57760 | AM59: 361760 | AN59: OXOID | AO59: CM-041 | AU59: 276476 | AV59: 52530 | AW59: 329006 | AX59: MERCK - SIGMA - SUPELCO | AY59: 1054380500 | BY59: 148000 | BZ59: =BY59*0.19 -> 28120 | CA59: =BY59+BZ59 -> 176120 | CB59: Neogen | CC59: NCM0008A
A60: 58 | B60: Agar Saboureaud con Cloranfenicol | C60: merck o equivalente | D60: Frasco x 500 g | E60: 1 | AF60: 245000 | AG60: =AF60*0.19 -> 46550 | AH60: =AF60+AG60 -> 291550 | AI60: Scharlau M | AJ60: 01-166-500 | AU60: 537846 | AV60: 102191 | AW60: 640037 | AX60: MERCK - SIGMA - SUPELCO | AY60: 89579500GF | BY60: 149000 | BZ60: =BY60*0.19 -> 28310 | CA60: =BY60+BZ60 -> 177310 | CB60: Neogen | CC60: NCM0068A
A61: 59 | B61: Agar SPS | C61: Sigma - Merkc u otro | D61: 500g | E61: 1 | AF61: 435000 | AG61: =AF61*0.19 -> 82650 | AH61: =AF61+AG61 -> 517650 | AI61: Scharlau M | AJ61: 01-050-500 | AK61: 580415 | AL61: 110278.85 | AM61: 690693.85 | AN61: MERCK | AO61: 1102350500 | AU61: 740929 | AV61: 140777 | AW61: 881706 | AX61: MERCK - SIGMA - SUPELCO | AY61: 1102350500 | BY61: 277000 | BZ61: =BY61*0.19 -> 52630 | CA61: =BY61+BZ61 -> 329630 | CB61: Liofilchem | CC61: 610148
A62: 60 | B62: Agar TBX cromogenico para recuento de E. coli. Frasco x 500g. (OXOID) | C62: Merk o equivalente | D62: Frasco x 500 g | E62: 1 | AK62: 2713988 | AL62: 515657.72 | AM62: 3229645.7 | AN62: MERCK | AO62: 1161220500 | AU62: 3731750 | AV62: 709033 | AW62: 4440783 | AX62: MERCK - SIGMA - SUPELCO | AY62: 1161220500 | BY62: 650000 | BZ62: =BY62*0.19 -> 123500 | CA62: =BY62+BZ62 -> 773500 | CB62: Neogen | CC62: NCM1001A
A63: 61 | B63: Agar triple azúcar hierro (TSI) | C63: Scharlau, Dibico, Sigma-Aldrich, oxoid o equivalente | D63: Frasco x 100g | E63: 1 | F63: 571879.49 | AF63: 363000 | AG63: =AF63*0.19 -> 68970 | AH63: =AF63+AG63 -> 431970 | AI63: Scharlau M | AJ63: 01-192-500 | AK63: 683829 | AL63: 129927.51 | AM63: 813756.51 | AN63: MERCK | AO63: 1039150500 | AU63: 874000 | AV63: 166060 | AW63: 1040060 | AX63: MERCK - SIGMA - SUPELCO | AY63: 1039150500 | BY63: 60000 | BZ63: =BY63*0.19 -> 11400 | CA63: =BY63+BZ63 -> 71400 | CB63: Liofilchem | CC63: 620055
A64: 62 | B64: Agar TSN | C64: Merck o equivalente | D64: Frasco x 500 g | E64: 1 | AF64: 1011000 | AG64: =AF64*0.19 -> 192090 | AH64: =AF64+AG64 -> 1203090 | AI64: Scharlau M | AJ64: 01-195-500 | AU64: 590923 | AV64: 112275 | AW64: 703198 | AX64: MERCK - SIGMA - SUPELCO | AY64: 93735-500G | BY64: 246000 | BZ64: =BY64*0.19 -> 46740 | CA64: =BY64+BZ64 -> 292740 | CB64: Neogen | CC64: NCM0077A
A65: 63 | B65: Agar VRB G | C65: Merck o equivalente | D65: Frasco x 500 g | E65: 1 | AF65: 418000 | AG65: =AF65*0.19 -> 79420 | AH65: =AF65+AG65 -> 497420 | AI65: Scharlau M | AJ65: 01-295-500 | AK65: 358720 | AL65: 68156.8 | AM65: 426876.8 | AN65: MERCK | AO65: 1014060500 | AU65: 493616 | AV65: 93787 | AW65: 587403 | AX65: MERCK - SIGMA - SUPELCO | AY65: 1014060500 | BY65: 240000 | BZ65: =BY65*0.19 -> 45600 | CA65: =BY65+BZ65 -> 285600 | CB65: Neogen | CC65: NCM0041A
A66: 64 | B66: Agar YGC | C66: Merck o equivalente | D66: Frasco x 500 g | E66: 1 | AF66: 280000 | AG66: =AF66*0.19 -> 53200 | AH66: =AF66+AG66 -> 333200 | AI66: Scharlau M | AJ66: 01-366-500 | AK66: 366190 | AL66: 69576.1 | AM66: 435766.1 | AN66: MERCK | AO66: 1160000500 | AU66: 481357 | AV66: 91458 | AW66: 572815 | AX66: MERCK - SIGMA - SUPELCO | AY66: 1160000500 | BY66: 181000 | BZ66: =BY66*0.19 -> 34390 | CA66: =BY66+BZ66 -> 215390 | CC66: 610070
A67: 65 | B67: Agarosa grado biología molecular | C67: Merck, Acumedia, BBL, Sharlau, Sigma, VWR., AMRESCO o equivalentes | D67: Frasco x 500g o presentaciones menores hasta completen los 500g requeridos defindios como Presentación. | E67: 1 | F67: 3716588.2 | L67: 1800000 | M67: =L67*19% -> 342000 | N67: =M67+L67 -> 2142000 | O67: APPLIED BIOLOGICAL MATERIALS | P67: G060-2 | AK67: 5043000 | AL67: 958170 | AM67: 6001170 | AN67: SIGMA | AO67: A9539-500G | AU67: 5312251 | AV67: 1009328 | AW67: 6321579 | AX67: MERCK - SIGMA - SUPELCO | AY67: A9539-500G | BO67: 3411700 | BP67: =BO67*0.19 -> 648223 | BQ67: =BO67+BP67 -> 4059923 | BR67: V3125 | BS67: PROMEGA
A68: 66 | B68: AgPath-ID(TM) One-step RT-PCR Kit; (100 rxn); | C68: Thermo Fisher Ref. AM1005 | D68: Kit x 100 rxn | E68: 1 | F68: 1563556.2 | AU68: 1711760 | AV68: 325234 | AW68: 2036995 | AX68: MERCK - SIGMA - SUPELCO | AY68: QR0100-1KT | BJ68: 1163076.9 | BK68: 220984.61 | BL68: 1384061.5 | BM68: Applied Biosystems | BN68: AM1005
A69: 67 | B69: Agua estéril libre de nucleasas | C69: Thermo Fisher, Invitrogen, VRW o Equibvalentes | D69: Caja x 5 x100ml o frasco x 500 ml | E69: 1 | BJ69: 640769.23 | BK69: 121746.15 | BL69: 762515.38 | BM69: Invitrogen | BN69: AM9939 | BO69: 201004 | BP69: =BO69*0.19 -> 38190.76 | BQ69: =BO69+BP69 -> 239194.76 | BR69: SH30538.01 | BS69: GENERAL ELECTRIC - HYCLONE
A70: 68 | B70: Agua oxigenada Concentracion 3.5 % | C70: JGB | D70: Botella x 500ml | E70: 1 | F70: 113817.17
A71: 69 | B71: Agua peptonada buferada | C71: Cualquier marca | D71: Frasco x 500g | E71: 1 | F71: 405971.59 | AK71: 170000 | AL71: 32300 | AM71: 202300 | AN71: MERCK | AO71: 1072280500 | BY71: 140000 | BZ71: =BY71*0.19 -> 26600 | CA71: =BY71+BZ71 -> 166600 | CB71: Neogen | CC71: NCM0015A
A72: 70 | B72: AGUA tratada con DEPC, para uso con RNA, es Incubada con 0.1% de DEPC, autoclavada y luego filtrada. Caja x 4 Frascos de 100ml. Ref 750024 | C72: Invitrogen | D72: Unidad | E72: 1 | F72: 718934.22 | BJ72: 507500 | BK72: 96425 | BL72: 603925 | BM72: Invitrogen | BN72: 750024
A73: 71 | B73: Alcohol ácido Ziehl Neelsen | C73: Cualquier marca | D73: Frasco x 1 litro | E73: 1 | F73: 89777 | BE73: 66000 | BF73: 12540 | BG73: 78540 | BH73: BIOQUIGEN | BI73: OR040005
A74: 72 | B74: Alcohol antiséptico al 70% | C74: Cualquier marca | D74: Frasco x 700 o 750 ml | E74: 1 | F74: 6284.39 | BE74: 10000 | BF74: 1900 | BG74: 11900 | BH74: JGB SA | BI74: COCV_98991
A75: 73 | B75: Alcohol bencílico | C75: Cualquier marca | D75: Frasco x 1 L | E75: 1 | G75: 215000 | H75: 40850 | I75: 255850 | J75: PANREAC | K75: 141081.1611 | AF75: 205000 | AG75: =AF75*0.19 -> 38950 | AH75: =AF75+AG75 -> 243950 | AI75: SCHARLAU Q | AJ75: AL01611000 | AK75: 273600 | AL75: 51984 | AM75: 325584 | AN75: MERCK | AO75: 1096261000
A76: 74 | B76: Alcohol Etilico grado técnico al 96 % | C76: Cualquier marca | D76: Frasco x 4 litros | E76: 1 | F76: 119403.41 | BE76: 36000 | BF76: 6840 | BG76: 42840 | BH76: BIOQUIGEN | BI76: OR0410606
A77: 75 | B77: Alcohol industrial para mechero | C77: Cualquier marca | D77: Frasco x 1 litro | E77: 1 | F77: 33935.706 | G77: 98750 | H77: 18762.5 | I77: 117512.5 | J77: CHEMI | K77: AEI-5000 | BE77: 36000 | BF77: 6840 | BG77: 42840 | BH77: BIOQUIGEN | BI77: OR0410606
A78: 76 | B78: Almidón | C78: Cualquier marca | D78: Frasco x 100 g o 250 g | E78: 1 | G78: 300000 | H78: 57000 | I78: 357000 | J78: PANREAC | K78: 121096.1210 | AF78: 658000 | AG78: =AF78*0.19 -> 125020 | AH78: =AF78+AG78 -> 783020 | AI78: SCHARLAU Q | AJ78: AL07150250 | AU78: 324675 | AV78: 61688 | AW78: 386364 | AX78: MERCK - SIGMA - SUPELCO | AY78: 1012520100
A79: 77 | B79: Almidón soluble para análisis con certificado de análisis trazable por lote y descargable mediante el website del fabricante | C79: Cualquier marca | D79: Frasco x 100 g o 250 g | E79: 1 | G79: 300000 | H79: 57000 | I79: 357000 | J79: PANREAC | K79: 121096.1210 | AF79: 658000 | AG79: =AF79*0.19 -> 125020 | AH79: =AF79+AG79 -> 783020 | AI79: SCHARLAU Q | AJ79: AL07150250 | AK79: 250000 | AL79: 47500 | AM79: 297500 | AN79: MERCK | AO79: 1012520100 | AU79: 324675 | AV79: 61688 | AW79: 386364 | AX79: MERCK - SIGMA - SUPELCO | AY79: 1012520100
A80: 78 | B80: Aminoácidos NO esenciales | C80: Gibco 11140-050 | D80: Frasco x 100 ml | E80: 1 | F80: 364494.62 | L80: 280000 | M80: =L80*19% -> 53200 | N80: =M80+L80 -> 333200 | O80: CAPRICORN SCIENTIFIC | P80: NEAA-B | AU80: 92698 | AV80: 17613 | AW80: 110311 | AX80: MERCK - SIGMA - SUPELCO | AY80: M7145-100ML | BJ80: 117761.54 | BK80: 22374.693 | BL80: 140136.23 | BM80: GIBCO | BN80: 11140050 | BO80: 330270 | BP80: =BO80*0.19 -> 62751.3 | BQ80: =BO80+BP80 -> 393021.3 | BR80: L4461 | BS80: PROMEGA
A81: 79 | B81: Ammonium Phosphate, Monobasic,(Fosfato de amonio monobasico) analytical standard, for nitrogen determination according to Kjeldahl method, ≥99.5% (referencia 88431-25G) sinonimos mono-Ammonium phosphate, prim-Ammonium phosphate, Ammonium dihydrogenphosphate | C81: Frasco x25 g | D81: Frasco x25 g | E81: 1 | G81: 456250 | H81: 86687.5 | I81: 542937.5 | J81: PANREAC | K81: 1311271211 | AK81: 299000 | AL81: 0 | AM81: 299000 | AN81: SIGMA | AO81: 88431-25G | AU81: 314964 | AV81: 59843 | AW81: 374807 | AX81: MERCK - SIGMA - SUPELCO | AY81: 88431-25G
A82: 80 | B82: Amoniaco 25 % para análisis con certificado de análisis y ficha de seguridad | C82: Cualquier marca | D82: Frasco x 1 litro | E82: 1 | F82: 208641.75 | G82: 145000 | H82: 27550 | I82: 172550 | J82: PANREAC | K82: 141129.1611 | AF82: 135000 | AG82: =AF82*0.19 -> 25650 | AH82: =AF82+AG82 -> 160650 | AI82: SCHARLAU Q | AJ82: AM02491000 | AK82: 87210 | AL82: 16569.9 | AM82: 103779.9 | AN82: MERCK | AO82: 1054321000 | AU82: 89157 | AV82: 16940 | AW82: 106097 | AX82: MERCK - SIGMA - SUPELCO | AY82: 1054321011 | BE82: 60000 | BF82: 11400 | BG82: 71400 | BH82: BIOQUIGEN | BI82: IB042550
A83: 81 | B83: Amonio y hierro(II) sulfato hexahidrato p.a. ISO (referencia merck 103792) | C83: Merck o marca equivalente | D83: Fasco x 1000gr | E83: 1 | G83: 650000 | H83: 123500 | I83: 773500 | J83: PANREAC | K83: 131368.1211 | AF83: 137000 | AG83: =AF83*0.19 -> 26030 | AH83: =AF83+AG83 -> 163030 | AI83: SCHARLAU Q | AJ83: HI03161000 | AK83: 474810 | AL83: 90213.9 | AM83: 565023.9 | AN83: MERCK | AO83: 1037921000 | AU83: 603802 | AV83: 114722 | AW83: 718524 | AX83: MERCK - SIGMA - SUPELCO | AY83: 1037921000
A84: 82 | B84: Ampicilina | C84: Sigma A9518-5G, Scharlau o equivalente | D84: Frasco x 5 g | E84: 1 | F84: 378320.28 | AF84: 257000 | AG84: =AF84*0.19 -> 48830 | AH84: =AF84+AG84 -> 305830 | AI84: SCHARLAU Q | AJ84: AM04680005 | AK84: 246000 | AM84: 246000 | AN84: SIGMA | AO84: A9518-5G | AU84: 259134 | AV84: 49235 | AW84: 308370 | AX84: MERCK - SIGMA - SUPELCO | AY84: A9518-5G | BE84: 450000 | BF84: 85500 | BG84: 535500 | BH84: SIGMA | BI84: A9518-5G | BJ84: 208869.23 | BK84: 39685.154 | BL84: 248554.38 | BM84: GIBCO | BN84: 11593027 | DW84: 270600 | DX84: 0 | DY84: =+DW84+DX84 -> 270600 | DZ84: Sigma A9518-5G
A85: 83 | B85: Anaerocult A | C85: Merck | D85: Caja x 10 | E85: 1 | F85: 355696.47 | AK85: 173220 | AL85: 32911.8 | AM85: 206131.8 | AN85: MERCK | AO85: 1323810001 | AU85: 310500 | AV85: 58995 | AW85: 369495 | AX85: MERCK - SIGMA - SUPELCO | AY85: 1323810001
A86: 84 | B86: Anaerocult C | C86: Merck 16275 | D86: Caja x 5 | E86: 1 | F86: 715163.58 | AU86: 552000 | AV86: 104880 | AW86: 656880 | AX86: MERCK - SIGMA - SUPELCO | AY86: 1323830001
A87: 85 | B87: Anaerotest indicador anaerobiosis | C87: Merck | D87: Frasco x 50 tiras | E87: 1 | F87: 243834.33 | AK87: 160293 | AL87: 30455.67 | AM87: 190748.67 | AN87: MERCK | AO87: 1323710001 | AU87: 190492 | AV87: 36193 | AW87: 226685 | AX87: MERCK - SIGMA - SUPELCO | AY87: 1323710001
A88: 86 | B88: Anfotericina B solución para cultivo celular | C88: Sigma | D88: Frasco x 50 ml | E88: 1 | F88: 447448.57 | L88: 320000 | M88: 0 | N88: =M88+L88 -> 320000 | O88: CAPRICORN SCIENTIFIC | P88: AMP-B | AU88: 248600 | AV88: 47234 | AW88: 295834 | AX88: MERCK - SIGMA - SUPELCO | AY88: A2942-50ML | BE88: 431000 | BF88: 81890 | BG88: 512890 | BH88: SIGMA | BI88: A2942-50ML | BJ88: 356730.77 | BK88: 67778.846 | BL88: 424509.62 | BM88: GIBCO | BN88: 15290026
A89: 87 | B89: Antibiotic Antimycotic Solution (100×), Stabilized . with 10,000 units penicillin, 10 mg streptomycin and 25 μg amphotericin B per mL, sterile-filtered, BioReagent, suitable for cell culture | C89: Sigma A5955; Gibco 15240062 | D89: Frasco x 100 ml | E89: 1 | L89: 320000 | M89: 0 | N89: =M89+L89 -> 320000 | O89: CAPRICORN SCIENTIFIC | P89: AAS-B | AK89: 158000 | AL89: 30020 | AM89: 188020 | AN89: SIGMA | AO89: A5955-100ML | AU89: 166436 | AV89: 31623 | AW89: 198059 | AX89: MERCK - SIGMA - SUPELCO | AY89: A5955-100ML | BE89: 288000 | BF89: 54720 | BG89: 342720 | BH89: SIGMA | BI89: A5955-100ML | BJ89: 234661.54 | BK89: 44585.693 | BL89: 279247.23 | BM89: GIBCO | BN89: 15240062
A90: 88 | B90: Antibiótico acido Nalidixico | C90: Oxoid, Santa cruz o Sigma. Cas 389-08-2. N8878. | D90: 5g | E90: 1 | BE90: 180000 | BF90: 34200 | BG90: 214200 | BH90: SIGMA | BI90: N8878-5G
A91: 89 | B91: Antibiótico ácido Nalidíxico Cas 389-08-2 N8878. 5g | C91: Santa cruz o Sigma | D91: Frasco x 5 g | E91: 1 | AK91: 98000 | AL91: 18620 | AM91: 116620 | AN91: SIGMA | AO91: N8878-5G | AU91: 103232 | AV91: 19614 | AW91: 122846 | AX91: MERCK - SIGMA - SUPELCO | AY91: N8878-5G | BE91: 180000 | BF91: 34200 | BG91: 214200 | BH91: SIGMA | BI91: N8878-5G
A92: 90 | B92: Antibiotico polimixina B Cas 1405-20-5 P4932-1MU | C92: Sigma o equivalente | D92: Frasco x 1MU | E92: 1 | AK92: 162000 | AL92: 0 | AM92: 162000 | AN92: SIGMA | AO92: P4932-1MU | AU92: 170649 | AV92: 32423 | AW92: 203073 | AX92: MERCK - SIGMA - SUPELCO | AY92: P4932-1MU | BE92: 296000 | BF92: 56240 | BG92: 352240 | BH92: SIGMA | BI92: P4932-1MU | DW92: 178200 | DX92: =+DW92*0.19 -> 33858 | DY92: =+DW92+DX92 -> 212058 | DZ92: Sigma P4932
A93: 91 | B93: Anticuerpo antiratón biotinado | C93: Cualquier marca | D93: unidad | E93: 1 | F93: 2406654.2
A94: 92 | B94: Antigeno H5N9 Influenza Aviar | C94: INSTITUTO ZOOPROFILACTICO DE VENEZIA | D94: Frasco liofilizado x 1 ml | E94: 1 | F94: 1583666.3 | BE94: 676000 | BF94: 128440 | BG94: 804440 | BH94: IZV | BI94: H5N9
A95: 93 | B95: Antigeno H6N2 Influenza Aviar | C95: INSTITUTO ZOOPROFILACTICO DE VENEZIA | D95: Frasco liofilizado x 1 ml | E95: 1 | F95: 1757115.4 | BE95: 676000 | BF95: 128440 | BG95: 804440 | BH95: IZV | BI95: H6N2
A96: 94 | B96: Antigeno H7N3 Influenza Aviar | C96: INSTITUTO ZOOPROFILACTICO DE VENEZIA | D96: Frasco liofilizado x 1 ml | E96: 1 | BE96: 676000 | BF96: 128440 | BG96: 804440 | BH96: IZV | BI96: H7N3
A97: 95 | B97: Antigeno H9N2 Influenza Aviar | C97: INSTITUTO ZOOPROFILACTICO DE VENEZIA | D97: Frasco liofilizado x 1 ml | E97: 1 | BE97: 676000 | BF97: 128440 | BG97: 804440 | BH97: IZV | BI97: H9N2
A98: 96 | B98: Anti-Pig FITC | C98: SIGMA F1638 | D98: vial | E98: 1 | AK98: 1138000 | AM98: 1138000 | AN98: SIGMA | AO98: F1638-2ML | AU98: 1198759 | AV98: 227764 | AW98: 1426523 | AX98: MERCK - SIGMA - SUPELCO | AY98: F1638-2ML | BE98: 2077000 | BF98: 394630 | BG98: 2471630 | BH98: SIGMA | BI98: F1638-2ML
A99: 97 | B99: Antisuero de tipificación Salmonella y Shigella, Salmonella O Grupo B Factor. 1, 4, 5, 12 Liofilizado | D99: FRASCO X 3 ML | E99: 1 | F99: 581332.48 | BH99: IZV
A100: 98 | B100: Antisuero Factor 5 (O) | D100: Vial 2 ml | E100: 1 | F100: 181256.59 | BH100: IZV
...

Sheet Análisis Estadistico Reactivos
D1: ANALISIS DE LOS DIFERENTES CRITERIOS ESTADISTICOS
B2: ÍTEM | C2: Descripción | D2: MENOR VALOR | E2: PROMEDIO | F2: MEDIANA | G2: MEDIA GEOMÉTRICA | H2: DESVIACIÓN ESTANDAR | I2: % DISPERSIÓN | J2: VALOR DE REFERENCIA | K2: CRITERIO | L2: No. De cotizaciones
B3: 1 | C3: 1-Methylimidazole | D3: =IFERROR(MIN('LP Reactivos'!F3,'LP Reactivos'!I3,'LP Reactivos'!N3,'LP Reactivos'!S3,'LP Reactivos'!X3,'LP Reactivos'!AC3,'LP Reactivos'!AH3,'LP Reactivos'!AM3,'LP Reactivos'!AR3,'LP Reactivos'!AW3,'LP Reactivos'!BB3,'LP Reactivos'!BG3,'LP Reactivos'!BL3,'LP Reactivos'!BQ3,'LP Reactivos'!BV3,'LP Reactivos'!CA3,'LP Reactivos'!CF3,'LP Reactivos'!CK3,'LP Reactivos'!CP3,'LP Reactivos'!CU3,'LP Reactivos'!CZ3,'LP Reactivos'!DE3,'LP Reactivos'!DJ3,'LP Reactivos'!DO3,'LP Reactivos'!DT3,'LP Reactivos'!DY3,'LP Reactivos'!EB3)," ") -> 171360 | E3: =IFERROR(AVERAGE('LP Reactivos'!F3,'LP Reactivos'!I3,'LP Reactivos'!N3,'LP Reactivos'!S3,'LP Reactivos'!X3,'LP Reactivos'!AC3,'LP Reactivos'!AH3,'LP Reactivos'!AM3,'LP Reactivos'!AR3,'LP Reactivos'!AW3,'LP Reactivos'!BB3,'LP Reactivos'!BG3,'LP Reactivos'!BL3,'LP Reactivos'!BQ3,'LP Reactivos'!BV3,'LP Reactivos'!CA3,'LP Reactivos'!CF3,'LP Reactivos'!CK3,'LP Reactivos'!CP3,'LP Reactivos'!CU3,'LP Reactivos'!CZ3,'LP Reactivos'!DE3,'LP Reactivos'!DJ3,'LP Reactivos'!DO3,'LP Reactivos'!DT3,'LP Reactivos'!DY3,'LP Reactivos'!EB3)," ") -> 222009.67 | F3: =IFERROR(MEDIAN('LP Reactivos'!F3,'LP Reactivos'!I3,'LP Reactivos'!N3,'LP Reactivos'!S3,'LP Reactivos'!X3,'LP Reactivos'!AC3,'LP Reactivos'!AH3,'LP Reactivos'!AM3,'LP Reactivos'!AR3,'LP Reactivos'!AW3,'LP Reactivos'!BB3,'LP Reactivos'!BG3,'LP Reactivos'!BL3,'LP Reactivos'!BQ3,'LP Reactivos'!BV3,'LP Reactivos'!CA3,'LP Reactivos'!CF3,'LP Reactivos'!CK3,'LP Reactivos'!CP3,'LP Reactivos'!CU3,'LP Reactivos'!CZ3,'LP Reactivos'!DE3,'LP Reactivos'!DJ3,'LP Reactivos'!DO3,'LP Reactivos'!DT3,'LP Reactivos'!DY3,'LP Reactivos'!EB3)," ") -> 180509 | G3: =IFERROR(GEOMEAN('LP Reactivos'!F3,'LP Reactivos'!I3,'LP Reactivos'!N3,'LP Reactivos'!S3,'LP Reactivos'!X3,'LP Reactivos'!AC3,'LP Reactivos'!AH3,'LP Reactivos'!AM3,'LP Reactivos'!AR3,'LP Reactivos'!AW3,'LP Reactivos'!BB3,'LP Reactivos'!BG3,'LP Reactivos'!BL3,'LP Reactivos'!BQ3,'LP Reactivos'!BV3,'LP Reactivos'!CA3,'LP Reactivos'!CF3,'LP Reactivos'!CK3,'LP Reactivos'!CP3,'LP Reactivos'!CU3,'LP Reactivos'!CZ3,'LP Reactivos'!DE3,'LP Reactivos'!DJ3,'LP Reactivos'!DO3,'LP Reactivos'!DT3,'LP Reactivos'!DY3,'LP Reactivos'!EB3)," ") -> 213396.06 | H3: =STDEVA(D3,E3,F3,G3) -> 24654.583 | I3: =IFERROR(H3/E3," ") -> 0.11105185 | J3: =IF(I3<=10%,F3,IF(AND(I3>10%,I3<=20%),E3,IF(AND(I3>20%,I3<=30%),G3,IF(I3>30%,D3)))) -> 222009.67 | K3: =IF(J3=D3,"Menor Valor",IF(J3=E3,"Promedio",IF(J3=F3,"Mediana",IF(J3=G3,"Media Geométrica"," ")))) -> Promedio | L3: =IFERROR(COUNTA('LP Reactivos'!F3,'LP Reactivos'!I3,'LP Reactivos'!N3,'LP Reactivos'!S3,'LP Reactivos'!X3,'LP Reactivos'!AC3,'LP Reactivos'!AH3,'LP Reactivos'!AM3,'LP Reactivos'!AR3,'LP Reactivos'!AW3,'LP Reactivos'!BB3,'LP Reactivos'!BG3,'LP Reactivos'!BL3,'LP Reactivos'!BQ3,'LP Reactivos'!BV3,'LP Reactivos'!CA3,'LP Reactivos'!CF3,'LP Reactivos'!CK3,'LP Reactivos'!CP3,'LP Reactivos'!CU3,'LP Reactivos'!CZ3,'LP Reactivos'!DE3,'LP Reactivos'!DJ3,'LP Reactivos'!DO3,'LP Reactivos'!DT3,'LP Reactivos'!DY3,'LP Reactivos'!EB3)," ") -> 3
B4: 2 | C4: 2-Mercaptoetanol (1.000X), 55mM en D-PBS. Frasco x50ml. Marca GIBCO /INVITROGEN Ref 21985023 | D4: =IFERROR(MIN('LP Reactivos'!F4,'LP Reactivos'!I4,'LP Reactivos'!N4,'LP Reactivos'!S4,'LP Reactivos'!X4,'LP Reactivos'!AC4,'LP Reactivos'!AH4,'LP Reactivos'!AM4,'LP Reactivos'!AR4,'LP Reactivos'!AW4,'LP Reactivos'!BB4,'LP Reactivos'!BG4,'LP Reactivos'!BL4,'LP Reactivos'!BQ4,'LP Reactivos'!BV4,'LP Reactivos'!CA4,'LP Reactivos'!CF4,'LP Reactivos'!CK4,'LP Reactivos'!CP4,'LP Reactivos'!CU4,'LP Reactivos'!CZ4,'LP Reactivos'!DE4,'LP Reactivos'!DJ4,'LP Reactivos'!DO4,'LP Reactivos'!DT4,'LP Reactivos'!DY4,'LP Reactivos'!EB4)," ") -> 298085.85 | E4: =IFERROR(AVERAGE('LP Reactivos'!F4,'LP Reactivos'!I4,'LP Reactivos'!N4,'LP Reactivos'!S4,'LP Reactivos'!X4,'LP Reactivos'!AC4,'LP Reactivos'!AH4,'LP Reactivos'!AM4,'LP Reactivos'!AR4,'LP Reactivos'!AW4,'LP Reactivos'!BB4,'LP Reactivos'!BG4,'LP Reactivos'!BL4,'LP Reactivos'!BQ4,'LP Reactivos'!BV4,'LP Reactivos'!CA4,'LP Reactivos'!CF4,'LP Reactivos'!CK4,'LP Reactivos'!CP4,'LP Reactivos'!CU4,'LP Reactivos'!CZ4,'LP Reactivos'!DE4,'LP Reactivos'!DJ4,'LP Reactivos'!DO4,'LP Reactivos'!DT4,'LP Reactivos'!DY4,'LP Reactivos'!EB4)," ") -> 558700.42 | F4: =IFERROR(MEDIAN('LP Reactivos'!F4,'LP Reactivos'!I4,'LP Reactivos'!N4,'LP Reactivos'!S4,'LP Reactivos'!X4,'LP Reactivos'!AC4,'LP Reactivos'!AH4,'LP Reactivos'!AM4,'LP Reactivos'!AR4,'LP Reactivos'!AW4,'LP Reactivos'!BB4,'LP Reactivos'!BG4,'LP Reactivos'!BL4,'LP Reactivos'!BQ4,'LP Reactivos'!BV4,'LP Reactivos'!CA4,'LP Reactivos'!CF4,'LP Reactivos'!CK4,'LP Reactivos'!CP4,'LP Reactivos'!CU4,'LP Reactivos'!CZ4,'LP Reactivos'!DE4,'LP Reactivos'!DJ4,'LP Reactivos'!DO4,'LP Reactivos'!DT4,'LP Reactivos'!DY4,'LP Reactivos'!EB4)," ") -> 558700.42 | G4: =IFERROR(GEOMEAN('LP Reactivos'!F4,'LP Reactivos'!I4,'LP Reactivos'!N4,'LP Reactivos'!S4,'LP Reactivos'!X4,'LP Reactivos'!AC4,'LP Reactivos'!AH4,'LP Reactivos'!AM4,'LP Reactivos'!AR4,'LP Reactivos'!AW4,'LP Reactivos'!BB4,'LP Reactivos'!BG4,'LP Reactivos'!BL4,'LP Reactivos'!BQ4,'LP Reactivos'!BV4,'LP Reactivos'!CA4,'LP Reactivos'!CF4,'LP Reactivos'!CK4,'LP Reactivos'!CP4,'LP Reactivos'!CU4,'LP Reactivos'!CZ4,'LP Reactivos'!DE4,'LP Reactivos'!DJ4,'LP Reactivos'!DO4,'LP Reactivos'!DT4,'LP Reactivos'!DY4,'LP Reactivos'!EB4)," ") -> 494192.48 | H4: =STDEVA(D4,E4,F4,G4) -> 123362.7 | I4: =IFERROR(H4/E4," ") -> 0.22080295 | J4: =IF(I4<=10%,F4,IF(AND(I4>10%,I4<=20%),E4,IF(AND(I4>20%,I4<=30%),G4,IF(I4>30%,D4)))) -> 494192.48 | K4: =IF(J4=D4,"Menor Valor",IF(J4=E4,"Promedio",IF(J4=F4,"Mediana",IF(J4=G4,"Media Geométrica"," ")))) -> Media Geométrica | L4: =IFERROR(COUNTA('LP Reactivos'!F4,'LP Reactivos'!I4,'LP Reactivos'!N4,'LP Reactivos'!S4,'LP Reactivos'!X4,'LP Reactivos'!AC4,'LP Reactivos'!AH4,'LP Reactivos'!AM4,'LP Reactivos'!AR4,'LP Reactivos'!AW4,'LP Reactivos'!BB4,'LP Reactivos'!BG4,'LP Reactivos'!BL4,'LP Reactivos'!BQ4,'LP Reactivos'!BV4,'LP Reactivos'!CA4,'LP Reactivos'!CF4,'LP Reactivos'!CK4,'LP Reactivos'!CP4,'LP Reactivos'!CU4,'LP Reactivos'!CZ4,'LP Reactivos'!DE4,'LP Reactivos'!DJ4,'LP Reactivos'!DO4,'LP Reactivos'!DT4,'LP Reactivos'!DY4,'LP Reactivos'!EB4)," ") -> 2
B5: 3 | C5: 2-Nitrobenzaldehido | D5: =IFERROR(MIN('LP Reactivos'!F5,'LP Reactivos'!I5,'LP Reactivos'!N5,'LP Reactivos'!S5,'LP Reactivos'!X5,'LP Reactivos'!AC5,'LP Reactivos'!AH5,'LP Reactivos'!AM5,'LP Reactivos'!AR5,'LP Reactivos'!AW5,'LP Reactivos'!BB5,'LP Reactivos'!BG5,'LP Reactivos'!BL5,'LP Reactivos'!BQ5,'LP Reactivos'!BV5,'LP Reactivos'!CA5,'LP Reactivos'!CF5,'LP Reactivos'!CK5,'LP Reactivos'!CP5,'LP Reactivos'!CU5,'LP Reactivos'!CZ5,'LP Reactivos'!DE5,'LP Reactivos'!DJ5,'LP Reactivos'!DO5,'LP Reactivos'!DT5,'LP Reactivos'!DY5,'LP Reactivos'!EB5)," ") -> 124950 | E5: =IFERROR(AVERAGE('LP Reactivos'!F5,'LP Reactivos'!I5,'LP Reactivos'!N5,'LP Reactivos'!S5,'LP Reactivos'!X5,'LP Reactivos'!AC5,'LP Reactivos'!AH5,'LP Reactivos'!AM5,'LP Reactivos'!AR5,'LP Reactivos'!AW5,'LP Reactivos'!BB5,'LP Reactivos'!BG5,'LP Reactivos'!BL5,'LP Reactivos'!BQ5,'LP Reactivos'!BV5,'LP Reactivos'!CA5,'LP Reactivos'!CF5,'LP Reactivos'!CK5,'LP Reactivos'!CP5,'LP Reactivos'!CU5,'LP Reactivos'!CZ5,'LP Reactivos'!DE5,'LP Reactivos'!DJ5,'LP Reactivos'!DO5,'LP Reactivos'!DT5,'LP Reactivos'!DY5,'LP Reactivos'!EB5)," ") -> 179393.36 | F5: =IFERROR(MEDIAN('LP Reactivos'!F5,'LP Reactivos'!I5,'LP Reactivos'!N5,'LP Reactivos'!S5,'LP Reactivos'!X5,'LP Reactivos'!AC5,'LP Reactivos'!AH5,'LP Reactivos'!AM5,'LP Reactivos'!AR5,'LP Reactivos'!AW5,'LP Reactivos'!BB5,'LP Reactivos'!BG5,'LP Reactivos'!BL5,'LP Reactivos'!BQ5,'LP Reactivos'!BV5,'LP Reactivos'!CA5,'LP Reactivos'!CF5,'LP Reactivos'!CK5,'LP Reactivos'!CP5,'LP Reactivos'!CU5,'LP Reactivos'!CZ5,'LP Reactivos'!DE5,'LP Reactivos'!DJ5,'LP Reactivos'!DO5,'LP Reactivos'!DT5,'LP Reactivos'!DY5,'LP Reactivos'!EB5)," ") -> 180050.5 | G5: =IFERROR(GEOMEAN('LP Reactivos'!F5,'LP Reactivos'!I5,'LP Reactivos'!N5,'LP Reactivos'!S5,'LP Reactivos'!X5,'LP Reactivos'!AC5,'LP Reactivos'!AH5,'LP Reactivos'!AM5,'LP Reactivos'!AR5,'LP Reactivos'!AW5,'LP Reactivos'!BB5,'LP Reactivos'!BG5,'LP Reactivos'!BL5,'LP Reactivos'!BQ5,'LP Reactivos'!BV5,'LP Reactivos'!CA5,'LP Reactivos'!CF5,'LP Reactivos'!CK5,'LP Reactivos'!CP5,'LP Reactivos'!CU5,'LP Reactivos'!CZ5,'LP Reactivos'!DE5,'LP Reactivos'!DJ5,'LP Reactivos'!DO5,'LP Reactivos'!DT5,'LP Reactivos'!DY5,'LP Reactivos'!EB5)," ") -> 171926.82 | H5: =STDEVA(D5,E5,F5,G5) -> 26345.684 | I5: =IFERROR(H5/E5," ") -> 0.14685986 | J5: =IF(I5<=10%,F5,IF(AND(I5>10%,I5<=20%),E5,IF(AND(I5>20%,I5<=30%),G5,IF(I5>30%,D5)))) -> 179393.36 | K5: =IF(J5=D5,"Menor Valor",IF(J5=E5,"Promedio",IF(J5=F5,"Mediana",IF(J5=G5,"Media Geométrica"," ")))) -> Promedio | L5: =IFERROR(COUNTA('LP Reactivos'!F5,'LP Reactivos'!I5,'LP Reactivos'!N5,'LP Reactivos'!S5,'LP Reactivos'!X5,'LP Reactivos'!AC5,'LP Reactivos'!AH5,'LP Reactivos'!AM5,'LP Reactivos'!AR5,'LP Reactivos'!AW5,'LP Reactivos'!BB5,'LP Reactivos'!BG5,'LP Reactivos'!BL5,'LP Reactivos'!BQ5,'LP Reactivos'!BV5,'LP Reactivos'!CA5,'LP Reactivos'!CF5,'LP Reactivos'!CK5,'LP Reactivos'!CP5,'LP Reactivos'!CU5,'LP Reactivos'!CZ5,'LP Reactivos'!DE5,'LP Reactivos'!DJ5,'LP Reactivos'!DO5,'LP Reactivos'!DT5,'LP Reactivos'!DY5,'LP Reactivos'!EB5)," ") -> 4
B6: 4 | C6: 5,6-dimetyl-2-thiouracil 97.5% | D6: =IFERROR(MIN('LP Reactivos'!F6,'LP Reactivos'!I6,'LP Reactivos'!N6,'LP Reactivos'!S6,'LP Reactivos'!X6,'LP Reactivos'!AC6,'LP Reactivos'!AH6,'LP Reactivos'!AM6,'LP Reactivos'!AR6,'LP Reactivos'!AW6,'LP Reactivos'!BB6,'LP Reactivos'!BG6,'LP Reactivos'!BL6,'LP Reactivos'!BQ6,'LP Reactivos'!BV6,'LP Reactivos'!CA6,'LP Reactivos'!CF6,'LP Reactivos'!CK6,'LP Reactivos'!CP6,'LP Reactivos'!CU6,'LP Reactivos'!CZ6,'LP Reactivos'!DE6,'LP Reactivos'!DJ6,'LP Reactivos'!DO6,'LP Reactivos'!DT6,'LP Reactivos'!DY6,'LP Reactivos'!EB6)," ") -> 984925 | E6: =IFERROR(AVERAGE('LP Reactivos'!F6,'LP Reactivos'!I6,'LP Reactivos'!N6,'LP Reactivos'!S6,'LP Reactivos'!X6,'LP Reactivos'!AC6,'LP Reactivos'!AH6,'LP Reactivos'!AM6,'LP Reactivos'!AR6,'LP Reactivos'!AW6,'LP Reactivos'!BB6,'LP Reactivos'!BG6,'LP Reactivos'!BL6,'LP Reactivos'!BQ6,'LP Reactivos'!BV6,'LP Reactivos'!CA6,'LP Reactivos'!CF6,'LP Reactivos'!CK6,'LP Reactivos'!CP6,'LP Reactivos'!CU6,'LP Reactivos'!CZ6,'LP Reactivos'!DE6,'LP Reactivos'!DJ6,'LP Reactivos'!DO6,'LP Reactivos'!DT6,'LP Reactivos'!DY6,'LP Reactivos'!EB6)," ") -> 984925 | F6: =IFERROR(MEDIAN('LP Reactivos'!F6,'LP Reactivos'!I6,'LP Reactivos'!N6,'LP Reactivos'!S6,'LP Reactivos'!X6,'LP Reactivos'!AC6,'LP Reactivos'!AH6,'LP Reactivos'!AM6,'LP Reactivos'!AR6,'LP Reactivos'!AW6,'LP Reactivos'!BB6,'LP Reactivos'!BG6,'LP Reactivos'!BL6,'LP Reactivos'!BQ6,'LP Reactivos'!BV6,'LP Reactivos'!CA6,'LP Reactivos'!CF6,'LP Reactivos'!CK6,'LP Reactivos'!CP6,'LP Reactivos'!CU6,'LP Reactivos'!CZ6,'LP Reactivos'!DE6,'LP Reactivos'!DJ6,'LP Reactivos'!DO6,'LP Reactivos'!DT6,'LP Reactivos'!DY6,'LP Reactivos'!EB6)," ") -> 984925 | G6: =IFERROR(GEOMEAN('LP Reactivos'!F6,'LP Reactivos'!I6,'LP Reactivos'!N6,'LP Reactivos'!S6,'LP Reactivos'!X6,'LP Reactivos'!AC6,'LP Reactivos'!AH6,'LP Reactivos'!AM6,'LP Reactivos'!AR6,'LP Reactivos'!AW6,'LP Reactivos'!BB6,'LP Reactivos'!BG6,'LP Reactivos'!BL6,'LP Reactivos'!BQ6,'LP Reactivos'!BV6,'LP Reactivos'!CA6,'LP Reactivos'!CF6,'LP Reactivos'!CK6,'LP Reactivos'!CP6,'LP Reactivos'!CU6,'LP Reactivos'!CZ6,'LP Reactivos'!DE6,'LP Reactivos'!DJ6,'LP Reactivos'!DO6,'LP Reactivos'!DT6,'LP Reactivos'!DY6,'LP Reactivos'!EB6)," ") -> 984925 | H6: =STDEVA(D6,E6,F6,G6) -> 0 | I6: =IFERROR(H6/E6," ") -> 0 | J6: =IF(I6<=10%,F6,IF(AND(I6>10%,I6<=20%),E6,IF(AND(I6>20%,I6<=30%),G6,IF(I6>30%,D6)))) -> 984925 | K6: =IF(J6=D6,"Menor Valor",IF(J6=E6,"Promedio",IF(J6=F6,"Mediana",IF(J6=G6,"Media Geométrica"," ")))) -> Menor Valor | L6: =IFERROR(COUNTA('LP Reactivos'!F6,'LP Reactivos'!I6,'LP Reactivos'!N6,'LP Reactivos'!S6,'LP Reactivos'!X6,'LP Reactivos'!AC6,'LP Reactivos'!AH6,'LP Reactivos'!AM6,'LP Reactivos'!AR6,'LP Reactivos'!AW6,'LP Reactivos'!BB6,'LP Reactivos'!BG6,'LP Reactivos'!BL6,'LP Reactivos'!BQ6,'LP Reactivos'!BV6,'LP Reactivos'!CA6,'LP Reactivos'!CF6,'LP Reactivos'!CK6,'LP Reactivos'!CP6,'LP Reactivos'!CU6,'LP Reactivos'!CZ6,'LP Reactivos'!DE6,'LP Reactivos'!DJ6,'LP Reactivos'!DO6,'LP Reactivos'!DT6,'LP Reactivos'!DY6,'LP Reactivos'!EB6)," ") -> 1
B7: 5 | C7: Aceite de clavo | D7: =IFERROR(MIN('LP Reactivos'!F7,'LP Reactivos'!I7,'LP Reactivos'!N7,'LP Reactivos'!S7,'LP Reactivos'!X7,'LP Reactivos'!AC7,'LP Reactivos'!AH7,'LP Reactivos'!AM7,'LP Reactivos'!AR7,'LP Reactivos'!AW7,'LP Reactivos'!BB7,'LP Reactivos'!BG7,'LP Reactivos'!BL7,'LP Reactivos'!BQ7,'LP Reactivos'!BV7,'LP Reactivos'!CA7,'LP Reactivos'!CF7,'LP Reactivos'!CK7,'LP Reactivos'!CP7,'LP Reactivos'!CU7,'LP Reactivos'!CZ7,'LP Reactivos'!DE7,'LP Reactivos'!DJ7,'LP Reactivos'!DO7,'LP Reactivos'!DT7,'LP Reactivos'!DY7,'LP Reactivos'!EB7)," ") -> 330558.91 | E7: =IFERROR(AVERAGE('LP Reactivos'!F7,'LP Reactivos'!I7,'LP Reactivos'!N7,'LP Reactivos'!S7,'LP Reactivos'!X7,'LP Reactivos'!AC7,'LP Reactivos'!AH7,'LP Reactivos'!AM7,'LP Reactivos'!AR7,'LP Reactivos'!AW7,'LP Reactivos'!BB7,'LP Reactivos'!BG7,'LP Reactivos'!BL7,'LP Reactivos'!BQ7,'LP Reactivos'!BV7,'LP Reactivos'!CA7,'LP Reactivos'!CF7,'LP Reactivos'!CK7,'LP Reactivos'!CP7,'LP Reactivos'!CU7,'LP Reactivos'!CZ7,'LP Reactivos'!DE7,'LP Reactivos'!DJ7,'LP Reactivos'!DO7,'LP Reactivos'!DT7,'LP Reactivos'!DY7,'LP Reactivos'!EB7)," ") -> 572952.48 | F7: =IFERROR(MEDIAN('LP Reactivos'!F7,'LP Reactivos'!I7,'LP Reactivos'!N7,'LP Reactivos'!S7,'LP Reactivos'!X7,'LP Reactivos'!AC7,'LP Reactivos'!AH7,'LP Reactivos'!AM7,'LP Reactivos'!AR7,'LP Reactivos'!AW7,'LP Reactivos'!BB7,'LP Reactivos'!BG7,'LP Reactivos'!BL7,'LP Reactivos'!BQ7,'LP Reactivos'!BV7,'LP Reactivos'!CA7,'LP Reactivos'!CF7,'LP Reactivos'!CK7,'LP Reactivos'!CP7,'LP Reactivos'!CU7,'LP Reactivos'!CZ7,'LP Reactivos'!DE7,'LP Reactivos'!DJ7,'LP Reactivos'!DO7,'LP Reactivos'!DT7,'LP Reactivos'!DY7,'LP Reactivos'!EB7)," ") -> 368900 | G7: =IFERROR(GEOMEAN('LP Reactivos'!F7,'LP Reactivos'!I7,'LP Reactivos'!N7,'LP Reactivos'!S7,'LP Reactivos'!X7,'LP Reactivos'!AC7,'LP Reactivos'!AH7,'LP Reactivos'!AM7,'LP Reactivos'!AR7,'LP Reactivos'!AW7,'LP Reactivos'!BB7,'LP Reactivos'!BG7,'LP Reactivos'!BL7,'LP Reactivos'!BQ7,'LP Reactivos'!BV7,'LP Reactivos'!CA7,'LP Reactivos'!CF7,'LP Reactivos'!CK7,'LP Reactivos'!CP7,'LP Reactivos'!CU7,'LP Reactivos'!CZ7,'LP Reactivos'!DE7,'LP Reactivos'!DJ7,'LP Reactivos'!DO7,'LP Reactivos'!DT7,'LP Reactivos'!DY7,'LP Reactivos'!EB7)," ") -> 483500.3 | H7: =STDEVA(D7,E7,F7,G7) -> 110449.11 | I7: =IFERROR(H7/E7," ") -> 0.19277186 | J7: =IF(I7<=10%,F7,IF(AND(I7>10%,I7<=20%),E7,IF(AND(I7>20%,I7<=30%),G7,IF(I7>30%,D7)))) -> 572952.48 | K7: =IF(J7=D7,"Menor Valor",IF(J7=E7,"Promedio",IF(J7=F7,"Mediana",IF(J7=G7,"Media Geométrica"," ")))) -> Promedio | L7: =IFERROR(COUNTA('LP Reactivos'!F7,'LP Reactivos'!I7,'LP Reactivos'!N7,'LP Reactivos'!S7,'LP Reactivos'!X7,'LP Reactivos'!AC7,'LP Reactivos'!AH7,'LP Reactivos'!AM7,'LP Reactivos'!AR7,'LP Reactivos'!AW7,'LP Reactivos'!BB7,'LP Reactivos'!BG7,'LP Reactivos'!BL7,'LP Reactivos'!BQ7,'LP Reactivos'!BV7,'LP Reactivos'!CA7,'LP Reactivos'!CF7,'LP Reactivos'!CK7,'LP Reactivos'!CP7,'LP Reactivos'!CU7,'LP Reactivos'!CZ7,'LP Reactivos'!DE7,'LP Reactivos'!DJ7,'LP Reactivos'!DO7,'LP Reactivos'!DT7,'LP Reactivos'!DY7,'LP Reactivos'!EB7)," ") -> 4
B8: 6 | C8: Aceite de inmersión | D8: =IFERROR(MIN('LP Reactivos'!F8,'LP Reactivos'!I8,'LP Reactivos'!N8,'LP Reactivos'!S8,'LP Reactivos'!X8,'LP Reactivos'!AC8,'LP Reactivos'!AH8,'LP Reactivos'!AM8,'LP Reactivos'!AR8,'LP Reactivos'!AW8,'LP Reactivos'!BB8,'LP Reactivos'!BG8,'LP Reactivos'!BL8,'LP Reactivos'!BQ8,'LP Reactivos'!BV8,'LP Reactivos'!CA8,'LP Reactivos'!CF8,'LP Reactivos'!CK8,'LP Reactivos'!CP8,'LP Reactivos'!CU8,'LP Reactivos'!CZ8,'LP Reactivos'!DE8,'LP Reactivos'!DJ8,'LP Reactivos'!DO8,'LP Reactivos'!DT8,'LP Reactivos'!DY8,'LP Reactivos'!EB8)," ") -> 71400 | E8: =IFERROR(AVERAGE('LP Reactivos'!F8,'LP Reactivos'!I8,'LP Reactivos'!N8,'LP Reactivos'!S8,'LP Reactivos'!X8,'LP Reactivos'!AC8,'LP Reactivos'!AH8,'LP Reactivos'!AM8,'LP Reactivos'!AR8,'LP Reactivos'!AW8,'LP Reactivos'!BB8,'LP Reactivos'!BG8,'LP Reactivos'!BL8,'LP Reactivos'!BQ8,'LP Reactivos'!BV8,'LP Reactivos'!CA8,'LP Reactivos'!CF8,'LP Reactivos'!CK8,'LP Reactivos'!CP8,'LP Reactivos'!CU8,'LP Reactivos'!CZ8,'LP Reactivos'!DE8,'LP Reactivos'!DJ8,'LP Reactivos'!DO8,'LP Reactivos'!DT8,'LP Reactivos'!DY8,'LP Reactivos'!EB8)," ") -> 149123.21 | F8: =IFERROR(MEDIAN('LP Reactivos'!F8,'LP Reactivos'!I8,'LP Reactivos'!N8,'LP Reactivos'!S8,'LP Reactivos'!X8,'LP Reactivos'!AC8,'LP Reactivos'!AH8,'LP Reactivos'!AM8,'LP Reactivos'!AR8,'LP Reactivos'!AW8,'LP Reactivos'!BB8,'LP Reactivos'!BG8,'LP Reactivos'!BL8,'LP Reactivos'!BQ8,'LP Reactivos'!BV8,'LP Reactivos'!CA8,'LP Reactivos'!CF8,'LP Reactivos'!CK8,'LP Reactivos'!CP8,'LP Reactivos'!CU8,'LP Reactivos'!CZ8,'LP Reactivos'!DE8,'LP Reactivos'!DJ8,'LP Reactivos'!DO8,'LP Reactivos'!DT8,'LP Reactivos'!DY8,'LP Reactivos'!EB8)," ") -> 145305.97 | G8: =IFERROR(GEOMEAN('LP Reactivos'!F8,'LP Reactivos'!I8,'LP Reactivos'!N8,'LP Reactivos'!S8,'LP Reactivos'!X8,'LP Reactivos'!AC8,'LP Reactivos'!AH8,'LP Reactivos'!AM8,'LP Reactivos'!AR8,'LP Reactivos'!AW8,'LP Reactivos'!BB8,'LP Reactivos'!BG8,'LP Reactivos'!BL8,'LP Reactivos'!BQ8,'LP Reactivos'!BV8,'LP Reactivos'!CA8,'LP Reactivos'!CF8,'LP Reactivos'!CK8,'LP Reactivos'!CP8,'LP Reactivos'!CU8,'LP Reactivos'!CZ8,'LP Reactivos'!DE8,'LP Reactivos'!DJ8,'LP Reactivos'!DO8,'LP Reactivos'!DT8,'LP Reactivos'!DY8,'LP Reactivos'!EB8)," ") -> 140624.3 | H8: =STDEVA(D8,E8,F8,G8) -> 36972.641 | I8: =IFERROR(H8/E8," ") -> 0.24793351 | J8: =IF(I8<=10%,F8,IF(AND(I8>10%,I8<=20%),E8,IF(AND(I8>20%,I8<=30%),G8,IF(I8>30%,D8)))) -> 140624.3 | K8: =IF(J8=D8,"Menor Valor",IF(J8=E8,"Promedio",IF(J8=F8,"Mediana",IF(J8=G8,"Media Geométrica"," ")))) -> Media Geométrica | L8: =IFERROR(COUNTA('LP Reactivos'!F8,'LP Reactivos'!I8,'LP Reactivos'!N8,'LP Reactivos'!S8,'LP Reactivos'!X8,'LP Reactivos'!AC8,'LP Reactivos'!AH8,'LP Reactivos'!AM8,'LP Reactivos'!AR8,'LP Reactivos'!AW8,'LP Reactivos'!BB8,'LP Reactivos'!BG8,'LP Reactivos'!BL8,'LP Reactivos'!BQ8,'LP Reactivos'!BV8,'LP Reactivos'!CA8,'LP Reactivos'!CF8,'LP Reactivos'!CK8,'LP Reactivos'!CP8,'LP Reactivos'!CU8,'LP Reactivos'!CZ8,'LP Reactivos'!DE8,'LP Reactivos'!DJ8,'LP Reactivos'!DO8,'LP Reactivos'!DT8,'LP Reactivos'!DY8,'LP Reactivos'!EB8)," ") -> 6
B9: 7 | C9: Aceite mineral | D9: =IFERROR(MIN('LP Reactivos'!F9,'LP Reactivos'!I9,'LP Reactivos'!N9,'LP Reactivos'!S9,'LP Reactivos'!X9,'LP Reactivos'!AC9,'LP Reactivos'!AH9,'LP Reactivos'!AM9,'LP Reactivos'!AR9,'LP Reactivos'!AW9,'LP Reactivos'!BB9,'LP Reactivos'!BG9,'LP Reactivos'!BL9,'LP Reactivos'!BQ9,'LP Reactivos'!BV9,'LP Reactivos'!CA9,'LP Reactivos'!CF9,'LP Reactivos'!CK9,'LP Reactivos'!CP9,'LP Reactivos'!CU9,'LP Reactivos'!CZ9,'LP Reactivos'!DE9,'LP Reactivos'!DJ9,'LP Reactivos'!DO9,'LP Reactivos'!DT9,'LP Reactivos'!DY9,'LP Reactivos'!EB9)," ") -> 28908.194 | E9: =IFERROR(AVERAGE('LP Reactivos'!F9,'LP Reactivos'!I9,'LP Reactivos'!N9,'LP Reactivos'!S9,'LP Reactivos'!X9,'LP Reactivos'!AC9,'LP Reactivos'!AH9,'LP Reactivos'!AM9,'LP Reactivos'!AR9,'LP Reactivos'!AW9,'LP Reactivos'!BB9,'LP Reactivos'!BG9,'LP Reactivos'!BL9,'LP Reactivos'!BQ9,'LP Reactivos'!BV9,'LP Reactivos'!CA9,'LP Reactivos'!CF9,'LP Reactivos'!CK9,'LP Reactivos'!CP9,'LP Reactivos'!CU9,'LP Reactivos'!CZ9,'LP Reactivos'!DE9,'LP Reactivos'!DJ9,'LP Reactivos'!DO9,'LP Reactivos'!DT9,'LP Reactivos'!DY9,'LP Reactivos'!EB9)," ") -> 72267.424 | F9: =IFERROR(MEDIAN('LP Reactivos'!F9,'LP Reactivos'!I9,'LP Reactivos'!N9,'LP Reactivos'!S9,'LP Reactivos'!X9,'LP Reactivos'!AC9,'LP Reactivos'!AH9,'LP Reactivos'!AM9,'LP Reactivos'!AR9,'LP Reactivos'!AW9,'LP Reactivos'!BB9,'LP Reactivos'!BG9,'LP Reactivos'!BL9,'LP Reactivos'!BQ9,'LP Reactivos'!BV9,'LP Reactivos'!CA9,'LP Reactivos'!CF9,'LP Reactivos'!CK9,'LP Reactivos'!CP9,'LP Reactivos'!CU9,'LP Reactivos'!CZ9,'LP Reactivos'!DE9,'LP Reactivos'!DJ9,'LP Reactivos'!DO9,'LP Reactivos'!DT9,'LP Reactivos'!DY9,'LP Reactivos'!EB9)," ") -> 61136.25 | G9: =IFERROR(GEOMEAN('LP Reactivos'!F9,'LP Reactivos'!I9,'LP Reactivos'!N9,'LP Reactivos'!S9,'LP Reactivos'!X9,'LP Reactivos'!AC9,'LP Reactivos'!AH9,'LP Reactivos'!AM9,'LP Reactivos'!AR9,'LP Reactivos'!AW9,'LP Reactivos'!BB9,'LP Reactivos'!BG9,'LP Reactivos'!BL9,'LP Reactivos'!BQ9,'LP Reactivos'!BV9,'LP Reactivos'!CA9,'LP Reactivos'!CF9,'LP Reactivos'!CK9,'LP Reactivos'!CP9,'LP Reactivos'!CU9,'LP Reactivos'!CZ9,'LP Reactivos'!DE9,'LP Reactivos'!DJ9,'LP Reactivos'!DO9,'LP Reactivos'!DT9,'LP Reactivos'!DY9,'LP Reactivos'!EB9)," ") -> 61805.377 | H9: =STDEVA(D9,E9,F9,G9) -> 18785.411 | I9: =IFERROR(H9/E9," ") -> 0.25994301 | J9: =IF(I9<=10%,F9,IF(AND(I9>10%,I9<=20%),E9,IF(AND(I9>20%,I9<=30%),G9,IF(I9>30%,D9)))) -> 61805.377 | K9: =IF(J9=D9,"Menor Valor",IF(J9=E9,"Promedio",IF(J9=F9,"Mediana",IF(J9=G9,"Media Geométrica"," ")))) -> Media Geométrica | L9: =IFERROR(COUNTA('LP Reactivos'!F9,'LP Reactivos'!I9,'LP Reactivos'!N9,'LP Reactivos'!S9,'LP Reactivos'!X9,'LP Reactivos'!AC9,'LP Reactivos'!AH9,'LP Reactivos'!AM9,'LP Reactivos'!AR9,'LP Reactivos'!AW9,'LP Reactivos'!BB9,'LP Reactivos'!BG9,'LP Reactivos'!BL9,'LP Reactivos'!BQ9,'LP Reactivos'!BV9,'LP Reactivos'!CA9,'LP Reactivos'!CF9,'LP Reactivos'!CK9,'LP Reactivos'!CP9,'LP Reactivos'!CU9,'LP Reactivos'!CZ9,'LP Reactivos'!DE9,'LP Reactivos'!DJ9,'LP Reactivos'!DO9,'LP Reactivos'!DT9,'LP Reactivos'!DY9,'LP Reactivos'!EB9)," ") -> 4
B10: 8 | C10: Aces buffer | D10: =IFERROR(MIN('LP Reactivos'!F10,'LP Reactivos'!I10,'LP Reactivos'!N10,'LP Reactivos'!S10,'LP Reactivos'!X10,'LP Reactivos'!AC10,'LP Reactivos'!AH10,'LP Reactivos'!AM10,'LP Reactivos'!AR10,'LP Reactivos'!AW10,'LP Reactivos'!BB10,'LP Reactivos'!BG10,'LP Reactivos'!BL10,'LP Reactivos'!BQ10,'LP Reactivos'!BV10,'LP Reactivos'!CA10,'LP Reactivos'!CF10,'LP Reactivos'!CK10,'LP Reactivos'!CP10,'LP Reactivos'!CU10,'LP Reactivos'!CZ10,'LP Reactivos'!DE10,'LP Reactivos'!DJ10,'LP Reactivos'!DO10,'LP Reactivos'!DT10,'LP Reactivos'!DY10,'LP Reactivos'!EB10)," ") -> 2203953 | E10: =IFERROR(AVERAGE('LP Reactivos'!F10,'LP Reactivos'!I10,'LP Reactivos'!N10,'LP Reactivos'!S10,'LP Reactivos'!X10,'LP Reactivos'!AC10,'LP Reactivos'!AH10,'LP Reactivos'!AM10,'LP Reactivos'!AR10,'LP Reactivos'!AW10,'LP Reactivos'!BB10,'LP Reactivos'!BG10,'LP Reactivos'!BL10,'LP Reactivos'!BQ10,'LP Reactivos'!BV10,'LP Reactivos'!CA10,'LP Reactivos'!CF10,'LP Reactivos'!CK10,'LP Reactivos'!CP10,'LP Reactivos'!CU10,'LP Reactivos'!CZ10,'LP Reactivos'!DE10,'LP Reactivos'!DJ10,'LP Reactivos'!DO10,'LP Reactivos'!DT10,'LP Reactivos'!DY10,'LP Reactivos'!EB10)," ") -> 5030154.3 | F10: =IFERROR(MEDIAN('LP Reactivos'!F10,'LP Reactivos'!I10,'LP Reactivos'!N10,'LP Reactivos'!S10,'LP Reactivos'!X10,'LP Reactivos'!AC10,'LP Reactivos'!AH10,'LP Reactivos'!AM10,'LP Reactivos'!AR10,'LP Reactivos'!AW10,'LP Reactivos'!BB10,'LP Reactivos'!BG10,'LP Reactivos'!BL10,'LP Reactivos'!BQ10,'LP Reactivos'!BV10,'LP Reactivos'!CA10,'LP Reactivos'!CF10,'LP Reactivos'!CK10,'LP Reactivos'!CP10,'LP Reactivos'!CU10,'LP Reactivos'!CZ10,'LP Reactivos'!DE10,'LP Reactivos'!DJ10,'LP Reactivos'!DO10,'LP Reactivos'!DT10,'LP Reactivos'!DY10,'LP Reactivos'!EB10)," ") -> 4561270 | G10: =IFERROR(GEOMEAN('LP Reactivos'!F10,'LP Reactivos'!I10,'LP Reactivos'!N10,'LP Reactivos'!S10,'LP Reactivos'!X10,'LP Reactivos'!AC10,'LP Reactivos'!AH10,'LP Reactivos'!AM10,'LP Reactivos'!AR10,'LP Reactivos'!AW10,'LP Reactivos'!BB10,'LP Reactivos'!BG10,'LP Reactivos'!BL10,'LP Reactivos'!BQ10,'LP Reactivos'!BV10,'LP Reactivos'!CA10,'LP Reactivos'!CF10,'LP Reactivos'!CK10,'LP Reactivos'!CP10,'LP Reactivos'!CU10,'LP Reactivos'!CZ10,'LP Reactivos'!DE10,'LP Reactivos'!DJ10,'LP Reactivos'!DO10,'LP Reactivos'!DT10,'LP Reactivos'!DY10,'LP Reactivos'!EB10)," ") -> 4374162.9 | H10: =STDEVA(D10,E10,F10,G10) -> 1256296 | I10: =IFERROR(H10/E10," ") -> 0.24975297 | J10: =IF(I10<=10%,F10,IF(AND(I10>10%,I10<=20%),E10,IF(AND(I10>20%,I10<=30%),G10,IF(I10>30%,D10)))) -> 4374162.9 | K10: =IF(J10=D10,"Menor Valor",IF(J10=E10,"Promedio",IF(J10=F10,"Mediana",IF(J10=G10,"Media Geométrica"," ")))) -> Media Geométrica | L10: =IFERROR(COUNTA('LP Reactivos'!F10,'LP Reactivos'!I10,'LP Reactivos'!N10,'LP Reactivos'!S10,'LP Reactivos'!X10,'LP Reactivos'!AC10,'LP Reactivos'!AH10,'LP Reactivos'!AM10,'LP Reactivos'!AR10,'LP Reactivos'!AW10,'LP Reactivos'!BB10,'LP Reactivos'!BG10,'LP Reactivos'!BL10,'LP Reactivos'!BQ10,'LP Reactivos'!BV10,'LP Reactivos'!CA10,'LP Reactivos'!CF10,'LP Reactivos'!CK10,'LP Reactivos'!CP10,'LP Reactivos'!CU10,'LP Reactivos'!CZ10,'LP Reactivos'!DE10,'LP Reactivos'!DJ10,'LP Reactivos'!DO10,'LP Reactivos'!DT10,'LP Reactivos'!DY10,'LP Reactivos'!EB10)," ") -> 3
B11: 9 | C11: Acetato de amonio grado masas o equivalente | D11: =IFERROR(MIN('LP Reactivos'!F11,'LP Reactivos'!I11,'LP Reactivos'!N11,'LP Reactivos'!S11,'LP Reactivos'!X11,'LP Reactivos'!AC11,'LP Reactivos'!AH11,'LP Reactivos'!AM11,'LP Reactivos'!AR11,'LP Reactivos'!AW11,'LP Reactivos'!BB11,'LP Reactivos'!BG11,'LP Reactivos'!BL11,'LP Reactivos'!BQ11,'LP Reactivos'!BV11,'LP Reactivos'!CA11,'LP Reactivos'!CF11,'LP Reactivos'!CK11,'LP Reactivos'!CP11,'LP Reactivos'!CU11,'LP Reactivos'!CZ11,'LP Reactivos'!DE11,'LP Reactivos'!DJ11,'LP Reactivos'!DO11,'LP Reactivos'!DT11,'LP Reactivos'!DY11,'LP Reactivos'!EB11)," ") -> 357464.1 | E11: =IFERROR(AVERAGE('LP Reactivos'!F11,'LP Reactivos'!I11,'LP Reactivos'!N11,'LP Reactivos'!S11,'LP Reactivos'!X11,'LP Reactivos'!AC11,'LP Reactivos'!AH11,'LP Reactivos'!AM11,'LP Reactivos'!AR11,'LP Reactivos'!AW11,'LP Reactivos'!BB11,'LP Reactivos'!BG11,'LP Reactivos'!BL11,'LP Reactivos'!BQ11,'LP Reactivos'!BV11,'LP Reactivos'!CA11,'LP Reactivos'!CF11,'LP Reactivos'!CK11,'LP Reactivos'!CP11,'LP Reactivos'!CU11,'LP Reactivos'!CZ11,'LP Reactivos'!DE11,'LP Reactivos'!DJ11,'LP Reactivos'!DO11,'LP Reactivos'!DT11,'LP Reactivos'!DY11,'LP Reactivos'!EB11)," ") -> 1464255 | F11: =IFERROR(MEDIAN('LP Reactivos'!F11,'LP Reactivos'!I11,'LP Reactivos'!N11,'LP Reactivos'!S11,'LP Reactivos'!X11,'LP Reactivos'!AC11,'LP Reactivos'!AH11,'LP Reactivos'!AM11,'LP Reactivos'!AR11,'LP Reactivos'!AW11,'LP Reactivos'!BB11,'LP Reactivos'!BG11,'LP Reactivos'!BL11,'LP Reactivos'!BQ11,'LP Reactivos'!BV11,'LP Reactivos'!CA11,'LP Reactivos'!CF11,'LP Reactivos'!CK11,'LP Reactivos'!CP11,'LP Reactivos'!CU11,'LP Reactivos'!CZ11,'LP Reactivos'!DE11,'LP Reactivos'!DJ11,'LP Reactivos'!DO11,'LP Reactivos'!DT11,'LP Reactivos'!DY11,'LP Reactivos'!EB11)," ") -> 1606019 | G11: =IFERROR(GEOMEAN('LP Reactivos'!F11,'LP Reactivos'!I11,'LP Reactivos'!N11,'LP Reactivos'!S11,'LP Reactivos'!X11,'LP Reactivos'!AC11,'LP Reactivos'!AH11,'LP Reactivos'!AM11,'LP Reactivos'!AR11,'LP Reactivos'!AW11,'LP Reactivos'!BB11,'LP Reactivos'!BG11,'LP Reactivos'!BL11,'LP Reactivos'!BQ11,'LP Reactivos'!BV11,'LP Reactivos'!CA11,'LP Reactivos'!CF11,'LP Reactivos'!CK11,'LP Reactivos'!CP11,'LP Reactivos'!CU11,'LP Reactivos'!CZ11,'LP Reactivos'!DE11,'LP Reactivos'!DJ11,'LP Reactivos'!DO11,'LP Reactivos'!DT11,'LP Reactivos'!DY11,'LP Reactivos'!EB11)," ") -> 1170180.1 | H11: =STDEVA(D11,E11,F11,G11) -> 558339.46 | I11: =IFERROR(H11/E11," ") -> 0.38131299 | J11: =IF(I11<=10%,F11,IF(AND(I11>10%,I11<=20%),E11,IF(AND(I11>20%,I11<=39%),G11,IF(I11>39%,D11)))) -> 1170180.1 | K11: =IF(J11=D11,"Menor Valor",IF(J11=E11,"Promedio",IF(J11=F11,"Mediana",IF(J11=G11,"Media Geométrica"," ")))) -> Media Geométrica | L11: =IFERROR(COUNTA('LP Reactivos'!F11,'LP Reactivos'!I11,'LP Reactivos'!N11,'LP Reactivos'!S11,'LP Reactivos'!X11,'LP Reactivos'!AC11,'LP Reactivos'!AH11,'LP Reactivos'!AM11,'LP Reactivos'!AR11,'LP Reactivos'!AW11,'LP Reactivos'!BB11,'LP Reactivos'!BG11,'LP Reactivos'!BL11,'LP Reactivos'!BQ11,'LP Reactivos'!BV11,'LP Reactivos'!CA11,'LP Reactivos'!CF11,'LP Reactivos'!CK11,'LP Reactivos'!CP11,'LP Reactivos'!CU11,'LP Reactivos'!CZ11,'LP Reactivos'!DE11,'LP Reactivos'!DJ11,'LP Reactivos'!DO11,'LP Reactivos'!DT11,'LP Reactivos'!DY11,'LP Reactivos'!EB11)," ") -> 4
B12: 10 | C12: Acetato de amonio grado RA | D12: =IFERROR(MIN('LP Reactivos'!F12,'LP Reactivos'!I12,'LP Reactivos'!N12,'LP Reactivos'!S12,'LP Reactivos'!X12,'LP Reactivos'!AC12,'LP Reactivos'!AH12,'LP Reactivos'!AM12,'LP Reactivos'!AR12,'LP Reactivos'!AW12,'LP Reactivos'!BB12,'LP Reactivos'!BG12,'LP Reactivos'!BL12,'LP Reactivos'!BQ12,'LP Reactivos'!BV12,'LP Reactivos'!CA12,'LP Reactivos'!CF12,'LP Reactivos'!CK12,'LP Reactivos'!CP12,'LP Reactivos'!CU12,'LP Reactivos'!CZ12,'LP Reactivos'!DE12,'LP Reactivos'!DJ12,'LP Reactivos'!DO12,'LP Reactivos'!DT12,'LP Reactivos'!DY12,'LP Reactivos'!EB12)," ") -> 145180 | E12: =IFERROR(AVERAGE('LP Reactivos'!F12,'LP Reactivos'!I12,'LP Reactivos'!N12,'LP Reactivos'!S12,'LP Reactivos'!X12,'LP Reactivos'!AC12,'LP Reactivos'!AH12,'LP Reactivos'!AM12,'LP Reactivos'!AR12,'LP Reactivos'!AW12,'LP Reactivos'!BB12,'LP Reactivos'!BG12,'LP Reactivos'!BL12,'LP Reactivos'!BQ12,'LP Reactivos'!BV12,'LP Reactivos'!CA12,'LP Reactivos'!CF12,'LP Reactivos'!CK12,'LP Reactivos'!CP12,'LP Reactivos'!CU12,'LP Reactivos'!CZ12,'LP Reactivos'!DE12,'LP Reactivos'!DJ12,'LP Reactivos'!DO12,'LP Reactivos'!DT12,'LP Reactivos'!DY12,'LP Reactivos'!EB12)," ") -> 295153.68 | F12: =IFERROR(MEDIAN('LP Reactivos'!F12,'LP Reactivos'!I12,'LP Reactivos'!N12,'LP Reactivos'!S12,'LP Reactivos'!X12,'LP Reactivos'!AC12,'LP Reactivos'!AH12,'LP Reactivos'!AM12,'LP Reactivos'!AR12,'LP Reactivos'!AW12,'LP Reactivos'!BB12,'LP Reactivos'!BG12,'LP Reactivos'!BL12,'LP Reactivos'!BQ12,'LP Reactivos'!BV12,'LP Reactivos'!CA12,'LP Reactivos'!CF12,'LP Reactivos'!CK12,'LP Reactivos'!CP12,'LP Reactivos'!CU12,'LP Reactivos'!CZ12,'LP Reactivos'!DE12,'LP Reactivos'!DJ12,'LP Reactivos'!DO12,'LP Reactivos'!DT12,'LP Reactivos'!DY12,'LP Reactivos'!EB12)," ") -> 252734 | G12: =IFERROR(GEOMEAN('LP Reactivos'!F12,'LP Reactivos'!I12,'LP Reactivos'!N12,'LP Reactivos'!S12,'LP Reactivos'!X12,'LP Reactivos'!AC12,'LP Reactivos'!AH12,'LP Reactivos'!AM12,'LP Reactivos'!AR12,'LP Reactivos'!AW12,'LP Reactivos'!BB12,'LP Reactivos'!BG12,'LP Reactivos'!BL12,'LP Reactivos'!BQ12,'LP Reactivos'!BV12,'LP Reactivos'!CA12,'LP Reactivos'!CF12,'LP Reactivos'!CK12,'LP Reactivos'!CP12,'LP Reactivos'!CU12,'LP Reactivos'!CZ12,'LP Reactivos'!DE12,'LP Reactivos'!DJ12,'LP Reactivos'!DO12,'LP Reactivos'!DT12,'LP Reactivos'!DY12,'LP Reactivos'!EB12)," ") -> 264898.82 | H12: =STDEVA(D12,E12,F12,G12) -> 65355.013 | I12: =IFERROR(H12/E12," ") -> 0.22142707 | J12: =IF(I12<=10%,F12,IF(AND(I12>10%,I12<=20%),E12,IF(AND(I12>20%,I12<=30%),G12,IF(I12>30%,D12)))) -> 264898.82 | K12: =IF(J12=D12,"Menor Valor",IF(J12=E12,"Promedio",IF(J12=F12,"Mediana",IF(J12=G12,"Media Geométrica"," ")))) -> Media Geométrica | L12: =IFERROR(COUNTA('LP Reactivos'!F12,'LP Reactivos'!I12,'LP Reactivos'!N12,'LP Reactivos'!S12,'LP Reactivos'!X12,'LP Reactivos'!AC12,'LP Reactivos'!AH12,'LP Reactivos'!AM12,'LP Reactivos'!AR12,'LP Reactivos'!AW12,'LP Reactivos'!BB12,'LP Reactivos'!BG12,'LP Reactivos'!BL12,'LP Reactivos'!BQ12,'LP Reactivos'!BV12,'LP Reactivos'!CA12,'LP Reactivos'!CF12,'LP Reactivos'!CK12,'LP Reactivos'!CP12,'LP Reactivos'!CU12,'LP Reactivos'!CZ12,'LP Reactivos'!DE12,'LP Reactivos'!DJ12,'LP Reactivos'!DO12,'LP Reactivos'!DT12,'LP Reactivos'!DY12,'LP Reactivos'!EB12)," ") -> 5
B13: 11 | C13: Acetato de etilo grado masas | D13: =IFERROR(MIN('LP Reactivos'!F13,'LP Reactivos'!I13,'LP Reactivos'!N13,'LP Reactivos'!S13,'LP Reactivos'!X13,'LP Reactivos'!AC13,'LP Reactivos'!AH13,'LP Reactivos'!AM13,'LP Reactivos'!AR13,'LP Reactivos'!AW13,'LP Reactivos'!BB13,'LP Reactivos'!BG13,'LP Reactivos'!BL13,'LP Reactivos'!BQ13,'LP Reactivos'!BV13,'LP Reactivos'!CA13,'LP Reactivos'!CF13,'LP Reactivos'!CK13,'LP Reactivos'!CP13,'LP Reactivos'!CU13,'LP Reactivos'!CZ13,'LP Reactivos'!DE13,'LP Reactivos'!DJ13,'LP Reactivos'!DO13,'LP Reactivos'!DT13,'LP Reactivos'!DY13,'LP Reactivos'!EB13)," ") -> 126798 | E13: =IFERROR(AVERAGE('LP Reactivos'!F13,'LP Reactivos'!I13,'LP Reactivos'!N13,'LP Reactivos'!S13,'LP Reactivos'!X13,'LP Reactivos'!AC13,'LP Reactivos'!AH13,'LP Reactivos'!AM13,'LP Reactivos'!AR13,'LP Reactivos'!AW13,'LP Reactivos'!BB13,'LP Reactivos'!BG13,'LP Reactivos'!BL13,'LP Reactivos'!BQ13,'LP Reactivos'!BV13,'LP Reactivos'!CA13,'LP Reactivos'!CF13,'LP Reactivos'!CK13,'LP Reactivos'!CP13,'LP Reactivos'!CU13,'LP Reactivos'!CZ13,'LP Reactivos'!DE13,'LP Reactivos'!DJ13,'LP Reactivos'!DO13,'LP Reactivos'!DT13,'LP Reactivos'!DY13,'LP Reactivos'!EB13)," ") -> 306571.35 | F13: =IFERROR(MEDIAN('LP Reactivos'!F13,'LP Reactivos'!I13,'LP Reactivos'!N13,'LP Reactivos'!S13,'LP Reactivos'!X13,'LP Reactivos'!AC13,'LP Reactivos'!AH13,'LP Reactivos'!AM13,'LP Reactivos'!AR13,'LP Reactivos'!AW13,'LP Reactivos'!BB13,'LP Reactivos'!BG13,'LP Reactivos'!BL13,'LP Reactivos'!BQ13,'LP Reactivos'!BV13,'LP Reactivos'!CA13,'LP Reactivos'!CF13,'LP Reactivos'!CK13,'LP Reactivos'!CP13,'LP Reactivos'!CU13,'LP Reactivos'!CZ13,'LP Reactivos'!DE13,'LP Reactivos'!DJ13,'LP Reactivos'!DO13,'LP Reactivos'!DT13,'LP Reactivos'!DY13,'LP Reactivos'!EB13)," ") -> 317098.7 | G13: =IFERROR(GEOMEAN('LP Reactivos'!F13,'LP Reactivos'!I13,'LP Reactivos'!N13,'LP Reactivos'!S13,'LP Reactivos'!X13,'LP Reactivos'!AC13,'LP Reactivos'!AH13,'LP Reactivos'!AM13,'LP Reactivos'!AR13,'LP Reactivos'!AW13,'LP Reactivos'!BB13,'LP Reactivos'!BG13,'LP Reactivos'!BL13,'LP Reactivos'!BQ13,'LP Reactivos'!BV13,'LP Reactivos'!CA13,'LP Reactivos'!CF13,'LP Reactivos'!CK13,'LP Reactivos'!CP13,'LP Reactivos'!CU13,'LP Reactivos'!CZ13,'LP Reactivos'!DE13,'LP Reactivos'!DJ13,'LP Reactivos'!DO13,'LP Reactivos'!DT13,'LP Reactivos'!DY13,'LP Reactivos'!EB13)," ") -> 277469.69 | H13: =STDEVA(D13,E13,F13,G13) -> 88394.46 | I13: =IFERROR(H13/E13," ") -> 0.28833242 | J13: =IF(I13<=10%,F13,IF(AND(I13>10%,I13<=20%),E13,IF(AND(I13>20%,I13<=30%),G13,IF(I13>30%,D13)))) -> 277469.69 | K13: =IF(J13=D13,"Menor Valor",IF(J13=E13,"Promedio",IF(J13=F13,"Mediana",IF(J13=G13,"Media Geométrica"," ")))) -> Media Geométrica | L13: =IFERROR(COUNTA('LP Reactivos'!F13,'LP Reactivos'!I13,'LP Reactivos'!N13,'LP Reactivos'!S13,'LP Reactivos'!X13,'LP Reactivos'!AC13,'LP Reactivos'!AH13,'LP Reactivos'!AM13,'LP Reactivos'!AR13,'LP Reactivos'!AW13,'LP Reactivos'!BB13,'LP Reactivos'!BG13,'LP Reactivos'!BL13,'LP Reactivos'!BQ13,'LP Reactivos'!BV13,'LP Reactivos'!CA13,'LP Reactivos'!CF13,'LP Reactivos'!CK13,'LP Reactivos'!CP13,'LP Reactivos'!CU13,'LP Reactivos'!CZ13,'LP Reactivos'!DE13,'LP Reactivos'!DJ13,'LP Reactivos'!DO13,'LP Reactivos'!DT13,'LP Reactivos'!DY13,'LP Reactivos'!EB13)," ") -> 4
B14: 12 | C14: Acetato de etilo para análisis de residuos | D14: =IFERROR(MIN('LP Reactivos'!F14,'LP Reactivos'!I14,'LP Reactivos'!N14,'LP Reactivos'!S14,'LP Reactivos'!X14,'LP Reactivos'!AC14,'LP Reactivos'!AH14,'LP Reactivos'!AM14,'LP Reactivos'!AR14,'LP Reactivos'!AW14,'LP Reactivos'!BB14,'LP Reactivos'!BG14,'LP Reactivos'!BL14,'LP Reactivos'!BQ14,'LP Reactivos'!BV14,'LP Reactivos'!CA14,'LP Reactivos'!CF14,'LP Reactivos'!CK14,'LP Reactivos'!CP14,'LP Reactivos'!CU14,'LP Reactivos'!CZ14,'LP Reactivos'!DE14,'LP Reactivos'!DJ14,'LP Reactivos'!DO14,'LP Reactivos'!DT14,'LP Reactivos'!DY14,'LP Reactivos'!EB14)," ") -> 642350.1 | E14: =IFERROR(AVERAGE('LP Reactivos'!F14,'LP Reactivos'!I14,'LP Reactivos'!N14,'LP Reactivos'!S14,'LP Reactivos'!X14,'LP Reactivos'!AC14,'LP Reactivos'!AH14,'LP Reactivos'!AM14,'LP Reactivos'!AR14,'LP Reactivos'!AW14,'LP Reactivos'!BB14,'LP Reactivos'!BG14,'LP Reactivos'!BL14,'LP Reactivos'!BQ14,'LP Reactivos'!BV14,'LP Reactivos'!CA14,'LP Reactivos'!CF14,'LP Reactivos'!CK14,'LP Reactivos'!CP14,'LP Reactivos'!CU14,'LP Reactivos'!CZ14,'LP Reactivos'!DE14,'LP Reactivos'!DJ14,'LP Reactivos'!DO14,'LP Reactivos'!DT14,'LP Reactivos'!DY14,'LP Reactivos'!EB14)," ") -> 772979.14 | F14: =IFERROR(MEDIAN('LP Reactivos'!F14,'LP Reactivos'!I14,'LP Reactivos'!N14,'LP Reactivos'!S14,'LP Reactivos'!X14,'LP Reactivos'!AC14,'LP Reactivos'!AH14,'LP Reactivos'!AM14,'LP Reactivos'!AR14,'LP Reactivos'!AW14,'LP Reactivos'!BB14,'LP Reactivos'!BG14,'LP Reactivos'!BL14,'LP Reactivos'!BQ14,'LP Reactivos'!BV14,'LP Reactivos'!CA14,'LP Reactivos'!CF14,'LP Reactivos'!CK14,'LP Reactivos'!CP14,'LP Reactivos'!CU14,'LP Reactivos'!CZ14,'LP Reactivos'!DE14,'LP Reactivos'!DJ14,'LP Reactivos'!DO14,'LP Reactivos'!DT14,'LP Reactivos'!DY14,'LP Reactivos'!EB14)," ") -> 816858 | G14: =IFERROR(GEOMEAN('LP Reactivos'!F14,'LP Reactivos'!I14,'LP Reactivos'!N14,'LP Reactivos'!S14,'LP Reactivos'!X14,'LP Reactivos'!AC14,'LP Reactivos'!AH14,'LP Reactivos'!AM14,'LP Reactivos'!AR14,'LP Reactivos'!AW14,'LP Reactivos'!BB14,'LP Reactivos'!BG14,'LP Reactivos'!BL14,'LP Reactivos'!BQ14,'LP Reactivos'!BV14,'LP Reactivos'!CA14,'LP Reactivos'!CF14,'LP Reactivos'!CK14,'LP Reactivos'!CP14,'LP Reactivos'!CU14,'LP Reactivos'!CZ14,'LP Reactivos'!DE14,'LP Reactivos'!DJ14,'LP Reactivos'!DO14,'LP Reactivos'!DT14,'LP Reactivos'!DY14,'LP Reactivos'!EB14)," ") -> 769635.64 | H14: =STDEVA(D14,E14,F14,G14) -> 75213.61 | I14: =IFERROR(H14/E14," ") -> 0.097303545 | J14: =IF(I14<=10%,F14,IF(AND(I14>10%,I14<=20%),E14,IF(AND(I14>20%,I14<=30%),G14,IF(I14>30%,D14)))) -> 816858 | K14: =IF(J14=D14,"Menor Valor",IF(J14=E14,"Promedio",IF(J14=F14,"Mediana",IF(J14=G14,"Media Geométrica"," ")))) -> Mediana | L14: =IFERROR(COUNTA('LP Reactivos'!F14,'LP Reactivos'!I14,'LP Reactivos'!N14,'LP Reactivos'!S14,'LP Reactivos'!X14,'LP Reactivos'!AC14,'LP Reactivos'!AH14,'LP Reactivos'!AM14,'LP Reactivos'!AR14,'LP Reactivos'!AW14,'LP Reactivos'!BB14,'LP Reactivos'!BG14,'LP Reactivos'!BL14,'LP Reactivos'!BQ14,'LP Reactivos'!BV14,'LP Reactivos'!CA14,'LP Reactivos'!CF14,'LP Reactivos'!CK14,'LP Reactivos'!CP14,'LP Reactivos'!CU14,'LP Reactivos'!CZ14,'LP Reactivos'!DE14,'LP Reactivos'!DJ14,'LP Reactivos'!DO14,'LP Reactivos'!DT14,'LP Reactivos'!DY14,'LP Reactivos'!EB14)," ") -> 5
B15: 13 | C15: Acetato de potasio | D15: =IFERROR(MIN('LP Reactivos'!F15,'LP Reactivos'!I15,'LP Reactivos'!N15,'LP Reactivos'!S15,'LP Reactivos'!X15,'LP Reactivos'!AC15,'LP Reactivos'!AH15,'LP Reactivos'!AM15,'LP Reactivos'!AR15,'LP Reactivos'!AW15,'LP Reactivos'!BB15,'LP Reactivos'!BG15,'LP Reactivos'!BL15,'LP Reactivos'!BQ15,'LP Reactivos'!BV15,'LP Reactivos'!CA15,'LP Reactivos'!CF15,'LP Reactivos'!CK15,'LP Reactivos'!CP15,'LP Reactivos'!CU15,'LP Reactivos'!CZ15,'LP Reactivos'!DE15,'LP Reactivos'!DJ15,'LP Reactivos'!DO15,'LP Reactivos'!DT15,'LP Reactivos'!DY15,'LP Reactivos'!EB15)," ") -> 182962.5 | E15: =IFERROR(AVERAGE('LP Reactivos'!F15,'LP Reactivos'!I15,'LP Reactivos'!N15,'LP Reactivos'!S15,'LP Reactivos'!X15,'LP Reactivos'!AC15,'LP Reactivos'!AH15,'LP Reactivos'!AM15,'LP Reactivos'!AR15,'LP Reactivos'!AW15,'LP Reactivos'!BB15,'LP Reactivos'!BG15,'LP Reactivos'!BL15,'LP Reactivos'!BQ15,'LP Reactivos'!BV15,'LP Reactivos'!CA15,'LP Reactivos'!CF15,'LP Reactivos'!CK15,'LP Reactivos'!CP15,'LP Reactivos'!CU15,'LP Reactivos'!CZ15,'LP Reactivos'!DE15,'LP Reactivos'!DJ15,'LP Reactivos'!DO15,'LP Reactivos'!DT15,'LP Reactivos'!DY15,'LP Reactivos'!EB15)," ") -> 456023.78 | F15: =IFERROR(MEDIAN('LP Reactivos'!F15,'LP Reactivos'!I15,'LP Reactivos'!N15,'LP Reactivos'!S15,'LP Reactivos'!X15,'LP Reactivos'!AC15,'LP Reactivos'!AH15,'LP Reactivos'!AM15,'LP Reactivos'!AR15,'LP Reactivos'!AW15,'LP Reactivos'!BB15,'LP Reactivos'!BG15,'LP Reactivos'!BL15,'LP Reactivos'!BQ15,'LP Reactivos'!BV15,'LP Reactivos'!CA15,'LP Reactivos'!CF15,'LP Reactivos'!CK15,'LP Reactivos'!CP15,'LP Reactivos'!CU15,'LP Reactivos'!CZ15,'LP Reactivos'!DE15,'LP Reactivos'!DJ15,'LP Reactivos'!DO15,'LP Reactivos'!DT15,'LP Reactivos'!DY15,'LP Reactivos'!EB15)," ") -> 408653 | G15: =IFERROR(GEOMEAN('LP Reactivos'!F15,'LP Reactivos'!I15,'LP Reactivos'!N15,'LP Reactivos'!S15,'LP Reactivos'!X15,'LP Reactivos'!AC15,'LP Reactivos'!AH15,'LP Reactivos'!AM15,'LP Reactivos'!AR15,'LP Reactivos'!AW15,'LP Reactivos'!BB15,'LP Reactivos'!BG15,'LP Reactivos'!BL15,'LP Reactivos'!BQ15,'LP Reactivos'!BV15,'LP Reactivos'!CA15,'LP Reactivos'!CF15,'LP Reactivos'!CK15,'LP Reactivos'!CP15,'LP Reactivos'!CU15,'LP Reactivos'!CZ15,'LP Reactivos'!DE15,'LP Reactivos'!DJ15,'LP Reactivos'!DO15,'LP Reactivos'!DT15,'LP Reactivos'!DY15,'LP Reactivos'!EB15)," ") -> 411537.27 | H15: =STDEVA(D15,E15,F15,G15) -> 123145.05 | I15: =IFERROR(H15/E15," ") -> 0.27004086 | J15: =IF(I15<=10%,F15,IF(AND(I15>10%,I15<=20%),E15,IF(AND(I15>20%,I15<=30%),G15,IF(I15>30%,D15)))) -> 411537.27 | K15: =IF(J15=D15,"Menor Valor",IF(J15=E15,"Promedio",IF(J15=F15,"Mediana",IF(J15=G15,"Media Geométrica"," ")))) -> Media Geométrica | L15: =IFERROR(COUNTA('LP Reactivos'!F15,'LP Reactivos'!I15,'LP Reactivos'!N15,'LP Reactivos'!S15,'LP Reactivos'!X15,'LP Reactivos'!AC15,'LP Reactivos'!AH15,'LP Reactivos'!AM15,'LP Reactivos'!AR15,'LP Reactivos'!AW15,'LP Reactivos'!BB15,'LP Reactivos'!BG15,'LP Reactivos'!BL15,'LP Reactivos'!BQ15,'LP Reactivos'!BV15,'LP Reactivos'!CA15,'LP Reactivos'!CF15,'LP Reactivos'!CK15,'LP Reactivos'!CP15,'LP Reactivos'!CU15,'LP Reactivos'!CZ15,'LP Reactivos'!DE15,'LP Reactivos'!DJ15,'LP Reactivos'!DO15,'LP Reactivos'!DT15,'LP Reactivos'!DY15,'LP Reactivos'!EB15)," ") -> 5
B16: 14 | C16: Acetato de sodio anhidro | D16: =IFERROR(MIN('LP Reactivos'!F16,'LP Reactivos'!I16,'LP Reactivos'!N16,'LP Reactivos'!S16,'LP Reactivos'!X16,'LP Reactivos'!AC16,'LP Reactivos'!AH16,'LP Reactivos'!AM16,'LP Reactivos'!AR16,'LP Reactivos'!AW16,'LP Reactivos'!BB16,'LP Reactivos'!BG16,'LP Reactivos'!BL16,'LP Reactivos'!BQ16,'LP Reactivos'!BV16,'LP Reactivos'!CA16,'LP Reactivos'!CF16,'LP Reactivos'!CK16,'LP Reactivos'!CP16,'LP Reactivos'!CU16,'LP Reactivos'!CZ16,'LP Reactivos'!DE16,'LP Reactivos'!DJ16,'LP Reactivos'!DO16,'LP Reactivos'!DT16,'LP Reactivos'!DY16,'LP Reactivos'!EB16)," ") -> 224517.3 | E16: =IFERROR(AVERAGE('LP Reactivos'!F16,'LP Reactivos'!I16,'LP Reactivos'!N16,'LP Reactivos'!S16,'LP Reactivos'!X16,'LP Reactivos'!AC16,'LP Reactivos'!AH16,'LP Reactivos'!AM16,'LP Reactivos'!AR16,'LP Reactivos'!AW16,'LP Reactivos'!BB16,'LP Reactivos'!BG16,'LP Reactivos'!BL16,'LP Reactivos'!BQ16,'LP Reactivos'!BV16,'LP Reactivos'!CA16,'LP Reactivos'!CF16,'LP Reactivos'!CK16,'LP Reactivos'!CP16,'LP Reactivos'!CU16,'LP Reactivos'!CZ16,'LP Reactivos'!DE16,'LP Reactivos'!DJ16,'LP Reactivos'!DO16,'LP Reactivos'!DT16,'LP Reactivos'!DY16,'LP Reactivos'!EB16)," ") -> 290069.17 | F16: =IFERROR(MEDIAN('LP Reactivos'!F16,'LP Reactivos'!I16,'LP Reactivos'!N16,'LP Reactivos'!S16,'LP Reactivos'!X16,'LP Reactivos'!AC16,'LP Reactivos'!AH16,'LP Reactivos'!AM16,'LP Reactivos'!AR16,'LP Reactivos'!AW16,'LP Reactivos'!BB16,'LP Reactivos'!BG16,'LP Reactivos'!BL16,'LP Reactivos'!BQ16,'LP Reactivos'!BV16,'LP Reactivos'!CA16,'LP Reactivos'!CF16,'LP Reactivos'!CK16,'LP Reactivos'!CP16,'LP Reactivos'!CU16,'LP Reactivos'!CZ16,'LP Reactivos'!DE16,'LP Reactivos'!DJ16,'LP Reactivos'!DO16,'LP Reactivos'!DT16,'LP Reactivos'!DY16,'LP Reactivos'!EB16)," ") -> 271276 | G16: =IFERROR(GEOMEAN('LP Reactivos'!F16,'LP Reactivos'!I16,'LP Reactivos'!N16,'LP Reactivos'!S16,'LP Reactivos'!X16,'LP Reactivos'!AC16,'LP Reactivos'!AH16,'LP Reactivos'!AM16,'LP Reactivos'!AR16,'LP Reactivos'!AW16,'LP Reactivos'!BB16,'LP Reactivos'!BG16,'LP Reactivos'!BL16,'LP Reactivos'!BQ16,'LP Reactivos'!BV16,'LP Reactivos'!CA16,'LP Reactivos'!CF16,'LP Reactivos'!CK16,'LP Reactivos'!CP16,'LP Reactivos'!CU16,'LP Reactivos'!CZ16,'LP Reactivos'!DE16,'LP Reactivos'!DJ16,'LP Reactivos'!DO16,'LP Reactivos'!DT16,'LP Reactivos'!DY16,'LP Reactivos'!EB16)," ") -> 283971.54 | H16: =STDEVA(D16,E16,F16,G16) -> 29678.516 | I16: =IFERROR(H16/E16," ") -> 0.10231531 | J16: =IF(I16<=10%,F16,IF(AND(I16>10%,I16<=20%),E16,IF(AND(I16>20%,I16<=30%),G16,IF(I16>30%,D16)))) -> 290069.17 | K16: =IF(J16=D16,"Menor Valor",IF(J16=E16,"Promedio",IF(J16=F16,"Mediana",IF(J16=G16,"Media Geométrica"," ")))) -> Promedio | L16: =IFERROR(COUNTA('LP Reactivos'!F16,'LP Reactivos'!I16,'LP Reactivos'!N16,'LP Reactivos'!S16,'LP Reactivos'!X16,'LP Reactivos'!AC16,'LP Reactivos'!AH16,'LP Reactivos'!AM16,'LP Reactivos'!AR16,'LP Reactivos'!AW16,'LP Reactivos'!BB16,'LP Reactivos'!BG16,'LP Reactivos'!BL16,'LP Reactivos'!BQ16,'LP Reactivos'!BV16,'LP Reactivos'!CA16,'LP Reactivos'!CF16,'LP Reactivos'!CK16,'LP Reactivos'!CP16,'LP Reactivos'!CU16,'LP Reactivos'!CZ16,'LP Reactivos'!DE16,'LP Reactivos'!DJ16,'LP Reactivos'!DO16,'LP Reactivos'!DT16,'LP Reactivos'!DY16,'LP Reactivos'!EB16)," ") -> 6
B17: 15 | C17: Acetona grado reactivo | D17: =IFERROR(MIN('LP Reactivos'!F17,'LP Reactivos'!I17,'LP Reactivos'!N17,'LP Reactivos'!S17,'LP Reactivos'!X17,'LP Reactivos'!AC17,'LP Reactivos'!AH17,'LP Reactivos'!AM17,'LP Reactivos'!AR17,'LP Reactivos'!AW17,'LP Reactivos'!BB17,'LP Reactivos'!BG17,'LP Reactivos'!BL17,'LP Reactivos'!BQ17,'LP Reactivos'!BV17,'LP Reactivos'!CA17,'LP Reactivos'!CF17,'LP Reactivos'!CK17,'LP Reactivos'!CP17,'LP Reactivos'!CU17,'LP Reactivos'!CZ17,'LP Reactivos'!DE17,'LP Reactivos'!DJ17,'LP Reactivos'!DO17,'LP Reactivos'!DT17,'LP Reactivos'!DY17,'LP Reactivos'!EB17)," ") -> 153510 | E17: =IFERROR(AVERAGE('LP Reactivos'!F17,'LP Reactivos'!I17,'LP Reactivos'!N17,'LP Reactivos'!S17,'LP Reactivos'!X17,'LP Reactivos'!AC17,'LP Reactivos'!AH17,'LP Reactivos'!AM17,'LP Reactivos'!AR17,'LP Reactivos'!AW17,'LP Reactivos'!BB17,'LP Reactivos'!BG17,'LP Reactivos'!BL17,'LP Reactivos'!BQ17,'LP Reactivos'!BV17,'LP Reactivos'!CA17,'LP Reactivos'!CF17,'LP Reactivos'!CK17,'LP Reactivos'!CP17,'LP Reactivos'!CU17,'LP Reactivos'!CZ17,'LP Reactivos'!DE17,'LP Reactivos'!DJ17,'LP Reactivos'!DO17,'LP Reactivos'!DT17,'LP Reactivos'!DY17,'LP Reactivos'!EB17)," ") -> 256736.47 | F17: =IFERROR(MEDIAN('LP Reactivos'!F17,'LP Reactivos'!I17,'LP Reactivos'!N17,'LP Reactivos'!S17,'LP Reactivos'!X17,'LP Reactivos'!AC17,'LP Reactivos'!AH17,'LP Reactivos'!AM17,'LP Reactivos'!AR17,'LP Reactivos'!AW17,'LP Reactivos'!BB17,'LP Reactivos'!BG17,'LP Reactivos'!BL17,'LP Reactivos'!BQ17,'LP Reactivos'!BV17,'LP Reactivos'!CA17,'LP Reactivos'!CF17,'LP Reactivos'!CK17,'LP Reactivos'!CP17,'LP Reactivos'!CU17,'LP Reactivos'!CZ17,'LP Reactivos'!DE17,'LP Reactivos'!DJ17,'LP Reactivos'!DO17,'LP Reactivos'!DT17,'LP Reactivos'!DY17,'LP Reactivos'!EB17)," ") -> 237739.5 | G17: =IFERROR(GEOMEAN('LP Reactivos'!F17,'LP Reactivos'!I17,'LP Reactivos'!N17,'LP Reactivos'!S17,'LP Reactivos'!X17,'LP Reactivos'!AC17,'LP Reactivos'!AH17,'LP Reactivos'!AM17,'LP Reactivos'!AR17,'LP Reactivos'!AW17,'LP Reactivos'!BB17,'LP Reactivos'!BG17,'LP Reactivos'!BL17,'LP Reactivos'!BQ17,'LP Reactivos'!BV17,'LP Reactivos'!CA17,'LP Reactivos'!CF17,'LP Reactivos'!CK17,'LP Reactivos'!CP17,'LP Reactivos'!CU17,'LP Reactivos'!CZ17,'LP Reactivos'!DE17,'LP Reactivos'!DJ17,'LP Reactivos'!DO17,'LP Reactivos'!DT17,'LP Reactivos'!DY17,'LP Reactivos'!EB17)," ") -> 245453.4 | H17: =STDEVA(D17,E17,F17,G17) -> 47215.461 | I17: =IFERROR(H17/E17," ") -> 0.18390633 | J17: =IF(I17<=10%,F17,IF(AND(I17>10%,I17<=20%),E17,IF(AND(I17>20%,I17<=30%),G17,IF(I17>30%,D17)))) -> 256736.47 | K17: =IF(J17=D17,"Menor Valor",IF(J17=E17,"Promedio",IF(J17=F17,"Mediana",IF(J17=G17,"Media Geométrica"," ")))) -> Promedio | L17: =IFERROR(COUNTA('LP Reactivos'!F17,'LP Reactivos'!I17,'LP Reactivos'!N17,'LP Reactivos'!S17,'LP Reactivos'!X17,'LP Reactivos'!AC17,'LP Reactivos'!AH17,'LP Reactivos'!AM17,'LP Reactivos'!AR17,'LP Reactivos'!AW17,'LP Reactivos'!BB17,'LP Reactivos'!BG17,'LP Reactivos'!BL17,'LP Reactivos'!BQ17,'LP Reactivos'!BV17,'LP Reactivos'!CA17,'LP Reactivos'!CF17,'LP Reactivos'!CK17,'LP Reactivos'!CP17,'LP Reactivos'!CU17,'LP Reactivos'!CZ17,'LP Reactivos'!DE17,'LP Reactivos'!DJ17,'LP Reactivos'!DO17,'LP Reactivos'!DT17,'LP Reactivos'!DY17,'LP Reactivos'!EB17)," ") -> 6
B18: 16 | C18: Acetonitrilo grado gradiente | D18: =IFERROR(MIN('LP Reactivos'!F18,'LP Reactivos'!I18,'LP Reactivos'!N18,'LP Reactivos'!S18,'LP Reactivos'!X18,'LP Reactivos'!AC18,'LP Reactivos'!AH18,'LP Reactivos'!AM18,'LP Reactivos'!AR18,'LP Reactivos'!AW18,'LP Reactivos'!BB18,'LP Reactivos'!BG18,'LP Reactivos'!BL18,'LP Reactivos'!BQ18,'LP Reactivos'!BV18,'LP Reactivos'!CA18,'LP Reactivos'!CF18,'LP Reactivos'!CK18,'LP Reactivos'!CP18,'LP Reactivos'!CU18,'LP Reactivos'!CZ18,'LP Reactivos'!DE18,'LP Reactivos'!DJ18,'LP Reactivos'!DO18,'LP Reactivos'!DT18,'LP Reactivos'!DY18,'LP Reactivos'!EB18)," ") -> 285600 | E18: =IFERROR(AVERAGE('LP Reactivos'!F18,'LP Reactivos'!I18,'LP Reactivos'!N18,'LP Reactivos'!S18,'LP Reactivos'!X18,'LP Reactivos'!AC18,'LP Reactivos'!AH18,'LP Reactivos'!AM18,'LP Reactivos'!AR18,'LP Reactivos'!AW18,'LP Reactivos'!BB18,'LP Reactivos'!BG18,'LP Reactivos'!BL18,'LP Reactivos'!BQ18,'LP Reactivos'!BV18,'LP Reactivos'!CA18,'LP Reactivos'!CF18,'LP Reactivos'!CK18,'LP Reactivos'!CP18,'LP Reactivos'!CU18,'LP Reactivos'!CZ18,'LP Reactivos'!DE18,'LP Reactivos'!DJ18,'LP Reactivos'!DO18,'LP Reactivos'!DT18,'LP Reactivos'!DY18,'LP Reactivos'!EB18)," ") -> 501682.33 | F18: =IFERROR(MEDIAN('LP Reactivos'!F18,'LP Reactivos'!I18,'LP Reactivos'!N18,'LP Reactivos'!S18,'LP Reactivos'!X18,'LP Reactivos'!AC18,'LP Reactivos'!AH18,'LP Reactivos'!AM18,'LP Reactivos'!AR18,'LP Reactivos'!AW18,'LP Reactivos'!BB18,'LP Reactivos'!BG18,'LP Reactivos'!BL18,'LP Reactivos'!BQ18,'LP Reactivos'!BV18,'LP Reactivos'!CA18,'LP Reactivos'!CF18,'LP Reactivos'!CK18,'LP Reactivos'!CP18,'LP Reactivos'!CU18,'LP Reactivos'!CZ18,'LP Reactivos'!DE18,'LP Reactivos'!DJ18,'LP Reactivos'!DO18,'LP Reactivos'!DT18,'LP Reactivos'!DY18,'LP Reactivos'!EB18)," ") -> 608977 | G18: =IFERROR(GEOMEAN('LP Reactivos'!F18,'LP Reactivos'!I18,'LP Reactivos'!N18,'LP Reactivos'!S18,'LP Reactivos'!X18,'LP Reactivos'!AC18,'LP Reactivos'!AH18,'LP Reactivos'!AM18,'LP Reactivos'!AR18,'LP Reactivos'!AW18,'LP Reactivos'!BB18,'LP Reactivos'!BG18,'LP Reactivos'!BL18,'LP Reactivos'!BQ18,'LP Reactivos'!BV18,'LP Reactivos'!CA18,'LP Reactivos'!CF18,'LP Reactivos'!CK18,'LP Reactivos'!CP18,'LP Reactivos'!CU18,'LP Reactivos'!CZ18,'LP Reactivos'!DE18,'LP Reactivos'!DJ18,'LP Reactivos'!DO18,'LP Reactivos'!DT18,'LP Reactivos'!DY18,'LP Reactivos'!EB18)," ") -> 473523.07 | H18: =STDEVA(D18,E18,F18,G18) -> 134546.21 | I18: =IFERROR(H18/E18," ") -> 0.26819005 | J18: =IF(I18<=10%,F18,IF(AND(I18>10%,I18<=20%),E18,IF(AND(I18>20%,I18<=30%),G18,IF(I18>30%,D18)))) -> 473523.07 | K18: =IF(J18=D18,"Menor Valor",IF(J18=E18,"Promedio",IF(J18=F18,"Mediana",IF(J18=G18,"Media Geométrica"," ")))) -> Media Geométrica | L18: =IFERROR(COUNTA('LP Reactivos'!F18,'LP Reactivos'!I18,'LP Reactivos'!N18,'LP Reactivos'!S18,'LP Reactivos'!X18,'LP Reactivos'!AC18,'LP Reactivos'!AH18,'LP Reactivos'!AM18,'LP Reactivos'!AR18,'LP Reactivos'!AW18,'LP Reactivos'!BB18,'LP Reactivos'!BG18,'LP Reactivos'!BL18,'LP Reactivos'!BQ18,'LP Reactivos'!BV18,'LP Reactivos'!CA18,'LP Reactivos'!CF18,'LP Reactivos'!CK18,'LP Reactivos'!CP18,'LP Reactivos'!CU18,'LP Reactivos'!CZ18,'LP Reactivos'!DE18,'LP Reactivos'!DJ18,'LP Reactivos'!DO18,'LP Reactivos'!DT18,'LP Reactivos'!DY18,'LP Reactivos'!EB18)," ") -> 3
